Workbook
Name inf: #REF!
Name inf: #REF!
Name inf: #REF!
Name inf: #REF!
Name inf: #REF!
Name inf: #REF!
Name inf: #REF!
Name inf: #REF!
Name inf: #REF!
Name inf: #REF!
Name inf: #REF!
Name inf: #REF!
Name inf: #REF!
Name Print_Area_MI: #REF!
Name Print_Area_MI: #REF!
Name Print_Area_MI: #REF!
Name Print_Area_MI: #REF!
Name Print_Area_MI: #REF!
Name Print_Area_MI: #REF!
Name Print_Area_MI: #REF!
Name Print_Area_MI: #REF!
Name Print_Area_MI: #REF!
Name Print_Area_MI: #REF!
Name Print_Area_MI: #REF!
Name Print_Area_MI: #REF!
Name Print_Area_MI: #REF!
Name Print_Titles_MI: #REF!
Name Print_Titles_MI: #REF!
Name Print_Titles_MI: #REF!
Name Print_Titles_MI: #REF!
Name Print_Titles_MI: #REF!
Name Print_Titles_MI: #REF!
Name Print_Titles_MI: #REF!
Name Print_Titles_MI: #REF!
Name Print_Titles_MI: #REF!
Name Print_Titles_MI: #REF!
Name Print_Titles_MI: #REF!
Name Print_Titles_MI: #REF!
Name Print_Titles_MI: #REF!

Sheet Estudiodemercado DEF
F1: OBJETO: CONTRATAR EL MANTENIMIENTO DE LAS ZONAS DE SEGURIDAD Y CANALES DEL AEROPUERTO EL RIO DE AMALFI-ANTIOQUIA | AL1: OBJETO: CONTRATAR EL MANTENIMIENTO DE LAS ZONAS DE SEGURIDAD Y CANALES DEL AEROPUERTO EL RIO DE AMALFI-ANTIOQUIA
B2: ESTUDIO DE MERCADO
B3: FECHA : FEBRERO 15 DE 2017 | F3: ARIETE SAS CARLOS AUGUSTO DÍAZ HERRERA | H3: B&C INGNIERIA INTEGRAL | J3: ALFONSO ANTONIO PEREA HURTADO | L3: FRANCISCO ALVAREZ PEREZ | N3: CARLOS SALAZAR GÓMEZ | P3: CARLOS CASTRO VEGA | R3: JUAN CARLOS ORTIZ LÓPEZ | T3: OSCAR MUÑOZ CORREA | V3: PROMEDIO PROPUESTAS PRESENTADAS CONTRATACIÒN 10000044-OI 2010 INCREMENTADOLAS AL IPC 3,17% DE 2010, 3,73% DE 2011, 2,44% DE 2012, 1,94 DE 2013, 3,66% DE 2014, 6,77% DE 2015 Y 5,75% DE 2016 | X3: PROMEDIO PROPUESTAS PRESENTADAS CONTRATACIÒN 11000049 OR 2011 INCREMENTADOLAS AL IPC 3,73% DE 2011, 2,44% DE 2012, 1,94 DE 2013, 3,66% DE 2014, 6,77% DE 2015 Y 5,75% DE 2016 | Z3: PROMEDIO PROPUESTAS PRESENTADAS CONTRATACIÒN 120000133 OR 2012 INCREMENTADOLAS AL IPC 2,44% DE 2012, 1,94 DE 2013, 3,66% DE 2014, 6,77% DE 2015 Y 5,75% DE 2016 | AB3: PROMEDIO PROPUESTAS PRESENTADAS CONTRATACIÒN 130000198 OR 2013 INCREMENTADOLAS AL IPC 1,94 DE 2013, 3,66% DE 2014, 6,77% DE 2015 Y 5,75% DE 2016 | AD3: PROMEDIO PROPUESTAS PRESENTADAS CONTRATACIÒN 130000198 A OR 2013 INCREMENTADOLAS AL IPC 1,94 DE 2013, 3,66% DE 2014, 6,77% DE 2015 Y 5,75% DE 2016 | AF3: PROMEDIO PROPUESTAS PRESENTADAS CONTRATACIÒN 14000024 OI 2014 INCREMENTADOLAS AL IPC 3,66% DE 2014, 6,77% DE 2015 Y 5,75% DE 2016 | AH3: PROMEDIO PROPUESTAS PRESENTADAS CONTRATACIÒN 15000049 OI 2015 INCREMENTADOLAS AL IPC 6,77% DE 2015 Y 5,75% DE 2016 | AJ3: PROMEDIO PROPUESTAS PRESENTADAS CONTRATACIÒN 30016019 INCREMENTADOLAS AL IPC 5,75% DE 2015. | AL3: PROMEDIO | AN3: MEDIANA | AP3: MEDIA ARMONICA | AR3: MEDIA GEOMETRICA
A4: ÍTEM | B4: DESCRIPCIÓN | C4: Und | D4: Cant | E4: Rondas | F4: Valor Unitario | G4: TOTAL | H4: Valor Unitario | I4: TOTAL | J4: Valor Unitario | K4: TOTAL | L4: Valor Unitario | M4: TOTAL | N4: Valor Unitario | O4: TOTAL | P4: Valor Unitario | Q4: TOTAL | R4: Valor Unitario | S4: TOTAL | T4: Valor Unitario | U4: TOTAL | V4: Valor Unitario | W4: TOTAL | X4: Valor Unitario | Y4: TOTAL | Z4: Valor Unitario | AA4: TOTAL | AB4: Valor Unitario | AC4: TOTAL | AD4: Valor Unitario | AE4: TOTAL | AF4: Valor Unitario | AG4: TOTAL | AH4: Valor Unitario | AI4: TOTAL | AJ4: Valor Unitario | AK4: TOTAL | AL4: Valor Unitario | AM4: TOTAL | AN4: Valor Unitario | AO4: TOTAL | AP4: Valor Unitario | AQ4: TOTAL | AR4: Valor Unitario | AS4: TOTAL
A5: 1 | B5: Mantenimiento de zonas verdes. Roceria: zonas de seguridad y demas areas del aeropuerto, incluyendo la limpieza de las áreas perimetrales internas (desde las zonas de seguridad hasta el cerramiento). Consistente en desmonte y limpieza de zonas no boscosas. | C5: Ha | D5: 17 | E5: 4 | F5: 320000 | G5: =ROUND(D5*E5*F5,0) -> 21760000 | H5: 612439 | I5: =ROUND(D5*E5*H5,0) -> 41645852 | J5: 275000 | K5: =ROUND(D5*E5*J5,0) -> 18700000 | L5: 250000 | M5: =L5*E5*D5 -> 17000000 | N5: 280000 | O5: =D5*E5*N5 -> 19040000 | P5: 300000 | Q5: =D5*E5*P5 -> 20400000 | R5: 310000 | S5: =D5*E5*R5 -> 21080000 | T5: 315000 | U5: =D5*E5*T5 -> 21420000 | V5: =308440*1.0317*1.0373*1.0244*1.0194*1.0366*1.0677*1.0575 -> 403444.25 | W5: =D5*E5*V5 -> 27434209 | X5: =309600*1.0373*1.0244*1.0194*1.0366*1.0677*1.0575 -> 392518.7 | Y5: =D5*E5*X5 -> 26691272 | Z5: =227519*1.0244*1.0194*1.0366*1.0677*1.0575 -> 278081.88 | AA5: =D5*E5*Z5 -> 18909568 | AB5: =230836*1.0194*1.0366*1.0677*1.0575 -> 275415.89 | AC5: =D5*E5*AB5 -> 18728281 | AD5: =240375*1.0194*1.0366*1.0677*1.0575 -> 286797.1 | AE5: =D5*E5*AD5 -> 19502203 | AF5: =249866*1.0366*1.0677*1.0575 -> 292447.55 | AG5: =D5*E5*AF5 -> 19886433 | AH5: =247151*1.0677*1.0575 -> 279056.4 | AI5: =D5*E5*AH5 -> 18975835 | AJ5: =301528*1.0575 -> 318865.86 | AK5: =D5*E5*AJ5 -> 21682878 | AL5: =ROUND((AVERAGE(F5,H5,J5,L5,N5,P5,R5,T5,V5,X5,Z5,AB5,AD5,AF5,AH5,AJ5)),0) -> 324317 | AM5: =ROUND((D5*E5*AL5),0) -> 22053556 | AN5: =ROUND((MEDIAN(F5,H5,J5,N5,L5,P5,R5,T5,V5,X5,Z5,AB5,AD5,AF5,AH5,AJ5)),0) -> 296224 | AO5: =ROUND((D5*E5*AN5),0) -> 20143232 | AP5: =ROUND((HARMEAN(F5,H5,J5,L5,N5,P5,R5,T5,V5,X5,Z5,AB5,AD5,AF5,AH5,AJ5)),0) -> 310207 | AQ5: =ROUND((D5*E5*AP5),0) -> 21094076 | AR5: =ROUND((GEOMEAN(F5,H5,J5,L5,N5,P5,R5,T5,V5,X5,Z5,AB5,AD5,AF5,AH5,AJ5)),0) -> 316235 | AS5: =ROUND((D5*E5*AR5),0) -> 21503980
A6: 2 | B6: Limpieza (desmalezado y evacuación sedimentos) en canales (en tierra o en concreto) de evacuación aguas, retiro y disposición de material sobrante a cualquier distancia en botadero autorizado. Consistente en mantenimiento de taludes, reconstrucción de canales y limpieza de cauce a cualquier ancho de canal. | C6: Ml | D6: 3000 | E6: 4 | F6: 2100 | G6: =ROUND(D6*E6*F6,0) -> 25200000 | H6: 6500 | I6: =ROUND(D6*E6*H6,0) -> 78000000 | J6: 1550 | K6: =ROUND(D6*E6*J6,0) -> 18600000 | L6: 1800 | M6: =L6*E6*D6 -> 21600000 | N6: 2100 | O6: =D6*E6*N6 -> 25200000 | P6: 2950 | Q6: =D6*E6*P6 -> 35400000 | R6: 2700 | S6: =D6*E6*R6 -> 32400000 | T6: 2800 | U6: =D6*E6*T6 -> 33600000 | V6: =1294*1.0317*1.0373*1.0244*1.0194*1.0366*1.0677*1.0575 -> 1692.5718 | W6: =D6*E6*V6 -> 20310862 | X6: =1466*1.0373*1.0244*1.0194*1.0366*1.0677*1.0575 -> 1858.6318 | Y6: =D6*E6*X6 -> 22303582 | Z6: =1645*1.0244*1.0194*1.0366*1.0677*1.0575 -> 2010.578 | AA6: =D6*E6*Z6 -> 24126936 | AB6: =1295*1.0194*1.0366*1.0677*1.0575 -> 1545.0951 | AC6: =D6*E6*AB6 -> 18541141 | AD6: =1053*1.0194*1.0366*1.0677*1.0575 -> 1256.3592 | AE6: =D6*E6*AD6 -> 15076310 | AF6: =1507*1.0366*1.0677*1.0575 -> 1763.8192 | AG6: =D6*E6*AF6 -> 21165831 | AH6: =1607*1.0677*1.0575 -> 1814.452 | AI6: =D6*E6*AH6 -> 21773425 | AJ6: =1697*1.0575 -> 1794.5775 | AK6: =D6*E6*AJ6 -> 21534930 | AL6: =ROUND((AVERAGE(F6,H6,J6,L6,N6,P6,R6,T6,V6,X6,Z6,AB6,AD6,AF6,AH6,AJ6)),0) -> 2265 | AM6: =ROUND((D6*E6*AL6),0) -> 27180000 | AN6: =ROUND((MEDIAN(F6,H6,J6,N6,L6,P6,R6,T6,V6,X6,Z6,AB6,AD6,AF6,AH6,AJ6)),0) -> 1837 | AO6: =ROUND((D6*E6*AN6),0) -> 22044000 | AP6: =ROUND((HARMEAN(F6,H6,J6,L6,N6,P6,R6,T6,V6,X6,Z6,AB6,AD6,AF6,AH6,AJ6)),0) -> 1971 | AQ6: =ROUND((D6*E6*AP6),0) -> 23652000 | AR6: =ROUND((GEOMEAN(F6,H6,J6,L6,N6,P6,R6,T6,V6,X6,Z6,AB6,AD6,AF6,AH6,AJ6)),0) -> 2083 | AS6: =ROUND((D6*E6*AR6),0) -> 24996000
A7: 3 | B7: Limpieza de cerramiento internos y externos y limpieza a una altura maxima del cerramiento. Limpieza manual del cerramiento (mallas) con la implementación de la fumigación con un herbicida químico, en una franja de 3 metros alrededor del aeropuerto. Incluye Cargue y disposición de material sobrante a cualquier distancia en botadero autorizado | C7: Ml | D7: 2623 | E7: 4 | F7: 2200 | G7: =ROUND(D7*E7*F7,0) -> 23082400 | H7: 3860 | I7: =ROUND(D7*E7*H7,0) -> 40499120 | J7: 1700 | K7: =ROUND(D7*E7*J7,0) -> 17836400 | L7: 1800 | M7: =L7*E7*D7 -> 18885600 | N7: 2100 | O7: =D7*E7*N7 -> 22033200 | P7: 2950 | Q7: =D7*E7*P7 -> 30951400 | R7: 2700 | S7: =D7*E7*R7 -> 28328400 | T7: 2800 | U7: =D7*E7*T7 -> 29377600 | V7: =1256*1.0317*1.0373*1.0244*1.0194*1.0366*1.0677*1.0575 -> 1642.8672 | W7: =D7*E7*V7 -> 17236963 | X7: =1547*1.0373*1.0244*1.0194*1.0366*1.0677*1.0575 -> 1961.3257 | Y7: =D7*E7*X7 -> 20578229 | Z7: =1551*1.0244*1.0194*1.0366*1.0677*1.0575 -> 1895.6878 | AA7: =D7*E7*Z7 -> 19889557 | AB7: =1352*1.0194*1.0366*1.0677*1.0575 -> 1613.1032 | AC7: =D7*E7*AB7 -> 16924678 | AD7: =1352*1.0194*1.0366*1.0677*1.0575 -> 1613.1032 | AE7: =D7*E7*AD7 -> 16924678 | AF7: =1514*1.0366*1.0677*1.0575 -> 1772.0122 | AG7: =D7*E7*AF7 -> 18591952 | AH7: =1662*1.0677*1.0575 -> 1876.5522 | AI7: =D7*E7*AH7 -> 19688785 | AJ7: =1781*1.0575 -> 1883.4075 | AK7: =D7*E7*AJ7 -> 19760711 | AL7: =ROUND((AVERAGE(F7,H7,J7,L7,N7,P7,R7,T7,V7,X7,Z7,AB7,AD7,AF7,AH7,AJ7)),0) -> 2148 | AM7: =ROUND((D7*E7*AL7),0) -> 22536816 | AN7: =ROUND((MEDIAN(F7,H7,J7,N7,L7,P7,R7,T7,V7,X7,Z7,AB7,AD7,AF7,AH7,AJ7)),0) -> 1890 | AO7: =ROUND((D7*E7*AN7),0) -> 19829880 | AP7: =ROUND((HARMEAN(F7,H7,J7,L7,N7,P7,R7,T7,V7,X7,Z7,AB7,AD7,AF7,AH7,AJ7)),0) -> 2022 | AQ7: =ROUND((D7*E7*AP7),0) -> 21214824 | AR7: =ROUND((GEOMEAN(F7,H7,J7,L7,N7,P7,R7,T7,V7,X7,Z7,AB7,AD7,AF7,AH7,AJ7)),0) -> 2078 | AS7: =ROUND((D7*E7*AR7),0) -> 21802376
A8: 4 | B8: Aplicación de matamatelezas (combatran, randall o similar) a todas las zonas de seguridad incluida la base del cerramiento y los canales de drenaje | C8: Ha | D8: 12 | E8: 4 | F8: 500000 | G8: =ROUND(D8*E8*F8,0) -> 24000000 | H8: 1200000 | I8: =ROUND(D8*E8*H8,0) -> 57600000 | J8: 165000 | K8: =ROUND(D8*E8*J8,0) -> 7920000 | L8: 180000 | M8: =L8*E8*D8 -> 8640000 | N8: 200000 | O8: =D8*E8*N8 -> 9600000 | P8: 250000 | Q8: =D8*E8*P8 -> 12000000 | R8: 170000 | S8: =D8*E8*R8 -> 8160000 | T8: 180000 | U8: =D8*E8*T8 -> 8640000 | W8: =D8*E8*V8 -> 0 | Y8: =D8*E8*X8 -> 0 | AA8: =D8*E8*Z8 -> 0 | AB8: =122781*1.0194*1.0366*1.0677*1.0575 -> 146492.91 | AC8: =D8*E8*AB8 -> 7031659.9 | AD8: =131875*1.0194*1.0366*1.0677*1.0575 -> 157343.18 | AF8: =135468*1.0366*1.0677*1.0575 -> 158554.12 | AG8: =D8*E8*AF8 -> 7610597.9 | AH8: =148060*1.0677*1.0575 -> 167173.47 | AI8: =D8*E8*AH8 -> 8024326.7 | AJ8: =166300*1.0575 -> 175862.25 | AK8: =D8*E8*AJ8 -> 8441388 | AL8: =ROUND((AVERAGE(F8,H8,J8,L8,N8,P8,R8,T8,V8,X8,Z8,AB8,AD8,AF8,AH8,AJ8)),0) -> 280802 | AM8: =ROUND((D8*E8*AL8),0) -> 13478496 | AN8: =ROUND((MEDIAN(F8,H8,J8,N8,L8,P8,R8,T8,V8,X8,Z8,AB8,AD8,AF8,AH8,AJ8)),0) -> 175862 | AO8: =ROUND((D8*E8*AN8),0) -> 8441376 | AP8: =ROUND((HARMEAN(F8,H8,J8,L8,N8,P8,R8,T8,V8,X8,Z8,AB8,AD8,AF8,AH8,AJ8)),0) -> 196838 | AQ8: =ROUND((D8*E8*AP8),0) -> 9448224 | AR8: =ROUND((GEOMEAN(F8,H8,J8,L8,N8,P8,R8,T8,V8,X8,Z8,AB8,AD8,AF8,AH8,AJ8)),0) -> 220596 | AS8: =ROUND((D8*E8*AR8),0) -> 10588608
AC9: =D9*E9*AB9 -> 0
B10: SUB TOTAL | F10: º | G10: =SUM(G5:G8) -> 94042400 | H10: º | I10: =SUM(I5:I8) -> 217744972 | J10: º | K10: =SUM(K5:K8) -> 63056400 | L10: º | M10: =SUM(M5:M8) -> 66125600 | N10: º | O10: =SUM(O5:O8) -> 75873200 | P10: º | Q10: =SUM(Q5:Q8) -> 98751400 | R10: º | S10: =SUM(S5:S8) -> 89968400 | T10: º | U10: =SUM(U5:U8) -> 93037600 | V10: º | W10: =SUM(W5:W8) -> 64982034 | X10: º | Y10: =SUM(Y5:Y8) -> 69573083 | Z10: º | AA10: =SUM(AA5:AA8) -> 62926060 | AB10: º | AC10: =SUM(AC5:AC8) -> 61225760 | AD10: º | AE10: =SUM(AE5:AE8) -> 51503191 | AF10: º | AG10: =SUM(AG5:AG8) -> 67254814 | AH10: º | AI10: =SUM(AI5:AI8) -> 68462372 | AJ10: º | AK10: =SUM(AK5:AK8) -> 71419908 | AM10: =SUM(AM5:AM8) -> 85248868 | AO10: =SUM(AO5:AO8) -> 70458488 | AQ10: =SUM(AQ5:AQ8) -> 75409124 | AS10: =SUM(AS5:AS8) -> 78890964
B11: IVA del 19% | F11: 0.19 | G11: =ROUND(G10*F11,0) -> 17868056 | H11: 0.19 | I11: =ROUND(I10*H11,0) -> 41371545 | J11: 0.19 | K11: =ROUND(K10*J11,0) -> 11980716 | L11: 0.19 | M11: =ROUND(M10*L11,0) -> 12563864 | N11: 0.19 | O11: =ROUND(O10*N11,0) -> 14415908 | P11: 0.19 | Q11: =ROUND(Q10*P11,0) -> 18762766 | R11: 0.19 | S11: =ROUND(S10*R11,0) -> 17093996 | T11: 0.19 | U11: =ROUND(U10*T11,0) -> 17677144 | V11: 0.19 | W11: =ROUND(W10*V11,0) -> 12346586 | X11: 0.19 | Y11: =ROUND(Y10*X11,0) -> 13218886 | Z11: 0.19 | AA11: =ROUND(AA10*Z11,0) -> 11955951 | AB11: 0.19 | AC11: =ROUND(AC10*AB11,0) -> 11632894 | AD11: 0.19 | AE11: =ROUND(AE10*AD11,0) -> 9785606 | AF11: 0.19 | AG11: =ROUND(AG10*AF11,0) -> 12778415 | AH11: 0.19 | AI11: =ROUND(AI10*AH11,0) -> 13007851 | AJ11: 0.19 | AK11: =ROUND(AK10*AJ11,0) -> 13569783 | AL11: 0.19 | AM11: =ROUND(AM10*AL11,0) -> 16197285 | AN11: 0.19 | AO11: =ROUND(AO10*AN11,0) -> 13387113 | AP11: 0.19 | AQ11: =ROUND(AQ10*AP11,0) -> 14327734 | AR11: 0.19 | AS11: =ROUND(AS10*AR11,0) -> 14989283
B12: COSTO TOTAL (1) | G12: =SUM(G10:G11) -> 111910456 | I12: =SUM(I10:I11) -> 259116517 | K12: =SUM(K10:K11) -> 75037116 | M12: =SUM(M10:M11) -> 78689464 | O12: =SUM(O10:O11) -> 90289108 | Q12: =SUM(Q10:Q11) -> 117514166 | S12: =SUM(S10:S11) -> 107062396 | U12: =SUM(U10:U11) -> 110714744 | W12: =SUM(W10:W11) -> 77328620 | Y12: =SUM(Y10:Y11) -> 82791969 | AA12: =SUM(AA10:AA11) -> 74882011 | AC12: =SUM(AC10:AC11) -> 72858654 | AE12: =SUM(AE10:AE11) -> 61288797 | AG12: =SUM(AG10:AG11) -> 80033229 | AI12: =SUM(AI10:AI11) -> 81470223 | AK12: =SUM(AK10:AK11) -> 84989691 | AM12: =SUM(AM10:AM11) -> 101446153 | AO12: =SUM(AO10:AO11) -> 83845601 | AQ12: =SUM(AQ10:AQ11) -> 89736858 | AS12: =SUM(AS10:AS11) -> 93880247
F13: OBJETO: MANTENIMIENTO DE ZONAS DE SEGURIDAD Y CANALES DEL AEROPUERTO ALBERTO JARAMILLO DE OTÚ - REMEDIOS - ANTIOQUIA | AJ13: OBJETO: MANTENIMIENTO DE ZONAS DE SEGURIDAD Y CANALES DEL AEROPUERTO ALBERTO JARAMILLO DE OTÚ - REMEDIOS - ANTIOQUIA
B14: ESTUDIO DE MERCADO
B15: FECHA : FEBRERO 15 DE 2017 | F15: ARIETE SAS CARLOS AUGUSTO DÍAZ HERRERA | H15: B&C INGNIERIA INTEGRAL | J15: ALFONSO ANTONIO PEREA HURTADO | L15: FRANCISCO ALVAREZ PEREZ | N15: CARLOS SALAZAR GÓMEZ | P15: CARLOS CASTRO VEGA | R15: JUAN CARLOS ORTIZ LÓPEZ | T15: OSCAR MUÑOZ CORREA | V15: PROMEDIO PROPUESTAS PRESENTADAS CONTRATACIÓN 10000047-OI 2010 INCREMENTÁNDOLAS AL IPC 3,17% DE 2010, 3,73% DE 2011, 2,44% DE 2012, 1,94 DE 2013, 3,66% DE 2014, 6,77% DE 2015 Y 5,75% DE 2016 | X15: PROMEDIO PROPUESTAS PRESENTADAS CONTRATACIÓN 11000060 OR 2011 INCREMENTÁNDOLAS AL IPC 3,73% DE 2011, 2,44% DE 2012, 1,94 DE 2013, 3,66% DE 2014, 6,77% DE 2015 Y 5,75% DE 2016 | Z15: PROMEDIO PROPUESTAS PRESENTADAS CONTRATACIÓN 120000026 OI 2012 INCREMENTÁNDOLAS AL IPC 2,44% DE 2012, 1,94 DE 2013, 3,66% DE 2014, 6,77% DE 2015 Y 5,75% DE 2016 | AB15: PROMEDIO PROPUESTAS PRESENTADAS CONTRATACIÓN 130000027 OI 2013 INCREMENTÁNDOLAS AL IPC 2,44% DE 2012, 1,94 DE 2013, 3,66% DE 2014, 6,77% DE 2015 Y 5,75% DE 2016 | AD15: PROMEDIO PROPUESTAS PRESENTADAS CONTRATACIÒN 14000024 OI 2014 INCREMENTADOLAS AL IPC 3,66% DE 2014, 6,77% DE 2015 Y 5,75% DE 2016 | AF15: PROMEDIO PROPUESTAS PRESENTADAS CONTRATACIÒN 15000049 OI 2015 INCREMENTADOLAS AL IPC 6,77% DE 2015 Y 5,75% DE 2016 | AH15: PROMEDIO PROPUESTAS PRESENTADAS CONTRATACIÒN 30016019 INCREMENTADOLAS AL IPC 5,75% DE 2015. | AJ15: PROMEDIO | AL15: MEDIANA | AN15: MEDIA ARMÓNICA | AP15: MEDIA GEOMÉTRICA
A16: ÍTEM | B16: DESCRIPCIÓN | C16: Und | D16: Cant | E16: Rondas | F16: Valor Unitario | G16: TOTAL | H16: Valor Unitario | I16: TOTAL | J16: Valor Unitario | K16: TOTAL | L16: Valor Unitario | M16: TOTAL | N16: Valor Unitario | O16: TOTAL | P16: Valor Unitario | Q16: TOTAL | R16: Valor Unitario | S16: TOTAL | T16: Valor Unitario | U16: TOTAL | V16: Valor Unitario | W16: TOTAL | X16: Valor Unitario | Y16: TOTAL | Z16: Valor Unitario | AA16: TOTAL | AB16: Valor Unitario | AC16: TOTAL | AD16: Valor Unitario | AE16: TOTAL | AF16: Valor Unitario | AG16: TOTAL | AH16: Valor Unitario | AI16: TOTAL | AJ16: Valor Unitario | AK16: TOTAL | AL16: Valor Unitario | AM16: TOTAL | AN16: Valor Unitario | AO16: TOTAL | AP16: Valor Unitario | AQ16: TOTAL
A17: 5 | B17: Mantenimiento de zonas verdes. Rocería: zonas de seguridad y demás áreas del aeropuerto, incluyendo la limpieza de las áreas perimetrales internas (desde las zonas de seguridad hasta el cerramiento). Consistente en desmonte y limpieza de zonas no boscosas. | C17: Ha | D17: 20.6 | E17: 4 | F17: 320000 | G17: =ROUND(D17*E17*F17,0) -> 26368000 | H17: 612439 | I17: =ROUND(D17*E17*H17,0) -> 50464974 | J17: 285000 | K17: =ROUND(D17*E17*J17,0) -> 23484000 | L17: 250000 | M17: =L17*E17*D17 -> 20600000 | N17: 280000 | O17: =D17*E17*N17 -> 23072000 | P17: 300000 | Q17: =D17*E17*P17 -> 24720000 | R17: 310000 | S17: =D17*E17*R17 -> 25544000 | T17: 315000 | U17: =D17*E17*T17 -> 25956000 | V17: =302500*1.0317*1.0373*1.0244*1.0194*1.0366*1.0677*1.0575 -> 395674.63 | W17: =D17*E17*V17 -> 32603590 | X17: =290931*1.0373*1.0244*1.0194*1.0366*1.0677*1.0575 -> 368849.67 | Y17: =D17*E17*X17 -> 30393213 | Z17: =309544*1.0244*1.0194*1.0366*1.0677*1.0575 -> 378335.78 | AA17: =D17*E17*Z17 -> 31174868 | AB17: =340040*1.0194*1.0366*1.0677*1.0575 -> 405709.76 | AC17: =D17*E17*AB17 -> 33430485 | AD17: =274204*1.0366*1.0677*1.0575 -> 320933.17 | AE17: =D17*E17*AD17 -> 26444893 | AF17: =279156*1.0677*1.0575 -> 315193.02 | AG17: =D17*E17*AF17 -> 25971904 | AH17: =293183*1.0575 -> 310041.02 | AI17: =ROUND((D17*E17*AH17),0) -> 25547380 | AJ17: =ROUND((AVERAGE(F17,H17,J17,L17,N17,P17,R17,T17,V17,X17,Z17,AB17,AD17,AF17,AH17)),0) -> 344478 | AK17: =ROUND((D17*E17*AJ17),0) -> 28384987 | AL17: =ROUND((MEDIAN(F17,H17,J17,L17,N17,P17,R17,T17,V17,X17,Z17,AB17,AD17,AF17,AH17)),0) -> 315193 | AM17: =ROUND((D17*E17*AL17),0) -> 25971903 | AN17: =ROUND((HARMEAN(F17,H17,J17,L17,N17,P17,R17,T17,V17,X17,Z17,AB17,AD17,AF17,AH17)),0) -> 330163 | AO17: =ROUND((D17*E17*AN17),0) -> 27205431 | AP17: =ROUND((GEOMEAN(F17,H17,J17,L17,N17,P17,R17,T17,V17,X17,Z17,AB17,AD17,AF17,AH17)),0) -> 336545 | AQ17: =ROUND((D17*E17*AP17),0) -> 27731308
A18: 6 | B18: Limpieza (desmalezado y evacuación sedimentos) en canales (en tierra o en concreto) de evacuación aguas, retiro y disposición de material sobrante a cualquier distancia en botadero autorizado. Consistente en mantenimiento de taludes, reconstrucción de canales y limpieza de cauce a cualquier ancho de canal. | C18: Ml | D18: 2940 | E18: 4 | F18: 2100 | G18: =ROUND(D18*E18*F18,0) -> 24696000 | H18: 6500 | I18: =ROUND(D18*E18*H18,0) -> 76440000 | J18: 1650 | K18: =ROUND(D18*E18*J18,0) -> 19404000 | L18: 1800 | M18: =L18*E18*D18 -> 21168000 | N18: 2100 | O18: =D18*E18*N18 -> 24696000 | P18: 2950 | Q18: =D18*E18*P18 -> 34692000 | R18: 2700 | S18: =D18*E18*R18 -> 31752000 | T18: 2800 | U18: =D18*E18*T18 -> 32928000 | V18: =981*1.0317*1.0373*1.0244*1.0194*1.0366*1.0677*1.0575 -> 1283.163 | W18: =D18*E18*V18 -> 15089997 | X18: =1221*1.0373*1.0244*1.0194*1.0366*1.0677*1.0575 -> 1548.0146 | Y18: =D18*E18*X18 -> 18204652 | Z18: =1737*1.0244*1.0194*1.0366*1.0677*1.0575 -> 2123.0237 | AA18: =D18*E18*Z18 -> 24966759 | AB18: =1805*1.0194*1.0366*1.0677*1.0575 -> 2153.5882 | AC18: =D18*E18*AB18 -> 25326197 | AD18: =1621*1.0366*1.0677*1.0575 -> 1897.2468 | AE18: =D18*E18*AD18 -> 22311623 | AF18: =1600*1.0677*1.0575 -> 1806.5484 | AG18: =D18*E18*AF18 -> 21245009 | AH18: =1823*1.0575 -> 1927.8225 | AI18: =ROUND((D18*E18*AH18),0) -> 22671193 | AJ18: =ROUND((AVERAGE(F18,H18,J18,L18,N18,P18,R18,T18,V18,X18,Z18,AB18,AD18,AF18,AH18)),0) -> 2356 | AK18: =ROUND((D18*E18*AJ18),0) -> 27706560 | AL18: =ROUND((MEDIAN(F18,H18,J18,L18,N18,P18,R18,T18,V18,X18,Z18,AB18,AD18,AF18,AH18)),0) -> 2100 | AM18: =ROUND((D18*E18*AL18),0) -> 24696000 | AN18: =ROUND((HARMEAN(F18,H18,J18,L18,N18,P18,R18,T18,V18,X18,Z18,AB18,AD18,AF18,AH18)),0) -> 2056 | AO18: =ROUND((D18*E18*AN18),0) -> 24178560 | AP18: =ROUND((GEOMEAN(F18,H18,J18,L18,N18,P18,R18,T18,V18,X18,Z18,AB18,AD18,AF18,AH18)),0) -> 2173 | AQ18: =ROUND((D18*E18*AP18),0) -> 25554480
A19: 7 | B19: Limpieza de guarda fuegos de cerramiento internos y externos y limpieza del cerramiento a una altura máxima del cerramiento. Limpieza manual del cerramiento (mallas) con la implementación de la fumigación con un herbicida químico, en una franja de 3 metros alrededor del aeropuerto. Incluye Cargue y disposición de material sobrante a cualquier distancia en botadero autorizado | C19: Ml | D19: 3110 | E19: 4 | F19: 2200 | G19: =ROUND(D19*E19*F19,0) -> 27368000 | H19: 3860 | I19: =ROUND(D19*E19*H19,0) -> 48018400 | J19: 1950 | K19: =ROUND(D19*E19*J19,0) -> 24258000 | L19: 1800 | M19: =L19*E19*D19 -> 22392000 | N19: 2100 | O19: =D19*E19*N19 -> 26124000 | P19: 2950 | Q19: =D19*E19*P19 -> 36698000 | R19: 2700 | S19: =D19*E19*R19 -> 33588000 | T19: 2800 | U19: =D19*E19*T19 -> 34832000 | V19: =1160*1.0317*1.0373*1.0244*1.0194*1.0366*1.0677*1.0575 -> 1517.2978 | W19: =D19*E19*V19 -> 18875184 | X19: =1325*1.0373*1.0244*1.0194*1.0366*1.0677*1.0575 -> 1679.8685 | Y19: =D19*E19*X19 -> 20897564 | Z19: =1597*1.0244*1.0194*1.0366*1.0677*1.0575 -> 1951.9107 | AA19: =D19*E19*Z19 -> 24281769 | AC19: =D19*E19*AB19 -> 0 | AD19: =1529*1.0366*1.0677*1.0575 -> 1789.5684 | AE19: =D19*E19*AD19 -> 22262231 | AF19: =1641*1.0677*1.0575 -> 1852.8412 | AG19: =D19*E19*AF19 -> 23049345 | AH19: =1847*1.0575 -> 1953.2025 | AI19: =ROUND((D19*E19*AH19),0) -> 24297839 | AJ19: =ROUND((AVERAGE(F19,H19,J19,L19,N19,P19,R19,T19,V19,X19,Z19,AB19,AD19,AF19,AH19)),0) -> 2222 | AK19: =ROUND((D19*E19*AJ19),0) -> 27641680 | AL19: =ROUND((MEDIAN(F19,H19,J19,L19,N19,P19,R19,T19,V19,X19,Z19,AB19,AD19,AF19,AH19)),0) -> 1953 | AM19: =ROUND((D19*E19*AL19),0) -> 24295320 | AN19: =ROUND((HARMEAN(F19,H19,J19,L19,N19,P19,R19,T19,V19,X19,Z19,AB19,AD19,AF19,AH19)),0) -> 2089 | AO19: =ROUND((D19*E19*AN19),0) -> 25987160 | AP19: =ROUND((GEOMEAN(F19,H19,J19,L19,N19,P19,R19,T19,V19,X19,Z19,AB19,AD19,AF19,AH19)),0) -> 2150 | AQ19: =ROUND((D19*E19*AP19),0) -> 26746000
A20: 8 | B20: Aplicación de matamalezas (combatran, randall o similar) a todas las zonas de seguridad incluida la base del cerramiento y los canales de drenaje | C20: Ha | D20: 12 | E20: 4 | F20: 500000 | G20: =ROUND(D20*E20*F20,0) -> 24000000 | H20: 1200000 | I20: =ROUND(D20*E20*H20,0) -> 57600000 | J20: 146000 | K20: =ROUND(D20*E20*J20,0) -> 7008000 | L20: 180000 | M20: =L20*E20*D20 -> 8640000 | N20: 200000 | O20: =D20*E20*N20 -> 9600000 | P20: 250000 | Q20: =D20*E20*P20 -> 12000000 | R20: 170000 | S20: =D20*E20*R20 -> 8160000 | T20: 180000 | U20: =D20*E20*T20 -> 8640000 | V20: =128163*1.0317*1.0373*1.0244*1.0194*1.0366*1.0677*1.0575 -> 167639.17 | W20: =D20*E20*V20 -> 8046680 | X20: =134336*1.0373*1.0244*1.0194*1.0366*1.0677*1.0575 -> 170314.57 | Y20: =D20*E20*X20 -> 8175099.6 | Z20: =176507*1.0244*1.0194*1.0366*1.0677*1.0575 -> 215733.19 | AA20: =D20*E20*Z20 -> 10355193 | AB20: =190430*1.0194*1.0366*1.0677*1.0575 -> 227206.54 | AC20: =D20*E20*AB20 -> 10905914 | AD20: =139509*1.0366*1.0677*1.0575 -> 163283.78 | AE20: =D20*E20*AD20 -> 7837621.5 | AF20: =156913*1.0677*1.0575 -> 177169.33 | AG20: =D20*E20*AF20 -> 8504127.9 | AH20: =190335*1.0575 -> 201279.26 | AI20: =ROUND((D20*E20*AH20),0) -> 9661405 | AJ20: =ROUND((AVERAGE(F20,H20,J20,L20,N20,P20,R20,T20,V20,X20,Z20,AB20,AD20,AF20,AH20)),0) -> 276575 | AK20: =ROUND((D20*E20*AJ20),0) -> 13275600 | AL20: =ROUND((MEDIAN(F20,H20,J20,L20,N20,P20,R20,T20,V20,X20,Z20,AB20,AD20,AF20,AH20)),0) -> 180000 | AM20: =ROUND((D20*E20*AL20),0) -> 8640000 | AN20: =ROUND((HARMEAN(F20,H20,J20,L20,N20,P20,R20,T20,V20,X20,Z20,AB20,AD20,AF20,AH20)),0) -> 204677 | AO20: =ROUND((D20*E20*AN20),0) -> 9824496 | AP20: =ROUND((GEOMEAN(F20,H20,J20,L20,N20,P20,R20,T20,V20,X20,Z20,AB20,AD20,AF20,AH20)),0) -> 225374 | AQ20: =ROUND((D20*E20*AP20),0) -> 10817952
A21: 9 | B21: Limpieza de bordes de pista mediante maquinaria pesada (motoniveladora) y/o herramientas menores (azadón etc.). Cinco (5) metros a cada lado. Retiro de material vegetal que esta invadiendo la pista. Incluye retiro y disposición de material en botadero oficial. | C21: ML | D21: =ROUND(944*2+17.6*2,0) -> 1923 | E21: 4 | F21: 2800 | G21: =ROUND(D21*E21*F21,0) -> 21537600 | H21: 1600 | I21: =ROUND(D21*E21*H21,0) -> 12307200 | J21: 1800 | K21: =ROUND(D21*E21*J21,0) -> 13845600 | L21: 3600 | M21: =L21*E21*D21 -> 27691200 | N21: 3500 | O21: =D21*E21*N21 -> 26922000 | P21: 3350 | Q21: =D21*E21*P21 -> 25768200 | R21: 3800 | S21: =D21*E21*R21 -> 29229600 | T21: 4200 | U21: =D21*E21*T21 -> 32306400 | W21: =D21*E21*V21 -> 0 | Y21: =D21*E21*X21 -> 0 | AA21: =D21*E21*Z21 -> 0 | AC21: =D21*E21*AB21 -> 0 | AD21: =2085*1.0366*1.0677*1.0575 -> 2440.3206 | AE21: =D21*E21*AD21 -> 18770946 | AF21: =1979*1.0677*1.0575 -> 2234.4746 | AG21: =D21*E21*AF21 -> 17187578 | AH21: =1884*1.0575 -> 1992.33 | AI21: =ROUND((D21*E21*AH21),0) -> 15325002 | AJ21: =ROUND((AVERAGE(F21,H21,J21,L21,N21,P21,R21,T21,V21,X21,Z21,AB21,AD21,AF21,AH21)),0) -> 2847 | AK21: =ROUND((D21*E21*AJ21),0) -> 21899124 | AL21: =ROUND((MEDIAN(F21,H21,J21,L21,N21,P21,R21,T21,V21,X21,Z21,AB21,AD21,AF21,AH21)),0) -> 2800 | AM21: =ROUND((D21*E21*AL21),0) -> 21537600 | AN21: =ROUND((HARMEAN(F21,H21,J21,L21,N21,P21,R21,T21,V21,X21,Z21,AB21,AD21,AF21,AH21)),0) -> 2582 | AO21: =ROUND((D21*E21*AN21),0) -> 19860744 | AP21: =ROUND((GEOMEAN(F21,H21,J21,L21,N21,P21,R21,T21,V21,X21,Z21,AB21,AD21,AF21,AH21)),0) -> 2715 | AQ21: =ROUND((D21*E21*AP21),0) -> 20883780
A22: 10 | B22: Tala de arboles y arbustos. Consistente en desmonte y limpieza de zonas boscosas. Incluye Cargue y disposición de material sobrante a cualquier distancia en botadero autorizado. Limpieza destronque de raices. Areas en zonas de seguridad y demas areas del aeropuerto con retiro de material vegetal fuera del sitio. Se requiere se realice el tramite ante la Corporacion ambiental de permisos de tala y poda. | C22: Ha | D22: 2 | E22: 1 | F22: 2000000 | G22: =ROUND(D22*E22*F22,0) -> 4000000 | H22: 918659 | I22: =ROUND(D22*E22*H22,0) -> 1837318 | J22: 800000 | K22: =ROUND(D22*E22*J22,0) -> 1600000 | L22: 980000 | M22: =L22*E22*D22 -> 1960000 | N22: 1600000 | O22: =D22*E22*N22 -> 3200000 | P22: 1050000 | Q22: =D22*E22*P22 -> 2100000 | R22: 1400000 | S22: =D22*E22*R22 -> 2800000 | T22: 930000 | U22: =D22*E22*T22 -> 1860000 | W22: =D22*E22*V22 -> 0 | Y22: =D22*E22*X22 -> 0 | Z22: =663800*1.0244*1.0194*1.0366*1.0677*1.0575 -> 811320.17 | AA22: =D22*E22*Z22 -> 1622640.3 | AC22: =D22*E22*AB22 -> 0 | AE22: =D22*E22*AD22 -> 0 | AF22: =968705*1.0677*1.0575 -> 1093757.8 | AG22: =D22*E22*AF22 -> 2187515.6 | AH22: =1398612*1.0575 -> 1479032.2 | AI22: =ROUND((D22*E22*AH22),0) -> 2958064 | AJ22: =ROUND((AVERAGE(F22,H22,J22,L22,N22,P22,R22,T22,V22,X22,Z22,AB22,AD22,AF22,AH22)),0) -> 1187524 | AK22: =ROUND((D22*E22*AJ22),0) -> 2375048 | AL22: =ROUND((MEDIAN(F22,H22,J22,L22,N22,P22,R22,T22,V22,X22,Z22,AB22,AD22,AF22,AH22)),0) -> 1050000 | AM22: =ROUND((D22*E22*AL22),0) -> 2100000 | AN22: =ROUND((HARMEAN(F22,H22,J22,L22,N22,P22,R22,T22,V22,X22,Z22,AB22,AD22,AF22,AH22)),0) -> 1094653 | AO22: =ROUND((D22*E22*AN22),0) -> 2189306 | AP22: =ROUND((GEOMEAN(F22,H22,J22,L22,N22,P22,R22,T22,V22,X22,Z22,AB22,AD22,AF22,AH22)),0) -> 1137749 | AQ22: =ROUND((D22*E22*AP22),0) -> 2275498
B24: SUB TOTAL | G24: =SUM(G17:G22) -> 127969600 | I24: =SUM(I17:I22) -> 246667892 | K24: =SUM(K17:K22) -> 89599600 | M24: =SUM(M17:M22) -> 102451200 | O24: =SUM(O17:O22) -> 113614000 | Q24: =SUM(Q17:Q22) -> 135978200 | S24: =SUM(S17:S22) -> 131073600 | U24: =SUM(U17:U22) -> 136522400 | W24: =SUM(W17:W22) -> 74615451 | Y24: =SUM(Y17:Y22) -> 77670528 | AA24: =SUM(AA17:AA22) -> 92401229 | AC24: =SUM(AC17:AC22) -> 69662595 | AE24: =SUM(AE17:AE22) -> 97627315 | AG24: =SUM(AG17:AG22) -> 98145480 | AI24: =SUM(AI17:AI22) -> 100460883 | AK24: =SUM(AK17:AK22) -> 121282999 | AM24: =SUM(AM17:AM22) -> 107240823 | AO24: =SUM(AO17:AO22) -> 109245697 | AQ24: =SUM(AQ17:AQ22) -> 114009018
B25: IVA del 19% | F25: 0.19 | G25: =ROUND(G24*F25,0) -> 24314224 | H25: 0.19 | I25: =ROUND(I24*H25,0) -> 46866899 | J25: 0.19 | K25: =ROUND(K24*J25,0) -> 17023924 | L25: 0.19 | M25: =ROUND(M24*L25,0) -> 19465728 | N25: 0.19 | O25: =ROUND(O24*N25,0) -> 21586660 | P25: 0.19 | Q25: =ROUND(Q24*P25,0) -> 25835858 | R25: 0.19 | S25: =ROUND(S24*R25,0) -> 24903984 | T25: 0.19 | U25: =ROUND(U24*T25,0) -> 25939256 | V25: 0.19 | W25: =ROUND(W24*V25,0) -> 14176936 | X25: 0.19 | Y25: =ROUND(Y24*X25,0) -> 14757400 | Z25: 0.19 | AA25: =ROUND(AA24*Z25,0) -> 17556233 | AB25: 0.19 | AC25: =ROUND(AC24*AB25,0) -> 13235893 | AD25: 0.19 | AE25: =ROUND(AE24*AD25,0) -> 18549190 | AF25: 0.19 | AG25: =ROUND(AG24*AF25,0) -> 18647641 | AH25: 0.19 | AI25: =ROUND(AI24*AH25,0) -> 19087568 | AJ25: 0.19 | AK25: =ROUND(AK24*AJ25,0) -> 23043770 | AL25: 0.19 | AM25: =ROUND(AM24*AL25,0) -> 20375756 | AN25: 0.19 | AO25: =ROUND(AO24*AN25,0) -> 20756682 | AP25: 0.19 | AQ25: =ROUND(AQ24*AP25,0) -> 21661713
B26: COSTO TOTAL (1) | G26: =SUM(G24:G25) -> 152283824 | I26: =SUM(I24:I25) -> 293534791 | K26: =SUM(K24:K25) -> 106623524 | M26: =SUM(M24:M25) -> 121916928 | O26: =SUM(O24:O25) -> 135200660 | Q26: =SUM(Q24:Q25) -> 161814058 | S26: =SUM(S24:S25) -> 155977584 | U26: =SUM(U24:U25) -> 162461656 | W26: =SUM(W24:W25) -> 88792387 | Y26: =SUM(Y24:Y25) -> 92427928 | AA26: =SUM(AA24:AA25) -> 1.0995746e+08 | AC26: =SUM(AC24:AC25) -> 82898488 | AE26: =SUM(AE24:AE25) -> 1.161765e+08 | AG26: =SUM(AG24:AG25) -> 1.1679312e+08 | AI26: =SUM(AI24:AI25) -> 119548451 | AK26: =SUM(AK24:AK25) -> 144326769 | AM26: =SUM(AM24:AM25) -> 127616579 | AO26: =SUM(AO24:AO25) -> 130002379 | AQ26: =SUM(AQ24:AQ25) -> 135670731
W28: =W12+W26 -> 1.6612101e+08 | Y28: =Y12+Y26 -> 1.752199e+08 | AA28: =AA12+AA26 -> 1.8483947e+08 | AC28: =AC12+AC26 -> 1.5575714e+08 | AE28: =AE12+AE26 -> 1.774653e+08 | AG28: =AG12+AG26 -> 1.9682635e+08 | AI28: =AI12+AI26 -> 2.0101867e+08 | AK28: =AK12+AK26 -> 2.2931646e+08 | AM28: =AM12+AM26 -> 229062732 | AO28: =AO12+AO26 -> 213847980 | AQ28: =AQ12+AQ26 -> 225407589
B29: TOTAL (1) + (2)
F31: =UPPER("OBJETO: Mantenimiento de las zonas seguridad y canales del aeropuerto Berastegui de Cienaga de Oro - Cordoba") -> OBJETO: MANTENIMIENTO DE LAS ZONAS SEGURIDAD Y CANALES DEL AEROPUERTO BERASTEGUI DE CIENAGA DE ORO - CORDOBA | AL31: =UPPER("OBJETO: Mantenimiento de las zonas seguridad y canales del aeropuerto Berastegui de Cienaga de Oro - Cordoba") -> OBJETO: MANTENIMIENTO DE LAS ZONAS SEGURIDAD Y CANALES DEL AEROPUERTO BERASTEGUI DE CIENAGA DE ORO - CORDOBA
B32: ESTUDIO DE MERCADO
B33: FECHA : FEBRERO 15 DE 2017 | F33: ARIETE SAS CARLOS AUGUSTO DÍAZ HERRERA | H33: B&C INGNIERIA INTEGRAL | J33: ALFONSO ANTONIO PEREA HURTADO | L33: FRANCISCO ALVAREZ PEREZ | N33: CARLOS SALAZAR GÓMEZ | P33: CARLOS CASTRO VEGA | R33: JUAN CARLOS ORTIZ LÓPEZ | T33: OSCAR MUÑOZ CORREA | X33: PROMEDIO PROPUESTAS PRESENTADAS CONTRATACIÒN 11000071-OR DE 2011 INCREMENTADOLAS AL IPC 3,73% DE 2011, 2,44% DE 2012, 1,94 DE 2013, 3,66% DE 2014, 6,77% DE 2015 Y 5,75% DE 2016 | Z33: PROMEDIO PROPUESTAS PRESENTADAS CONTRATACIÒN 120000199 OR 2012 INCREMENTADOLAS AL IPC 2,44% DE 2012, 1,94 DE 2013, 3,66% DE 2014, 6,77% DE 2015 Y 5,75% DE 2016 | AB33: PROMEDIO PROPUESTAS PRESENTADAS CONTRATACIÒN 13000209 OR 2013 INCREMENTADOLAS AL IPC 1,94 DE 2013, 3,66% DE 2014, 6,77% DE 2015 Y 5,75% DE 2016 | AD33: PROMEDIO PROPUESTAS PRESENTADAS CONTRATACIÒN 13000209 A OR 2013 INCREMENTADOLAS AL IPC 1,94 DE 2013, 3,66% DE 2014, 6,77% DE 2015 Y 5,75% DE 2016 | AF33: PROMEDIO PROPUESTAS PRESENTADAS CONTRATACIÒN 14000028 OI 2014 INCREMENTADOLAS AL IPC 3,66% DE 2014, 6,77% DE 2015 Y 5,75% DE 2016 | AH33: PROMEDIO PROPUESTAS PRESENTADAS CONTRATACIÒN 150000050 OI 2015 INCREMENTADOLAS AL IPC 6,77% DE 2015 Y 5,75% DE 2016 | AJ33: PROMEDIO PROPUESTAS PRESENTADAS CONTRATACIÒN 30016030 INCREMENTADOLAS AL IPC 5,75% DE 2015. | AL33: PROMEDIO | AN33: MEDIANA | AP33: MEDIA ARMONICA | AR33: MEDIA GEOMETRICA
A34: ÍTEM | B34: DESCRIPCIÓN | C34: Und | D34: Cant | E34: Rondas | F34: Valor Unitario | G34: TOTAL | H34: Valor Unitario | I34: TOTAL | J34: Valor Unitario | K34: TOTAL | L34: Valor Unitario | M34: TOTAL | N34: Valor Unitario | O34: TOTAL | P34: Valor Unitario | Q34: TOTAL | R34: Valor Unitario | S34: TOTAL | T34: Valor Unitario | U34: TOTAL | V34: Valor Unitario | W34: TOTAL | X34: Valor Unitario | Y34: TOTAL | Z34: Valor Unitario | AA34: TOTAL | AB34: Valor Unitario | AC34: TOTAL | AD34: Valor Unitario | AE34: TOTAL | AF34: Valor Unitario | AG34: TOTAL | AH34: Valor Unitario | AI34: TOTAL | AJ34: Valor Unitario | AK34: TOTAL | AL34: Valor Unitario | AM34: TOTAL | AN34: Valor Unitario | AO34: TOTAL | AP34: Valor Unitario | AQ34: TOTAL | AR34: Valor Unitario | AS34: TOTAL
A35: 1 | B35: Mantenimiento de zonas verdes. Roceria: zonas de seguridad y demas areas del aeropuerto, incluyendo la limpieza de las áreas perimetrales internas (desde las zonas de seguridad hasta el cerramiento). Consistente en desmonte y limpieza de zonas no boscosas. | C35: Ha | D35: 33.25 | E35: 4 | F35: 320000 | G35: =ROUND(D35*E35*F35,0) -> 42560000 | H35: 612439 | I35: =ROUND(D35*E35*H35,0) -> 81454387 | J35: 290000 | K35: =ROUND(D35*E35*J35,0) -> 38570000 | L35: 250000 | M35: =L35*E35*D35 -> 33250000 | N35: 280000 | O35: =D35*E35*N35 -> 37240000 | P35: 300000 | Q35: =D35*E35*P35 -> 39900000 | R35: 310000 | S35: =D35*E35*R35 -> 41230000 | T35: 315000 | U35: =D35*E35*T35 -> 41895000 | W35: =D35*E35*V35 -> 0 | X35: =250000*1.0373*1.0244*1.0194*1.0366*1.0677*1.0575 -> 316956.31 | Y35: =D35*E35*X35 -> 42155190 | Z35: =240000*1.0244*1.0194*1.0366*1.0677*1.0575 -> 293336.61 | AA35: =D35*E35*Z35 -> 39013769 | AB35: =246578*1.0194*1.0366*1.0677*1.0575 -> 294198.04 | AC35: =D35*E35*AB35 -> 39128340 | AD35: =253457*1.0194*1.0366*1.0677*1.0575 -> 302405.54 | AE35: =D35*E35*AD35 -> 40219937 | AF35: =268008*1.0366*1.0677*1.0575 -> 313681.27 | AG35: =D35*E35*AF35 -> 41719608 | AH35: =257126*1.0677*1.0575 -> 290319.1 | AI35: =D35*E35*AH35 -> 38612441 | AJ35: =291864*1.0575 -> 308646.18 | AK35: =D35*E35*AJ35 -> 41049942 | AL35: =ROUND((AVERAGE(F35,H35,J35,L35,N35,P35,R35,T35,X35,Z35,AB35,AD35,AF35,AH35,AJ35)),0) -> 319799 | AM35: =ROUND((D35*E35*AL35),0) -> 42533267 | AN35: =ROUND((MEDIAN(F35,H35,J35,N35,L35,P35,R35,T35,V35,X35,Z35,AB35,AD35,AF35,AH35,AJ35)),0) -> 302406 | AO35: =ROUND((D35*E35*AN35),0) -> 40219998 | AP35: =ROUND((HARMEAN(F35,H35,J35,L35,N35,P35,R35,T35,V35,X35,Z35,AB35,AD35,AF35,AH35,AJ35)),0) -> 308302 | AQ35: =ROUND((D35*E35*AP35),0) -> 41004166 | AR35: =ROUND((GEOMEAN(F35,H35,J35,L35,N35,P35,R35,T35,V35,X35,Z35,AB35,AD35,AF35,AH35,AJ35)),0) -> 312988 | AS35: =ROUND((D35*E35*AR35),0) -> 41627404
A36: 2 | B36: Limpieza de guarda fuegos de cerramiento internos y externos y limpieza del cerramiento a una altura maxima del cerramiento. Limpieza manual del cerramiento (mallas) con la implementación de la fumigación con un herbicida químico, en una franja de 3 metros alrededor del aeropuerto. Incluye Cargue y disposición de material sobrante a cualquier distancia en botadero autorizado | C36: Ml | D36: 4206 | E36: 4 | F36: 2200 | G36: =ROUND(D36*E36*F36,0) -> 37012800 | H36: 3860 | I36: =ROUND(D36*E36*H36,0) -> 64940640 | J36: 1700 | K36: =ROUND(D36*E36*J36,0) -> 28600800 | L36: 1800 | M36: =L36*E36*D36 -> 30283200 | N36: 2100 | O36: =D36*E36*N36 -> 35330400 | P36: 2950 | Q36: =D36*E36*P36 -> 49630800 | R36: 2700 | S36: =D36*E36*R36 -> 45424800 | T36: 2800 | U36: =D36*E36*T36 -> 47107200 | W36: =D36*E36*V36 -> 0 | Y36: =D36*E36*X36 -> 0 | Z36: =4284*1.0244*1.0194*1.0366*1.0677*1.0575 -> 5236.0584 | AA36: =D36*E36*Z36 -> 88091447 | AC36: =D36*E36*AB36 -> 0 | AE36: =D36*E36*AD36 -> 0 | AF36: =1942*1.0366*1.0677*1.0575 -> 2272.9509 | AG36: =D36*E36*AF36 -> 38240125 | AH36: =1670*1.0677*1.0575 -> 1885.5849 | AI36: =D36*E36*AH36 -> 31723080 | AJ36: =1993*1.0575 -> 2107.5975 | AK36: =D36*E36*AJ36 -> 35458220 | AL36: =ROUND((AVERAGE(F36,H36,J36,L36,N36,P36,R36,T36,X36,Z36,AB36,AD36,AF36,AH36,AJ36)),0) -> 2634 | AM36: =ROUND((D36*E36*AL36),0) -> 44314416 | AN36: =ROUND((MEDIAN(F36,H36,J36,N36,L36,P36,R36,T36,V36,X36,Z36,AB36,AD36,AF36,AH36,AJ36)),0) -> 2236 | AO36: =ROUND((D36*E36*AN36),0) -> 37618464 | AP36: =ROUND((HARMEAN(F36,H36,J36,L36,N36,P36,R36,T36,V36,X36,Z36,AB36,AD36,AF36,AH36,AJ36)),0) -> 2383 | AQ36: =ROUND((D36*E36*AP36),0) -> 40091592 | AR36: =ROUND((GEOMEAN(F36,H36,J36,L36,N36,P36,R36,T36,V36,X36,Z36,AB36,AD36,AF36,AH36,AJ36)),0) -> 2493 | AS36: =ROUND((D36*E36*AR36),0) -> 41942232
A37: 3 | B37: Limpieza (desmalezado y evacuación sedimentos) en canales (en tierra o en concreto) de evacuación aguas, retiro y disposición de material sobrante a cualquier distancia en botadero autorizado. Consistente en mantenimiento de taludes, reconstrucción de canales y limpieza de cauce a cualquier ancho de canal. | C37: Ml | D37: 2567 | E37: 4 | F37: 2100 | G37: =ROUND(D37*E37*F37,0) -> 21562800 | H37: 6500 | I37: =ROUND(D37*E37*H37,0) -> 66742000 | J37: 1600 | K37: =ROUND(D37*E37*J37,0) -> 16428800 | L37: 1800 | M37: =L37*E37*D37 -> 18482400 | N37: 2100 | O37: =D37*E37*N37 -> 21562800 | P37: 2950 | Q37: =D37*E37*P37 -> 30290600 | R37: 2700 | S37: =D37*E37*R37 -> 27723600 | T37: 2800 | U37: =D37*E37*T37 -> 28750400 | W37: =D37*E37*V37 -> 0 | Y37: =D37*E37*X37 -> 0 | AA37: =D37*E37*Z37 -> 0 | AC37: =D37*E37*AB37 -> 0 | AE37: =D37*E37*AD37 -> 0 | AF37: =1841*1.0366*1.0677*1.0575 -> 2154.7387 | AG37: =D37*E37*AF37 -> 22124857 | AH37: =1893*1.0677*1.0575 -> 2137.3726 | AI37: =D37*E37*AH37 -> 21946542 | AJ37: =1911*1.0575 -> 2020.8825 | AK37: =D37*E37*AJ37 -> 20750422 | AL37: =ROUND((AVERAGE(F37,H37,J37,L37,N37,P37,R37,T37,X37,Z37,AB37,AD37,AF37,AH37,AJ37)),0) -> 2624 | AM37: =ROUND((D37*E37*AL37),0) -> 26943232 | AN37: =ROUND((MEDIAN(F37,H37,J37,N37,L37,P37,R37,T37,V37,X37,Z37,AB37,AD37,AF37,AH37,AJ37)),0) -> 2137 | AO37: =ROUND((D37*E37*AN37),0) -> 21942716 | AP37: =ROUND((HARMEAN(F37,H37,J37,L37,N37,P37,R37,T37,V37,X37,Z37,AB37,AD37,AF37,AH37,AJ37)),0) -> 2301 | AQ37: =ROUND((D37*E37*AP37),0) -> 23626668 | AR37: =ROUND((GEOMEAN(F37,H37,J37,L37,N37,P37,R37,T37,V37,X37,Z37,AB37,AD37,AF37,AH37,AJ37)),0) -> 2426 | AS37: =ROUND((D37*E37*AR37),0) -> 24910168
A38: 4 | B38: Aplicación de matamatelezas (combatran, randall o similar) a todas las zonas de seguridad incluida la base del cerramiento y los canales de drenaje | C38: Ha | D38: 14 | E38: 4 | F38: 500000 | G38: =ROUND(D38*E38*F38,0) -> 28000000 | H38: 1200000 | I38: =ROUND(D38*E38*H38,0) -> 67200000 | J38: 147000 | K38: =ROUND(D38*E38*J38,0) -> 8232000 | L38: 170000 | M38: =L38*E38*D38 -> 9520000 | N38: 200000 | O38: =D38*E38*N38 -> 11200000 | P38: 250000 | Q38: =D38*E38*P38 -> 14000000 | R38: 170000 | S38: =D38*E38*R38 -> 9520000 | T38: 180000 | U38: =D38*E38*T38 -> 10080000 | W38: =D38*E38*V38 -> 0 | Y38: =D38*E38*X38 -> 0 | Z38: =338945*1.0244*1.0194*1.0366*1.0677*1.0575 -> 414270.73 | AA38: =D38*E38*Z38 -> 23199161 | AB38: =246492*1.0194*1.0366*1.0677*1.0575 -> 294095.43 | AC38: =D38*E38*AB38 -> 16469344 | AD38: =158950*1.0194*1.0366*1.0677*1.0575 -> 189647 | AE38: =D38*E38*AD38 -> 10620232 | AF38: =146173*1.0366*1.0677*1.0575 -> 171083.44 | AG38: =D38*E38*AF38 -> 9580672.9 | AH38: =170161*1.0677*1.0575 -> 192127.55 | AI38: =D38*E38*AH38 -> 10759143 | AJ38: =196479*1.0575 -> 207776.54 | AK38: =D38*E38*AJ38 -> 11635486 | AL38: =ROUND((AVERAGE(F38,H38,J38,L38,N38,P38,R38,T38,X38,Z38,AB38,AD38,AF38,AH38,AJ38)),0) -> 306143 | AM38: =ROUND((D38*E38*AL38),0) -> 17144008 | AN38: =ROUND((MEDIAN(F38,H38,J38,N38,L38,P38,R38,T38,V38,X38,Z38,AB38,AD38,AF38,AH38,AJ38)),0) -> 196064 | AO38: =ROUND((D38*E38*AN38),0) -> 10979584 | AP38: =ROUND((HARMEAN(F38,H38,J38,L38,N38,P38,R38,T38,V38,X38,Z38,AB38,AD38,AF38,AH38,AJ38)),0) -> 222553 | AQ38: =ROUND((D38*E38*AP38),0) -> 12462968 | AR38: =ROUND((GEOMEAN(F38,H38,J38,L38,N38,P38,R38,T38,V38,X38,Z38,AB38,AD38,AF38,AH38,AJ38)),0) -> 249489 | AS38: =ROUND((D38*E38*AR38),0) -> 13971384
AC39: =D39*E39*AB39 -> 0
B40: SUB TOTAL | G40: =SUM(G35:G38) -> 129135600 | I40: =SUM(I35:I38) -> 280337027 | K40: =SUM(K35:K38) -> 91831600 | M40: =SUM(M35:M38) -> 91535600 | O40: =SUM(O35:O38) -> 105333200 | Q40: =SUM(Q35:Q38) -> 133821400 | S40: =SUM(S35:S38) -> 123898400 | U40: =SUM(U35:U38) -> 127832600 | W40: =SUM(W35:W38) -> 0 | Y40: =SUM(Y35:Y38) -> 42155190 | AA40: =SUM(AA35:AA38) -> 1.5030438e+08 | AC40: =SUM(AC35:AC38) -> 55597684 | AE40: =SUM(AE35:AE38) -> 50840169 | AG40: =SUM(AG35:AG38) -> 1.1166526e+08 | AI40: =SUM(AI35:AI38) -> 1.0304121e+08 | AK40: =SUM(AK35:AK38) -> 1.0889407e+08 | AM40: =SUM(AM35:AM38) -> 130934923 | AO40: =SUM(AO35:AO38) -> 110760762 | AQ40: =SUM(AQ35:AQ38) -> 117185394 | AS40: =SUM(AS35:AS38) -> 122451188
B41: IVA del 19% | E41: 0.19 | F41: 0.19 | G41: =ROUND(G40*F41,0) -> 24535764 | H41: 0.19 | I41: =ROUND(I40*H41,0) -> 53264035 | J41: 0.19 | K41: =ROUND(K40*J41,0) -> 17448004 | L41: 0.19 | M41: =ROUND(M40*L41,0) -> 17391764 | N41: 0.19 | O41: =ROUND(O40*N41,0) -> 20013308 | P41: 0.19 | Q41: =ROUND(Q40*P41,0) -> 25426066 | R41: 0.19 | S41: =ROUND(S40*R41,0) -> 23540696 | T41: 0.19 | U41: =ROUND(U40*T41,0) -> 24288194 | V41: 0.19 | W41: =ROUND(W40*V41,0) -> 0 | X41: 0.19 | Y41: =ROUND(Y40*X41,0) -> 8009486 | Z41: 0.19 | AA41: =ROUND(AA40*Z41,0) -> 28557832 | AB41: 0.19 | AC41: =ROUND(AC40*AB41,0) -> 10563560 | AD41: 0.19 | AE41: =ROUND(AE40*AD41,0) -> 9659632 | AF41: 0.19 | AG41: =ROUND(AG40*AF41,0) -> 21216400 | AH41: 0.19 | AI41: =ROUND(AI40*AH41,0) -> 19577829 | AJ41: 0.19 | AK41: =ROUND(AK40*AJ41,0) -> 20689873 | AL41: 0.19 | AM41: =ROUND(AM40*AL41,0) -> 24877635 | AN41: 0.19 | AO41: =ROUND(AO40*AN41,0) -> 21044545 | AP41: 0.19 | AQ41: =ROUND(AQ40*AP41,0) -> 22265225 | AR41: 0.19 | AS41: =ROUND(AS40*AR41,0) -> 23265726
B42: COSTO TOTAL (1) | G42: =SUM(G40:G41) -> 153671364 | I42: =SUM(I40:I41) -> 333601062 | K42: =SUM(K40:K41) -> 109279604 | M42: =SUM(M40:M41) -> 108927364 | O42: =SUM(O40:O41) -> 125346508 | Q42: =SUM(Q40:Q41) -> 159247466 | S42: =SUM(S40:S41) -> 147439096 | U42: =SUM(U40:U41) -> 152120794 | W42: =SUM(W40:W41) -> 0 | Y42: =SUM(Y40:Y41) -> 50164676 | AA42: =SUM(AA40:AA41) -> 1.7886221e+08 | AC42: =SUM(AC40:AC41) -> 66161244 | AE42: =SUM(AE40:AE41) -> 60499801 | AG42: =SUM(AG40:AG41) -> 1.3288166e+08 | AI42: =SUM(AI40:AI41) -> 1.2261903e+08 | AK42: =SUM(AK40:AK41) -> 1.2958394e+08 | AM42: =SUM(AM40:AM41) -> 155812558 | AO42: =SUM(AO40:AO41) -> 131805307 | AQ42: =SUM(AQ40:AQ41) -> 139450619 | AS42: =SUM(AS40:AS41) -> 145716914
G45: =UPPER("OBJETO:Contratar el Mantenimiento de las zonas seguridad y canales del aeropuerto El Pindo de Montelibano - Cordoba") -> OBJETO:CONTRATAR EL MANTENIMIENTO DE LAS ZONAS SEGURIDAD Y CANALES DEL AEROPUERTO EL PINDO DE MONTELIBANO - CORDOBA | AJ45: =UPPER("OBJETO:Contratar el Mantenimiento de las zonas seguridad y canales del aeropuerto El Pindo de Montelibano - Cordoba") -> OBJETO:CONTRATAR EL MANTENIMIENTO DE LAS ZONAS SEGURIDAD Y CANALES DEL AEROPUERTO EL PINDO DE MONTELIBANO - CORDOBA
B46: ESTUDIO DE MERCADO
B47: FECHA : FEBRERO 15 DE 2017 | F47: ARIETE SAS CARLOS AUGUSTO DÍAZ HERRERA | H47: B&C INGNIERIA INTEGRAL | J47: ALFONSO ANTONIO PEREA HURTADO | L47: FRANCISCO ALVAREZ PEREZ | N47: CARLOS SALAZAR GÓMEZ | P47: CARLOS CASTRO VEGA | R47: JUAN CARLOS ORTIZ LÓPEZ | T47: OSCAR MUÑOZ CORREA | AB47: PROMEDIO PROPUESTAS PRESENTADAS CONTRATACIÒN 13000517 OR 2013 INCREMENTÁNDOLAS AL IPC 2,44% DE 2012, 1,94 DE 2013, 3,66% DE 2014, 6,77% DE 2015 Y 5,75% DE 2016 | AD47: PROMEDIO PROPUESTAS PRESENTADAS CONTRATACIÒN 14000028 OI 2014 INCREMENTADOLAS AL IPC 3,66% DE 2014, 6,77% DE 2015 Y 5,75% DE 2016 | AF47: PROMEDIO PROPUESTAS PRESENTADAS CONTRATACIÒN 150000050 OI 2015 INCREMENTADOLAS AL IPC 6,77% DE 2015 Y 5,75% DE 2016 | AH47: PROMEDIO PROPUESTAS PRESENTADAS CONTRATACIÒN 30016030 INCREMENTADOLAS AL IPC 5,75% DE 2015. | AJ47: PROMEDIO | AL47: MEDIANA | AN47: MEDIA ARMÓNICA | AP47: MEDIA GEOMÉTRICA
A48: ÍTEM | B48: DESCRIPCIÓN | C48: Und | D48: Cant | E48: Rondas | F48: Valor Unitario | G48: TOTAL | H48: Valor Unitario | I48: TOTAL | J48: Valor Unitario | K48: TOTAL | L48: Valor Unitario | M48: TOTAL | N48: Valor Unitario | O48: TOTAL | P48: Valor Unitario | Q48: TOTAL | R48: Valor Unitario | S48: TOTAL | T48: Valor Unitario | U48: TOTAL | V48: Valor Unitario | W48: TOTAL | X48: Valor Unitario | Y48: TOTAL | Z48: Valor Unitario | AA48: TOTAL | AB48: Valor Unitario | AC48: TOTAL | AD48: Valor Unitario | AE48: TOTAL | AF48: Valor Unitario | AG48: TOTAL | AH48: Valor Unitario | AI48: TOTAL | AJ48: Valor Unitario | AK48: TOTAL | AL48: Valor Unitario | AM48: TOTAL | AN48: Valor Unitario | AO48: TOTAL | AP48: Valor Unitario | AQ48: TOTAL
A49: 5 | B49: Mantenimiento de zonas verdes. Roceria: zonas de seguridad y demas areas del aeropuerto, incluyendo la limpieza de las áreas perimetrales internas (desde las zonas de seguridad hasta el cerramiento). Consistente en desmonte y limpieza de zonas no boscosas. | C49: Ha | D49: 13 | E49: 4 | F49: 320000 | G49: =ROUND(D49*E49*F49,0) -> 16640000 | H49: 612439 | I49: =ROUND(D49*E49*H49,0) -> 31846828 | J49: 280000 | K49: =ROUND(D49*E49*J49,0) -> 14560000 | L49: 250000 | M49: =L49*E49*D49 -> 13000000 | N49: 280000 | O49: =D49*E49*N49 -> 14560000 | P49: 300000 | Q49: =D49*E49*P49 -> 15600000 | R49: 310000 | S49: =D49*E49*R49 -> 16120000 | T49: 315000 | U49: =D49*E49*T49 -> 16380000 | W49: =D49*E49*V49 -> 0 | Y49: =D49*E49*X49 -> 0 | AA49: =D49*E49*Z49 -> 0 | AB49: =252500*1.0194*1.0366*1.0677*1.0575 -> 301263.72 | AC49: =D49*E49*AB49 -> 15665713 | AD49: =274204*1.0366*1.0677*1.0575 -> 320933.17 | AE49: =D49*E49*AD49 -> 16688525 | AF49: =252626*1.0677*1.0575 -> 285238.19 | AG49: =D49*E49*AF49 -> 14832386 | AH49: =299376*1.0575 -> 316590.12 | AI49: =ROUND((D49*E49*AH49),0) -> 16462686 | AJ49: =ROUND((AVERAGE(F49,H49,J49,L49,N49,P49,R49,T49,AB49,AD49,AF49,AH49)),0) -> 324289 | AK49: =ROUND((D49*E49*AJ49),0) -> 16863028 | AL49: =ROUND((MEDIAN(F49,H49,J49,L49,N49,P49,R49,T49,V49,X49,Z49,AB49,AD49,AF49,AH49)),0) -> 305632 | AM49: =ROUND((D49*E49*AL49),0) -> 15892864 | AN49: =ROUND((HARMEAN(F49,H49,J49,L49,N49,P49,R49,T49,AB49,AD49,AF49,AH49)),0) -> 309804 | AO49: =ROUND((D49*E49*AN49),0) -> 16109808 | AP49: =ROUND((GEOMEAN(F49,H49,J49,L49,N49,P49,R49,T49,V49,X49,Z49,AB49,AD49,AF49,AH49)),0) -> 315763 | AQ49: =ROUND((D49*E49*AP49),0) -> 16419676
A50: 6 | B50: Limpieza de cerramiento internos y externos y limpieza a una altura maxima del cerramiento. Limpieza manual del cerramiento (mallas) con la implementación de la fumigación con un herbicida químico, en una franja de 3 metros alrededor del aeropuerto. Incluye Cargue y disposición de material sobrante a cualquier distancia en botadero autorizado | C50: Ml | D50: 2792 | E50: 4 | F50: 2200 | G50: =ROUND(D50*E50*F50,0) -> 24569600 | H50: 3860 | I50: =ROUND(D50*E50*H50,0) -> 43108480 | J50: 1700 | K50: =ROUND(D50*E50*J50,0) -> 18985600 | L50: 1800 | M50: =L50*E50*D50 -> 20102400 | N50: 2100 | O50: =D50*E50*N50 -> 23452800 | P50: 2950 | Q50: =D50*E50*P50 -> 32945600 | R50: 2700 | S50: =D50*E50*R50 -> 30153600 | T50: 2800 | U50: =D50*E50*T50 -> 31270400 | W50: =D50*E50*V50 -> 0 | Y50: =D50*E50*X50 -> 0 | AA50: =D50*E50*Z50 -> 0 | AC50: =D50*E50*AB50 -> 0 | AD50: =1762*1.0366*1.0677*1.0575 -> 2062.2757 | AE50: =D50*E50*AD50 -> 23031495 | AF50: =1758*1.0677*1.0575 -> 1984.9451 | AG50: =D50*E50*AF50 -> 22167866 | AH50: =1990*1.0575 -> 2104.425 | AI50: =ROUND((D50*E50*AH50),0) -> 23502218 | AJ50: =ROUND((AVERAGE(F50,H50,J50,L50,N50,P50,R50,T50,AB50,AD50,AF50,AH50)),0) -> 2387 | AK50: =ROUND((D50*E50*AJ50),0) -> 26658016 | AL50: =ROUND((MEDIAN(F50,H50,J50,L50,N50,P50,R50,T50,V50,X50,Z50,AB50,AD50,AF50,AH50)),0) -> 2104 | AM50: =ROUND((D50*E50*AL50),0) -> 23497472 | AN50: =ROUND((HARMEAN(F50,H50,J50,L50,N50,P50,R50,T50,AB50,AD50,AF50,AH50)),0) -> 2262 | AO50: =ROUND((D50*E50*AN50),0) -> 25262016 | AP50: =ROUND((GEOMEAN(F50,H50,J50,L50,N50,P50,R50,T50,V50,X50,Z50,AB50,AD50,AF50,AH50)),0) -> 2320 | AQ50: =ROUND((D50*E50*AP50),0) -> 25909760
A51: 7 | B51: Aplicación de matamatelezas (combatran, randall o similar) a todas las zonas de seguridad incluida la base del cerramiento y los canales de drenaje | C51: Ha | D51: 12 | E51: 4 | F51: 500000 | G51: =ROUND(D51*E51*F51,0) -> 24000000 | H51: 1200000 | I51: =ROUND(D51*E51*H51,0) -> 57600000 | J51: 150000 | K51: =ROUND(D51*E51*J51,0) -> 7200000 | L51: 180000 | M51: =L51*E51*D51 -> 8640000 | N51: 200000 | O51: =D51*E51*N51 -> 9600000 | P51: 250000 | Q51: =D51*E51*P51 -> 12000000 | R51: 170000 | S51: =D51*E51*R51 -> 8160000 | T51: 180000 | U51: =D51*E51*T51 -> 8640000 | W51: =D51*E51*V51 -> 0 | Y51: =D51*E51*X51 -> 0 | AA51: =D51*E51*Z51 -> 0 | AB51: =147817*1.0194*1.0366*1.0677*1.0575 -> 176363.96 | AC51: =D51*E51*AB51 -> 8465470 | AD51: =133543*1.0366*1.0677*1.0575 -> 156301.07 | AE51: =D51*E51*AD51 -> 7502451.4 | AF51: =152496*1.0677*1.0575 -> 172182.13 | AG51: =D51*E51*AF51 -> 8264742.1 | AH51: =174748*1.0575 -> 184796.01 | AI51: =ROUND((D51*E51*AH51),0) -> 8870208 | AJ51: =ROUND((AVERAGE(F51,H51,J51,L51,N51,P51,R51,T51,AB51,AD51,AF51,AH51)),0) -> 293304 | AK51: =ROUND((D51*E51*AJ51),0) -> 14078592 | AL51: =ROUND((MEDIAN(F51,H51,J51,L51,N51,P51,R51,T51,V51,X51,Z51,AB51,AD51,AF51,AH51)),0) -> 180000 | AM51: =ROUND((D51*E51*AL51),0) -> 8640000 | AN51: =ROUND((HARMEAN(F51,H51,J51,L51,N51,P51,R51,T51,AB51,AD51,AF51,AH51)),0) -> 204149 | AO51: =ROUND((D51*E51*AN51),0) -> 9799152 | AP51: =ROUND((GEOMEAN(F51,H51,J51,L51,N51,P51,R51,T51,V51,X51,Z51,AB51,AD51,AF51,AH51)),0) -> 229847 | AQ51: =ROUND((D51*E51*AP51),0) -> 11032656
A52: 8 | B52: Limpieza de bordes de pista mediante maquinaria pesada (motoniveladora) y/o herramientas menores (azadón etc.). Cinco (5) metros a cada lado. Retiro de material vegetal que esta invadiendo la pista. Incluye retiro y disposición de material en botadero oficial. | C52: ML | D52: =1100*2 -> 2200 | E52: 4 | F52: 2800 | G52: =ROUND(D52*E52*F52,0) -> 24640000 | H52: 1600 | I52: =ROUND(D52*E52*H52,0) -> 14080000 | J52: 1800 | K52: =ROUND(D52*E52*J52,0) -> 15840000 | L52: 3600 | M52: =L52*E52*D52 -> 31680000 | N52: 3500 | O52: =D52*E52*N52 -> 30800000 | P52: 3350 | Q52: =D52*E52*P52 -> 29480000 | R52: 3800 | S52: =D52*E52*R52 -> 33440000 | T52: 4200 | U52: =D52*E52*T52 -> 36960000 | W52: =D52*E52*V52 -> 0 | Y52: =D52*E52*X52 -> 0 | AA52: =D52*E52*Z52 -> 0 | AC52: =D52*E52*AB52 -> 0 | AD52: =2014*1.0366*1.0677*1.0575 -> 2357.2209 | AE52: =D52*E52*AD52 -> 20743544 | AF52: =1947*1.0677*1.0575 -> 2198.3436 | AG52: =D52*E52*AF52 -> 19345424 | AH52: =1587*1.0575 -> 1678.2525 | AI52: =ROUND((D52*E52*AH52),0) -> 14768622 | AJ52: =ROUND((AVERAGE(F52,H52,J52,L52,N52,P52,R52,T52,AB52,AD52,AF52,AH52)),0) -> 2808 | AK52: =ROUND((D52*E52*AJ52),0) -> 24710400 | AL52: =ROUND((MEDIAN(F52,H52,J52,L52,N52,P52,R52,T52,V52,X52,Z52,AB52,AD52,AF52,AH52)),0) -> 2800 | AM52: =ROUND((D52*E52*AL52),0) -> 24640000 | AN52: =ROUND((HARMEAN(F52,H52,J52,L52,N52,P52,R52,T52,AB52,AD52,AF52,AH52)),0) -> 2514 | AO52: =ROUND((D52*E52*AN52),0) -> 22123200 | AP52: =ROUND((GEOMEAN(F52,H52,J52,L52,N52,P52,R52,T52,V52,X52,Z52,AB52,AD52,AF52,AH52)),0) -> 2660 | AQ52: =ROUND((D52*E52*AP52),0) -> 23408000
B54: SUB TOTAL | G54: =SUM(G49:G52) -> 89849600 | I54: =SUM(I49:I52) -> 146635308 | K54: =SUM(K49:K52) -> 56585600 | M54: =SUM(M49:M52) -> 73422400 | O54: =SUM(O49:O52) -> 78412800 | Q54: =SUM(Q49:Q52) -> 90025600 | S54: =SUM(S49:S52) -> 87873600 | U54: =SUM(U49:U52) -> 93250400 | W54: =SUM(W49:W52) -> 0 | Y54: =SUM(Y49:Y52) -> 0 | AA54: =SUM(AA49:AA52) -> 0 | AC54: =SUM(AC49:AC52) -> 24131183 | AE54: =SUM(AE49:AE52) -> 67966016 | AG54: =SUM(AG49:AG52) -> 64610418 | AI54: =SUM(AI49:AI52) -> 63603734 | AK54: =SUM(AK49:AK52) -> 82310036 | AM54: =SUM(AM49:AM52) -> 72670336 | AO54: =SUM(AO49:AO52) -> 73294176 | AQ54: =SUM(AQ49:AQ52) -> 76770092
B55: IVA del 19% | F55: 0.19 | G55: =ROUND(G54*F55,0) -> 17071424 | H55: 0.19 | I55: =ROUND(I54*H55,0) -> 27860709 | J55: 0.19 | K55: =ROUND(K54*J55,0) -> 10751264 | L55: 0.19 | M55: =ROUND(M54*L55,0) -> 13950256 | N55: 0.19 | O55: =ROUND(O54*N55,0) -> 14898432 | P55: 0.19 | Q55: =ROUND(Q54*P55,0) -> 17104864 | R55: 0.19 | S55: =ROUND(S54*R55,0) -> 16695984 | T55: 0.19 | U55: =ROUND(U54*T55,0) -> 17717576 | V55: 0.19 | W55: =ROUND(W54*V55,0) -> 0 | X55: 0.19 | Y55: =ROUND(Y54*X55,0) -> 0 | Z55: 0.19 | AA55: =ROUND(AA54*Z55,0) -> 0 | AB55: 0.19 | AC55: =ROUND(AC54*AB55,0) -> 4584925 | AD55: 0.19 | AE55: =ROUND(AE54*AD55,0) -> 12913543 | AF55: 0.19 | AG55: =ROUND(AG54*AF55,0) -> 12275979 | AH55: 0.19 | AI55: =ROUND(AI54*AH55,0) -> 12084709 | AJ55: 0.19 | AK55: =ROUND(AK54*AJ55,0) -> 15638907 | AL55: 0.19 | AM55: =ROUND(AM54*AL55,0) -> 13807364 | AN55: 0.19 | AO55: =ROUND(AO54*AN55,0) -> 13925893 | AP55: 0.19 | AQ55: =ROUND(AQ54*AP55,0) -> 14586317
B56: COSTO TOTAL (1) | G56: =SUM(G54:G55) -> 106921024 | I56: =SUM(I54:I55) -> 174496017 | K56: =SUM(K54:K55) -> 67336864 | M56: =SUM(M54:M55) -> 87372656 | O56: =SUM(O54:O55) -> 93311232 | Q56: =SUM(Q54:Q55) -> 107130464 | S56: =SUM(S54:S55) -> 104569584 | U56: =SUM(U54:U55) -> 110967976 | W56: =SUM(W54:W55) -> 0 | Y56: =SUM(Y54:Y55) -> 0 | AA56: =SUM(AA54:AA55) -> 0 | AC56: =SUM(AC54:AC55) -> 28716108 | AE56: =SUM(AE54:AE55) -> 80879559 | AG56: =SUM(AG54:AG55) -> 76886397 | AI56: =SUM(AI54:AI55) -> 75688443 | AK56: =SUM(AK54:AK55) -> 97948943 | AM56: =SUM(AM54:AM55) -> 86477700 | AO56: =SUM(AO54:AO55) -> 87220069 | AQ56: =SUM(AQ54:AQ55) -> 91356409
W58: =W40+W56 -> 0 | Y58: =Y40+Y56 -> 42155190 | AA58: =AA40+AA56 -> 1.5030438e+08 | AC58: =AC40+AC56 -> 84313792 | AE58: =AE40+AE56 -> 1.3171973e+08 | AG58: =AG40+AG56 -> 1.8855166e+08 | AI58: =AI40+AI56 -> 1.7872965e+08 | AK58: =AK40+AK56 -> 2.0684301e+08 | AM58: =AM40+AM56 -> 217412623 | AO58: =AO40+AO56 -> 197980831 | AQ58: =AQ40+AQ56 -> 208541803
F60: =UPPER("OBJETO:Contratar el Mantenimiento de las zonas seguridad y canales del aeropuerto Morela de Puerto Berrio - Antioquia") -> OBJETO:CONTRATAR EL MANTENIMIENTO DE LAS ZONAS SEGURIDAD Y CANALES DEL AEROPUERTO MORELA DE PUERTO BERRIO - ANTIOQUIA | AJ60: =UPPER("OBJETO:Contratar el Mantenimiento de las zonas seguridad y canales del aeropuerto Morela de Puerto Berrio - Antioquia") -> OBJETO:CONTRATAR EL MANTENIMIENTO DE LAS ZONAS SEGURIDAD Y CANALES DEL AEROPUERTO MORELA DE PUERTO BERRIO - ANTIOQUIA
B61: ESTUDIO DE MERCADO
B62: FECHA : FEBRERO 15 DE 2017 | F62: ARIETE SAS CARLOS AUGUSTO DÍAZ HERRERA | H62: B&C INGNIERIA INTEGRAL | J62: ALFONSO ANTONIO PEREA HURTADO | L62: FRANCISCO ALVAREZ PEREZ | N62: CARLOS SALAZAR GÓMEZ | P62: CARLOS CASTRO VEGA | R62: JUAN CARLOS ORTIZ LÓPEZ | T62: OSCAR MUÑOZ CORREA | V62: PROMEDIO PROPUESTAS PRESENTADAS CONTRATACIÒN 10000042-OI 2010 INCREMENTADOLAS AL IPC 3,17% DE 2010, 3,73% DE 2011, 2,44% DE 2012, 1,94 DE 2013, 3,66% DE 2014, 6,77% DE 2015 Y 5,75% DE 2016 | X62: PROMEDIO PROPUESTAS PRESENTADAS CONTRATACIÒN 11000168 OI 2011 INCREMENTADOLAS AL IPC 3,73% DE 2011, 2,44% DE 2012, 1,94 DE 2013, 3,66% DE 2014, 6,77% DE 2015 Y 5,75% DE 2016 | Z62: PROMEDIO PROPUESTAS PRESENTADAS CONTRATACIÒN 120000065 OI 2012 INCREMENTADOLAS AL IPC 2,44% DE 2012, 1,94 DE 2013, 3,66% DE 2014, 6,77% DE 2015 Y 5,75% DE 2016 | AB62: PROMEDIO PROPUESTAS PRESENTADAS CONTRATACIÒN 130000030 OI 2013 INCREMENTADOLAS AL IPC 1,94 DE 2013, 3,66% DE 2014, 6,77% DE 2015 Y 5,75% DE 2016 | AD62: PROMEDIO PROPUESTAS PRESENTADAS CONTRATACIÒN 140000026 OI 2014 INCREMENTADOLAS AL IPC 3,66% DE 2014, 6,77% DE 2015 Y 5,75% DE 2016 | AF62: PROMEDIO PROPUESTAS PRESENTADAS CONTRATACIÒN 150000048 OI 2015 INCREMENTADOLAS AL IPC 6,77% DE 2015 Y 5,75% DE 2016 | AH62: PROMEDIO PROPUESTAS PRESENTADAS CONTRATACIÒN 30016019 INCREMENTADOLAS AL IPC 5,75% DE 2015. | AJ62: PROMEDIO | AL62: MEDIANA | AN62: MEDIA ARMONICA | AP62: MEDIA GEOMETRICA
A63: ÍTEM | B63: DESCRIPCIÓN | C63: Und | D63: Cant | E63: Rondas | F63: Valor Unitario | G63: TOTAL | H63: Valor Unitario | I63: TOTAL | J63: Valor Unitario | K63: TOTAL | L63: Valor Unitario | M63: TOTAL | N63: Valor Unitario | O63: TOTAL | P63: Valor Unitario | Q63: TOTAL | R63: Valor Unitario | S63: TOTAL | T63: Valor Unitario | U63: TOTAL | V63: Valor Unitario | W63: TOTAL | X63: Valor Unitario | Y63: TOTAL | Z63: Valor Unitario | AA63: TOTAL | AB63: Valor Unitario | AC63: TOTAL | AD63: Valor Unitario | AE63: TOTAL | AF63: Valor Unitario | AG63: TOTAL | AH63: Valor Unitario | AI63: TOTAL | AJ63: Valor Unitario | AK63: TOTAL | AL63: Valor Unitario | AM63: TOTAL | AN63: Valor Unitario | AO63: TOTAL | AP63: Valor Unitario | AQ63: TOTAL
A64: 1 | B64: Mantenimiento de zonas verdes. Roceria: zonas de seguridad y demas areas del aeropuerto, incluyendo la limpieza de las áreas perimetrales internas (desde las zonas de seguridad hasta el cerramiento). Consistente en desmonte y limpieza de zonas no boscosas. | C64: Ha | D64: 14 | E64: 4 | F64: 320000 | G64: =ROUND(D64*E64*F64,0) -> 17920000 | H64: 612439 | I64: =ROUND(D64*E64*H64,0) -> 34296584 | J64: 310000 | K64: =ROUND(D64*E64*J64,0) -> 17360000 | L64: 256000 | M64: =L64*E64*D64 -> 14336000 | N64: 280000 | O64: =D64*E64*N64 -> 15680000 | P64: 300000 | Q64: =D64*E64*P64 -> 16800000 | R64: 310000 | S64: =D64*E64*R64 -> 17360000 | T64: 315000 | U64: =D64*E64*T64 -> 17640000 | V64: =300000*1.0317*1.0373*1.0244*1.0194*1.0366*1.0677*1.0575 -> 392404.6 | W64: =D64*E64*V64 -> 21974657 | X64: =256861*1.0373*1.0244*1.0194*1.0366*1.0677*1.0575 -> 325654.86 | Y64: =D64*E64*X64 -> 18236672 | Z64: =326042*1.0244*1.0194*1.0366*1.0677*1.0575 -> 398500.22 | AA64: =D64*E64*Z64 -> 22316013 | AB64: =340040*1.0194*1.0366*1.0677*1.0575 -> 405709.76 | AC64: =D64*E64*AB64 -> 22719747 | AD64: =265072*1.0366*1.0677*1.0575 -> 310244.92 | AE64: =D64*E64*AD64 -> 17373715 | AF64: =274070*1.0677*1.0575 -> 309450.45 | AG64: =D64*E64*AF64 -> 17329225 | AH64: =321631*1.0575 -> 340124.78 | AI64: =D64*E64*AH64 -> 19046988 | AJ64: =ROUND((AVERAGE(F64,H64,J64,L64,N64,P64,R64,T64,V64,X64,Z64,AB64,AD64,AF64,AH64)),0) -> 345702 | AK64: =ROUND((D64*E64*AJ64),0) -> 19359312 | AL64: =ROUND((MEDIAN(F64,H64,J64,L64,N64,P64,R64,T64,V64,X64,Z64,AB64,AD64,AF64,AH64)),0) -> 315000 | AM64: =ROUND((D64*E64*AL64),0) -> 17640000 | AN64: =ROUND((HARMEAN(F64,H64,J64,L64,N64,P64,R64,T64,V64,X64,Z64,AB64,AD64,AF64,AH64)),0) -> 331981 | AO64: =ROUND((HARMEAN(G64,I64,K64,M64,O64,Q64,S64,U64,W64,Y64,AA64,AC64,AE64,AG64,AI64)),0) -> 18590945 | AP64: =ROUND((GEOMEAN(F64,H64,J64,L64,N64,P64,R64,T64,V64,X64,Z64,AB64,AD64,AF64,AH64)),0) -> 338056 | AQ64: =ROUND((D64*E64*AP64),0) -> 18931136
A65: 2 | B65: Limpieza (desmalezado y evacuación sedimentos) en canales (en tierra o en concreto) de evacuación aguas, retiro y disposición de material sobrante a cualquier distancia en botadero autorizado. Consistente en mantenimiento de taludes, reconstrucción de canales y limpieza de cauce a cualquier ancho de canal. | C65: Ml | D65: 2787 | E65: 4 | F65: 2100 | G65: =ROUND(D65*E65*F65,0) -> 23410800 | H65: 6500 | I65: =ROUND(D65*E65*H65,0) -> 72462000 | J65: 1800 | K65: =ROUND(D65*E65*J65,0) -> 20066400 | L65: 1810 | M65: =L65*E65*D65 -> 20177880 | N65: 2100 | O65: =D65*E65*N65 -> 23410800 | P65: 2950 | Q65: =D65*E65*P65 -> 32886600 | R65: 2700 | S65: =D65*E65*R65 -> 30099600 | T65: 2800 | U65: =D65*E65*T65 -> 31214400 | V65: =3780*1.0317*1.0373*1.0244*1.0194*1.0366*1.0677*1.0575 -> 4944.2979 | W65: =D65*E65*V65 -> 55119033 | X65: =2335*1.0373*1.0244*1.0194*1.0366*1.0677*1.0575 -> 2960.372 | Y65: =D65*E65*X65 -> 33002227 | Z65: =1917*1.0244*1.0194*1.0366*1.0677*1.0575 -> 2343.0261 | AA65: =D65*E65*Z65 -> 26120055 | AB65: =2040*1.0194*1.0366*1.0677*1.0575 -> 2433.9722 | AC65: =D65*E65*AB65 -> 27133922 | AD65: =1728*1.0366*1.0677*1.0575 -> 2022.4815 | AE65: =D65*E65*AD65 -> 22546624 | AF65: =1737*1.0677*1.0575 -> 1961.2341 | AG65: =D65*E65*AF65 -> 21863838 | AH65: =1979*1.0575 -> 2092.7925 | AI65: =D65*E65*AH65 -> 23330451 | AJ65: =ROUND((AVERAGE(F65,H65,J65,L65,N65,P65,R65,T65,V65,X65,Z65,AB65,AD65,AF65,AH65)),0) -> 2768 | AK65: =ROUND((D65*E65*AJ65),0) -> 30857664 | AL65: =ROUND((MEDIAN(F65,H65,J65,L65,N65,P65,R65,T65,V65,X65,Z65,AB65,AD65,AF65,AH65)),0) -> 2343 | AM65: =ROUND((D65*E65*AL65),0) -> 26119764 | AN65: =ROUND((HARMEAN(F65,H65,J65,L65,N65,P65,R65,T65,V65,X65,Z65,AB65,AD65,AF65,AH65)),0) -> 2443 | AO65: =ROUND((D65*E65*AN65),0) -> 27234564 | AP65: =ROUND((GEOMEAN(F65,H65,J65,L65,N65,P65,R65,T65,V65,X65,Z65,AB65,AD65,AF65,AH65)),0) -> 2574 | AQ65: =ROUND((D65*E65*AP65),0) -> 28694952
A66: 3 | B66: Limpieza de cerramiento internos y externos y limpieza a una altura maxima del cerramiento. Limpieza manual del cerramiento (mallas) con la implementación de la fumigación con un herbicida químico, en una franja de 3 metros alrededor del aeropuerto. Incluye Cargue y disposición de material sobrante a cualquier distancia en botadero autorizado | C66: Ml | D66: 3247 | E66: 4 | F66: 2200 | G66: =ROUND(D66*E66*F66,0) -> 28573600 | H66: 3860 | I66: =ROUND(D66*E66*H66,0) -> 50133680 | J66: 1900 | K66: =ROUND(D66*E66*J66,0) -> 24677200 | L66: 1800 | M66: =L66*E66*D66 -> 23378400 | N66: 2100 | O66: =D66*E66*N66 -> 27274800 | P66: 2950 | Q66: =D66*E66*P66 -> 38314600 | R66: 2700 | S66: =D66*E66*R66 -> 35067600 | T66: 2800 | U66: =D66*E66*T66 -> 36366400 | V66: =1180*1.0317*1.0373*1.0244*1.0194*1.0366*1.0677*1.0575 -> 1543.4581 | W66: =D66*E66*V66 -> 20046434 | X66: =2182*1.0373*1.0244*1.0194*1.0366*1.0677*1.0575 -> 2766.3947 | Y66: =D66*E66*X66 -> 35929935 | Z66: =1960*1.0244*1.0194*1.0366*1.0677*1.0575 -> 2395.5823 | AA66: =D66*E66*Z66 -> 31113823 | AB66: =2050*1.0194*1.0366*1.0677*1.0575 -> 2445.9035 | AC66: =D66*E66*AB66 -> 31767394 | AD66: =1720*1.0366*1.0677*1.0575 -> 2013.1182 | AE66: =D66*E66*AD66 -> 26146379 | AF66: =1748*1.0677*1.0575 -> 1973.6541 | AG66: =D66*E66*AF66 -> 25633820 | AH66: =1840*1.0575 -> 1945.8 | AI66: =D66*E66*AH66 -> 25272050 | AJ66: =ROUND((AVERAGE(F66,H66,J66,L66,N66,P66,R66,T66,V66,X66,Z66,AB66,AD66,AF66,AH66)),0) -> 2360 | AK66: =ROUND((D66*E66*AJ66),0) -> 30651680 | AL66: =ROUND((MEDIAN(F66,H66,J66,L66,N66,P66,R66,T66,V66,X66,Z66,AB66,AD66,AF66,AH66)),0) -> 2200 | AM66: =ROUND((D66*E66*AL66),0) -> 28573600 | AN66: =ROUND((HARMEAN(F66,H66,J66,L66,N66,P66,R66,T66,V66,X66,Z66,AB66,AD66,AF66,AH66)),0) -> 2242 | AO66: =ROUND((D66*E66*AN66),0) -> 29119096 | AP66: =ROUND((GEOMEAN(F66,H66,J66,L66,N66,P66,R66,T66,V66,X66,Z66,AB66,AD66,AF66,AH66)),0) -> 2298 | AQ66: =ROUND((D66*E66*AP66),0) -> 29846424
A67: 4 | B67: Aplicación de matamatelezas (combatran, randall o similar) a todas las zonas de seguridad incluida la base del cerramiento y los canales de drenaje | C67: Ha | D67: 13 | E67: 4 | F67: 500000 | G67: =ROUND(D67*E67*F67,0) -> 26000000 | H67: 1200000 | I67: =ROUND(D67*E67*H67,0) -> 62400000 | J67: 155000 | K67: =ROUND(D67*E67*J67,0) -> 8060000 | L67: 180000 | M67: =L67*E67*D67 -> 9360000 | N67: 200000 | O67: =D67*E67*N67 -> 10400000 | P67: 250000 | Q67: =D67*E67*P67 -> 13000000 | R67: 170000 | S67: =D67*E67*R67 -> 8840000 | T67: 180000 | U67: =D67*E67*T67 -> 9360000 | V67: =124000*1.0317*1.0373*1.0244*1.0194*1.0366*1.0677*1.0575 -> 162193.9 | W67: =D67*E67*V67 -> 8434082.8 | X67: =205367*1.0373*1.0244*1.0194*1.0366*1.0677*1.0575 -> 260369.47 | Y67: =D67*E67*X67 -> 13539212 | Z67: =196192*1.0244*1.0194*1.0366*1.0677*1.0575 -> 239792.9 | AA67: =D67*E67*Z67 -> 12469231 | AB67: =177790*1.0194*1.0366*1.0677*1.0575 -> 212125.45 | AC67: =D67*E67*AB67 -> 11030524 | AD67: =131783*1.0366*1.0677*1.0575 -> 154241.14 | AE67: =D67*E67*AD67 -> 8020539 | AF67: =157753*1.0677*1.0575 -> 178117.77 | AG67: =D67*E67*AF67 -> 9262124 | AH67: =180512*1.0575 -> 190891.44 | AI67: =D67*E67*AH67 -> 9926354.9 | AJ67: =ROUND((AVERAGE(F67,H67,J67,L67,N67,P67,R67,T67,V67,X67,Z67,AB67,AD67,AF67,AH67)),0) -> 282182 | AK67: =ROUND((D67*E67*AJ67),0) -> 14673464 | AL67: =ROUND((MEDIAN(F67,H67,J67,L67,N67,P67,R67,T67,V67,X67,Z67,AB67,AD67,AF67,AH67)),0) -> 190891 | AM67: =ROUND((D67*E67*AL67),0) -> 9926332 | AN67: =ROUND((HARMEAN(F67,H67,J67,L67,N67,P67,R67,T67,V67,X67,Z67,AB67,AD67,AF67,AH67)),0) -> 209775 | AO67: =ROUND((D67*E67*AN67),0) -> 10908300 | AP67: =ROUND((GEOMEAN(F67,H67,J67,L67,N67,P67,R67,T67,V67,X67,Z67,AB67,AD67,AF67,AH67)),0) -> 231213 | AQ67: =ROUND((D67*E67*AP67),0) -> 12023076
B69: SUB TOTAL | G69: =SUM(G64:G67) -> 95904400 | I69: =SUM(I64:I67) -> 219292264 | K69: =SUM(K64:K67) -> 70163600 | M69: =SUM(M64:M67) -> 67252280 | O69: =SUM(O64:O67) -> 76765600 | Q69: =SUM(Q64:Q67) -> 101001200 | S69: =SUM(S64:S67) -> 91367200 | U69: =SUM(U64:U67) -> 94580800 | W69: =SUM(W64:W67) -> 1.0557421e+08 | Y69: =SUM(Y64:Y67) -> 1.0070805e+08 | AA69: =SUM(AA64:AA67) -> 92019122 | AC69: =SUM(AC64:AC67) -> 92651587 | AE69: =SUM(AE64:AE67) -> 74087257 | AG69: =SUM(AG64:AG67) -> 74089007 | AI69: =SUM(AI64:AI67) -> 77575844 | AK69: =SUM(AK64:AK67) -> 95542120 | AM69: =SUM(AM64:AM67) -> 82259696 | AO69: =SUM(AO64:AO67) -> 85852905 | AQ69: =SUM(AQ64:AQ67) -> 89495588
B70: IVA del 19% | E70: 0.19 | F70: 0.19 | G70: =ROUND(G69*F70,0) -> 18221836 | H70: 0.19 | I70: =ROUND(I69*H70,0) -> 41665530 | J70: 0.19 | K70: =ROUND(K69*J70,0) -> 13331084 | L70: 0.19 | M70: =ROUND(M69*L70,0) -> 12777933 | N70: 0.19 | O70: =ROUND(O69*N70,0) -> 14585464 | P70: 0.19 | Q70: =ROUND(Q69*P70,0) -> 19190228 | R70: 0.19 | S70: =ROUND(S69*R70,0) -> 17359768 | T70: 0.19 | U70: =ROUND(U69*T70,0) -> 17970352 | V70: 0.19 | W70: =ROUND(W69*V70,0) -> 20059099 | X70: 0.19 | Y70: =ROUND(Y69*X70,0) -> 19134529 | Z70: 0.19 | AA70: =ROUND(AA69*Z70,0) -> 17483633 | AB70: 0.19 | AC70: =ROUND(AC69*AB70,0) -> 17603802 | AD70: 0.19 | AE70: =ROUND(AE69*AD70,0) -> 14076579 | AF70: 0.19 | AG70: =ROUND(AG69*AF70,0) -> 14076911 | AH70: 0.19 | AI70: =ROUND(AI69*AH70,0) -> 14739410 | AJ70: 0.19 | AK70: =ROUND(AK69*AJ70,0) -> 18153003 | AL70: 0.19 | AM70: =ROUND(AM69*AL70,0) -> 15629342 | AN70: 0.19 | AO70: =ROUND(AO69*AN70,0) -> 16312052 | AP70: 0.19 | AQ70: =ROUND(AQ69*AP70,0) -> 17004162
B71: COSTO TOTAL (1) | G71: =SUM(G69:G70) -> 114126236 | I71: =SUM(I69:I70) -> 260957794 | K71: =SUM(K69:K70) -> 83494684 | M71: =SUM(M69:M70) -> 80030213 | O71: =SUM(O69:O70) -> 91351064 | Q71: =SUM(Q69:Q70) -> 120191428 | S71: =SUM(S69:S70) -> 108726968 | U71: =SUM(U69:U70) -> 112551152 | W71: =SUM(W69:W70) -> 1.2563331e+08 | Y71: =SUM(Y69:Y70) -> 1.1984258e+08 | AA71: =SUM(AA69:AA70) -> 1.0950275e+08 | AC71: =SUM(AC69:AC70) -> 1.1025539e+08 | AE71: =SUM(AE69:AE70) -> 88163836 | AG71: =SUM(AG69:AG70) -> 88165918 | AI71: =SUM(AI69:AI70) -> 92315254 | AK71: =SUM(AK69:AK70) -> 113695123 | AM71: =SUM(AM69:AM70) -> 97889038 | AO71: =SUM(AO69:AO70) -> 102164957 | AQ71: =SUM(AQ69:AQ70) -> 106499750
F73: =UPPER("OBJETO: Contratar el mantenimiento de las zonas de seguridad y canales del aeropuerto de Gustavo Rojas Pinilla de Cimitarra - Santander") -> OBJETO: CONTRATAR EL MANTENIMIENTO DE LAS ZONAS DE SEGURIDAD Y CANALES DEL AEROPUERTO DE GUSTAVO ROJAS PINILLA DE CIMITARRA - SANTANDER | AJ73: =UPPER("OBJETO: Contratar el mantenimiento de las zonas de seguridad y canales del aeropuerto de Gustavo Rojas Pinilla de Cimitarra - Santander") -> OBJETO: CONTRATAR EL MANTENIMIENTO DE LAS ZONAS DE SEGURIDAD Y CANALES DEL AEROPUERTO DE GUSTAVO ROJAS PINILLA DE CIMITARRA - SANTANDER
B74: ESTUDIO DE MERCADO
B75: FECHA : FEBRERO 15 DE 2017 | F75: ARIETE SAS CARLOS AUGUSTO DÍAZ HERRERA | H75: B&C INGNIERIA INTEGRAL | J75: ALFONSO ANTONIO PEREA HURTADO | L75: FRANCISCO ALVAREZ PEREZ | N75: CARLOS SALAZAR GÓMEZ | P75: CARLOS CASTRO VEGA | R75: JUAN CARLOS ORTIZ LÓPEZ | T75: OSCAR MUÑOZ CORREA | V75: PROMEDIO PROPUESTAS PRESENTADAS CONTRATACIÒN 10000248 OR 2010 INCREMENTÁNDOLAS AL IPC 3,17% DE 2010, 3,73% DE 2011, 2,44% DE 2012, 1,94 DE 2013, 3,66% DE 2014, 6,77% DE 2015 Y 5,75% DE 2016 | X75: PROMEDIO PROPUESTAS PRESENTADAS CONTRATACIÒN 11000064-OR DE 2011 INCREMENTÁNDOLAS AL IPC 3,73% DE 2011, 2,44% DE 2012, 1,94 DE 2013, 3,66% DE 2014, 6,77% DE 2015 Y 5,75% DE 2016 | Z75: PROMEDIO PROPUESTAS PRESENTADAS CONTRATACIÒN 120000179 OR 2012 INCREMENTÁNDOLAS AL IPC 2,44% DE 2012, 1,94 DE 2013, 3,66% DE 2014, 6,77% DE 2015 Y 5,75% DE 2016 | AB75: PROMEDIO PROPUESTAS PRESENTADAS CONTRATACIÒN 13000208 OR 2013 INCREMENTÁNDOLAS AL IPC 2,44% DE 2012, 1,94 DE 2013, 3,66% DE 2014, 6,77% DE 2015 Y 5,75% DE 2016 | AD75: PROMEDIO PROPUESTAS PRESENTADAS CONTRATACIÒN 14000026 OI 2014 INCREMENTADOLAS AL IPC 3,66% DE 2014, 6,77% DE 2015 Y 5,75% DE 2016 | AF75: PROMEDIO PROPUESTAS PRESENTADAS CONTRATACIÒN 150000048 OI 2015 INCREMENTADOLAS AL IPC 6,77% DE 2015 Y 5,75% DE 2016 | AH75: PROMEDIO PROPUESTAS PRESENTADAS CONTRATACIÒN 30016019 INCREMENTADOLAS AL IPC 5,75% DE 2015. | AJ75: PROMEDIO | AL75: MEDIANA | AN75: MEDIA ARMÓNICA | AP75: MEDIA GEOMÉTRICA
A76: ÍTEM | B76: DESCRIPCIÓN | C76: Und | D76: Cant | E76: Rondas | F76: Valor Unitario | G76: TOTAL | H76: Valor Unitario | I76: TOTAL | J76: Valor Unitario | K76: TOTAL | L76: Valor Unitario | M76: TOTAL | N76: Valor Unitario | O76: TOTAL | P76: Valor Unitario | Q76: TOTAL | R76: Valor Unitario | S76: TOTAL | T76: Valor Unitario | U76: TOTAL | V76: Valor Unitario | W76: TOTAL | X76: Valor Unitario | Y76: TOTAL | Z76: Valor Unitario | AA76: TOTAL | AB76: Valor Unitario | AC76: TOTAL | AD76: Valor Unitario | AE76: TOTAL | AF76: Valor Unitario | AG76: TOTAL | AH76: Valor Unitario | AI76: TOTAL | AJ76: Valor Unitario | AK76: TOTAL | AL76: Valor Unitario | AM76: TOTAL | AN76: Valor Unitario | AO76: TOTAL | AP76: Valor Unitario | AQ76: TOTAL
A77: 5 | B77: Mantenimiento de zonas verdes. Roceria: zonas de seguridad y demas areas del aeropuerto, incluyendo la limpieza de las áreas perimetrales internas (desde las zonas de seguridad hasta el cerramiento). Consistente en desmonte y limpieza de zonas no boscosas. | C77: Ha | D77: 24.85 | E77: 4 | F77: 320000 | G77: =ROUND(D77*E77*F77,0) -> 31808000 | H77: 612439 | I77: =ROUND(D77*E77*H77,0) -> 60876437 | J77: 320000 | K77: =ROUND(D77*E77*J77,0) -> 31808000 | L77: 250000 | M77: =L77*E77*D77 -> 24850000 | N77: 280000 | O77: =D77*E77*N77 -> 27832000 | P77: 300000 | Q77: =D77*E77*P77 -> 29820000 | R77: 310000 | S77: =D77*E77*R77 -> 30814000 | T77: 315000 | U77: =D77*E77*T77 -> 31311000 | V77: =301327*1.0317*1.0373*1.0244*1.0194*1.0366*1.0677*1.0575 -> 394140.33 | W77: =D77*E77*V77 -> 39177549 | X77: =287884*1.0373*1.0244*1.0194*1.0366*1.0677*1.0575 -> 364986.61 | Y77: =D77*E77*X77 -> 36279669 | Z77: =231829*1.0244*1.0194*1.0366*1.0677*1.0575 -> 283349.72 | AA77: =D77*E77*Z77 -> 28164962 | AB77: =239143*1.0194*1.0366*1.0677*1.0575 -> 285327.17 | AC77: =D77*E77*AB77 -> 28361520 | AD77: =250078*1.0366*1.0677*1.0575 -> 292695.68 | AE77: =D77*E77*AD77 -> 29093950 | AF77: =261096*1.0677*1.0575 -> 294801.6 | AG77: =D77*E77*AF77 -> 29303279 | AH77: =300226*1.0575 -> 317489 | AI77: =ROUND((D77*E77*AH77),0) -> 31558406 | AJ77: =ROUND((AVERAGE(F77,H77,J77,L77,N77,P77,R77,T77,V77,X77,Z77,AB77,AD77,AF77,AH77)),0) -> 329349 | AK77: =ROUND((D77*E77*AJ77),0) -> 32737291 | AL77: =ROUND((MEDIAN(F77,H77,J77,L77,N77,P77,R77,T77,V77,X77,Z77,AB77,AD77,AF77,AH77)),0) -> 310000 | AM77: =ROUND((D77*E77*AL77),0) -> 30814000 | AN77: =ROUND((HARMEAN(F77,H77,J77,L77,N77,P77,R77,T77,V77,X77,Z77,AB77,AD77,AF77,AH77)),0) -> 316074 | AO77: =ROUND((D77*E77*AN77),0) -> 31417756 | AP77: =ROUND((GEOMEAN(F77,H77,J77,L77,N77,P77,R77,T77,V77,X77,Z77,AB77,AD77,AF77,AH77)),0) -> 321737 | AQ77: =ROUND((D77*E77*AP77),0) -> 31980658
A78: 6 | B78: Limpieza (desmalezado y evacuación sedimentos) en canales (en tierra o en concreto) de evacuación aguas, retiro y disposición de material sobrante a cualquier distancia en botadero autorizado. Consistente en mantenimiento de taludes, reconstrucción de canales y limpieza de cauce a cualquier ancho de canal. | C78: Ml | D78: 2300 | E78: 4 | F78: 2100 | G78: =ROUND(D78*E78*F78,0) -> 19320000 | H78: 6500 | I78: =ROUND(D78*E78*H78,0) -> 59800000 | J78: 1800 | K78: =ROUND(D78*E78*J78,0) -> 16560000 | L78: 1800 | M78: =L78*E78*D78 -> 16560000 | N78: 2100 | O78: =D78*E78*N78 -> 19320000 | P78: 2950 | Q78: =D78*E78*P78 -> 27140000 | R78: 2700 | S78: =D78*E78*R78 -> 24840000 | T78: 2800 | U78: =D78*E78*T78 -> 25760000 | V78: =930*1.0317*1.0373*1.0244*1.0194*1.0366*1.0677*1.0575 -> 1216.4542 | W78: =D78*E78*V78 -> 11191379 | X78: =1750*1.0373*1.0244*1.0194*1.0366*1.0677*1.0575 -> 2218.6942 | Y78: =D78*E78*X78 -> 20411987 | Z78: =1652*1.0244*1.0194*1.0366*1.0677*1.0575 -> 2019.1336 | AA78: =D78*E78*Z78 -> 18576030 | AB78: =1146*1.0194*1.0366*1.0677*1.0575 -> 1367.3197 | AC78: =D78*E78*AB78 -> 12579341 | AD78: =1516*1.0366*1.0677*1.0575 -> 1774.353 | AE78: =D78*E78*AD78 -> 16324048 | AF78: =1558*1.0677*1.0575 -> 1759.1265 | AG78: =D78*E78*AF78 -> 16183964 | AH78: =1628*1.0575 -> 1721.61 | AI78: =ROUND((D78*E78*AH78),0) -> 15838812 | AJ78: =ROUND((AVERAGE(F78,H78,J78,L78,N78,P78,R78,T78,V78,X78,Z78,AB78,AD78,AF78,AH78)),0) -> 2322 | AK78: =ROUND((D78*E78*AJ78),0) -> 21362400 | AL78: =ROUND((MEDIAN(F78,H78,J78,L78,N78,P78,R78,T78,V78,X78,Z78,AB78,AD78,AF78,AH78)),0) -> 2019 | AM78: =ROUND((D78*E78*AL78),0) -> 18574800 | AN78: =ROUND((HARMEAN(F78,H78,J78,L78,N78,P78,R78,T78,V78,X78,Z78,AB78,AD78,AF78,AH78)),0) -> 2001 | AO78: =ROUND((D78*E78*AN78),0) -> 18409200 | AP78: =ROUND((GEOMEAN(F78,H78,J78,L78,N78,P78,R78,T78,V78,X78,Z78,AB78,AD78,AF78,AH78)),0) -> 2128 | AQ78: =ROUND((D78*E78*AP78),0) -> 19577600
A79: 7 | B79: Limpieza de cerramiento internos y externos y limpieza a una altura maxima del cerramiento. Limpieza manual del cerramiento (mallas) con la implementación de la fumigación con un herbicida químico, en una franja de 3 metros alrededor del aeropuerto. Incluye Cargue y disposición de material sobrante a cualquier distancia en botadero autorizado | C79: Ml | D79: 4000 | E79: 4 | F79: 2200 | G79: =ROUND(D79*E79*F79,0) -> 35200000 | H79: 3860 | I79: =ROUND(D79*E79*H79,0) -> 61760000 | J79: 1600 | K79: =ROUND(D79*E79*J79,0) -> 25600000 | L79: 1800 | M79: =L79*E79*D79 -> 28800000 | N79: 2100 | O79: =D79*E79*N79 -> 33600000 | P79: 2950 | Q79: =D79*E79*P79 -> 47200000 | R79: 2700 | S79: =D79*E79*R79 -> 43200000 | T79: 2800 | U79: =D79*E79*T79 -> 44800000 | V79: =757*1.0317*1.0373*1.0244*1.0194*1.0366*1.0677*1.0575 -> 990.1676 | W79: =D79*E79*V79 -> 15842682 | Y79: =D79*E79*X79 -> 0 | Z79: =2133*1.0244*1.0194*1.0366*1.0677*1.0575 -> 2607.0291 | AA79: =D79*E79*Z79 -> 41712465 | AB79: =1154*1.0194*1.0366*1.0677*1.0575 -> 1376.8647 | AC79: =D79*E79*AB79 -> 22029835 | AD79: =1451*1.0366*1.0677*1.0575 -> 1698.2759 | AE79: =D79*E79*AD79 -> 27172414 | AF79: =1581*1.0677*1.0575 -> 1785.0956 | AG79: =D79*E79*AF79 -> 28561530 | AH79: =1671*1.0575 -> 1767.0825 | AI79: =ROUND((D79*E79*AH79),0) -> 28273320 | AJ79: =ROUND((AVERAGE(F79,H79,J79,L79,N79,P79,R79,T79,V79,X79,Z79,AB79,AD79,AF79,AH79)),0) -> 2160 | AK79: =ROUND((D79*E79*AJ79),0) -> 34560000 | AL79: =ROUND((MEDIAN(F79,H79,J79,L79,N79,P79,R79,T79,V79,X79,Z79,AB79,AD79,AF79,AH79)),0) -> 1950 | AM79: =ROUND((D79*E79*AL79),0) -> 31200000 | AN79: =ROUND((HARMEAN(F79,H79,J79,L79,N79,P79,R79,T79,V79,X79,Z79,AB79,AD79,AF79,AH79)),0) -> 1925 | AO79: =ROUND((D79*E79*AN79),0) -> 30800000 | AP79: =ROUND((GEOMEAN(F79,H79,J79,L79,N79,P79,R79,T79,V79,X79,Z79,AB79,AD79,AF79,AH79)),0) -> 2041 | AQ79: =ROUND((D79*E79*AP79),0) -> 32656000
A80: 8 | B80: Aplicación de matamatelezas (combatran, randall o similar) a todas las zonas de seguridad incluida la base del cerramiento y los canales de drenaje | C80: Ha | D80: 18 | E80: 4 | F80: 500000 | G80: =ROUND(D80*E80*F80,0) -> 36000000 | H80: 1200000 | I80: =ROUND(D80*E80*H80,0) -> 86400000 | J80: 150000 | K80: =ROUND(D80*E80*J80,0) -> 10800000 | L80: 180000 | M80: =L80*E80*D80 -> 12960000 | N80: 200000 | O80: =D80*E80*N80 -> 14400000 | P80: 250000 | Q80: =D80*E80*P80 -> 18000000 | R80: 170000 | S80: =D80*E80*R80 -> 12240000 | T80: 180000 | U80: =D80*E80*T80 -> 12960000 | V80: =122575*1.0317*1.0373*1.0244*1.0194*1.0366*1.0677*1.0575 -> 160329.98 | W80: =D80*E80*V80 -> 11543758 | X80: =114902*1.0373*1.0244*1.0194*1.0366*1.0677*1.0575 -> 145675.66 | Y80: =D80*E80*X80 -> 10488647 | Z80: =189871*1.0244*1.0194*1.0366*1.0677*1.0575 -> 232067.15 | AA80: =D80*E80*Z80 -> 16708834 | AB80: =139286*1.0194*1.0366*1.0677*1.0575 -> 166185.42 | AC80: =D80*E80*AB80 -> 11965350 | AD80: =127435*1.0366*1.0677*1.0575 -> 149152.16 | AE80: =D80*E80*AD80 -> 10738956 | AF80: =148855*1.0677*1.0575 -> 168071.1 | AG80: =D80*E80*AF80 -> 12101119 | AH80: =169622*1.0575 -> 179375.27 | AI80: =ROUND((D80*E80*AH80),0) -> 12915019 | AJ80: =ROUND((AVERAGE(F80,H80,J80,L80,N80,P80,R80,T80,V80,X80,Z80,AB80,AD80,AF80,AH80)),0) -> 268724 | AK80: =ROUND((D80*E80*AJ80),0) -> 19348128 | AL80: =ROUND((MEDIAN(F80,H80,J80,L80,N80,P80,R80,T80,V80,X80,Z80,AB80,AD80,AF80,AH80)),0) -> 179375 | AM80: =ROUND((D80*E80*AL80),0) -> 12915000 | AN80: =ROUND((HARMEAN(F80,H80,J80,L80,N80,P80,R80,T80,V80,X80,Z80,AB80,AD80,AF80,AH80)),0) -> 194424 | AO80: =ROUND((D80*E80*AN80),0) -> 13998528 | AP80: =ROUND((GEOMEAN(F80,H80,J80,L80,N80,P80,R80,T80,V80,X80,Z80,AB80,AD80,AF80,AH80)),0) -> 215500 | AQ80: =ROUND((D80*E80*AP80),0) -> 15516000
B82: SUB TOTAL | G82: =SUM(G77:G80) -> 122328000 | I82: =SUM(I77:I80) -> 268836437 | K82: =SUM(K77:K80) -> 84768000 | M82: =SUM(M77:M80) -> 83170000 | O82: =SUM(O77:O80) -> 95152000 | Q82: =SUM(Q77:Q80) -> 122160000 | S82: =SUM(S77:S80) -> 111094000 | U82: =SUM(U77:U80) -> 114831000 | W82: =SUM(W77:W80) -> 77755368 | Y82: =SUM(Y77:Y80) -> 67180303 | AA82: =SUM(AA77:AA80) -> 1.0516229e+08 | AC82: =SUM(AC77:AC80) -> 74936047 | AE82: =SUM(AE77:AE80) -> 83329367 | AG82: =SUM(AG77:AG80) -> 86149892 | AI82: =SUM(AI77:AI80) -> 88585557 | AK82: =SUM(AK77:AK80) -> 108007819 | AM82: =SUM(AM77:AM80) -> 93503800 | AO82: =SUM(AO77:AO80) -> 94625484 | AQ82: =SUM(AQ77:AQ80) -> 99730258
B83: IVA del 19% | F83: 0.19 | G83: =ROUND(G82*F83,0) -> 23242320 | H83: 0.19 | I83: =ROUND(I82*H83,0) -> 51078923 | J83: 0.19 | K83: =ROUND(K82*J83,0) -> 16105920 | L83: 0.19 | M83: =ROUND(M82*L83,0) -> 15802300 | N83: 0.19 | O83: =ROUND(O82*N83,0) -> 18078880 | P83: 0.19 | Q83: =ROUND(Q82*P83,0) -> 23210400 | R83: 0.19 | S83: =ROUND(S82*R83,0) -> 21107860 | T83: 0.19 | U83: =ROUND(U82*T83,0) -> 21817890 | V83: 0.19 | W83: =ROUND(W82*V83,0) -> 14773520 | X83: 0.19 | Y83: =ROUND(Y82*X83,0) -> 12764258 | Z83: 0.19 | AA83: =ROUND(AA82*Z83,0) -> 19980835 | AB83: 0.19 | AC83: =ROUND(AC82*AB83,0) -> 14237849 | AD83: 0.19 | AE83: =ROUND(AE82*AD83,0) -> 15832580 | AF83: 0.19 | AG83: =ROUND(AG82*AF83,0) -> 16368480 | AH83: 0.19 | AI83: =ROUND(AI82*AH83,0) -> 16831256 | AJ83: 0.19 | AK83: =ROUND(AK82*AJ83,0) -> 20521486 | AL83: 0.19 | AM83: =ROUND(AM82*AL83,0) -> 17765722 | AN83: 0.19 | AO83: =ROUND(AO82*AN83,0) -> 17978842 | AP83: 0.19 | AQ83: =ROUND(AQ82*AP83,0) -> 18948749
B84: COSTO TOTAL (1) | G84: =SUM(G82:G83) -> 145570320 | I84: =SUM(I82:I83) -> 319915360 | K84: =SUM(K82:K83) -> 100873920 | M84: =SUM(M82:M83) -> 98972300 | O84: =SUM(O82:O83) -> 113230880 | Q84: =SUM(Q82:Q83) -> 145370400 | S84: =SUM(S82:S83) -> 132201860 | U84: =SUM(U82:U83) -> 136648890 | W84: =SUM(W82:W83) -> 92528888 | Y84: =SUM(Y82:Y83) -> 79944561 | AA84: =SUM(AA82:AA83) -> 1.2514313e+08 | AC84: =SUM(AC82:AC83) -> 89173896 | AE84: =SUM(AE82:AE83) -> 99161947 | AG84: =SUM(AG82:AG83) -> 1.0251837e+08 | AI84: =SUM(AI82:AI83) -> 105416813 | AK84: =SUM(AK82:AK83) -> 128529305 | AM84: =SUM(AM82:AM83) -> 111269522 | AO84: =SUM(AO82:AO83) -> 112604326 | AQ84: =SUM(AQ82:AQ83) -> 118679007
F87: =UPPER("OBJETO:Mantenimiento de las zonas seguridad y canales del aeropuerto Mandinga de Condoto - Chocó") -> OBJETO:MANTENIMIENTO DE LAS ZONAS SEGURIDAD Y CANALES DEL AEROPUERTO MANDINGA DE CONDOTO - CHOCÓ | AL87: =UPPER("OBJETO:Mantenimiento de las zonas seguridad y canales del aeropuerto Mandinga de Condoto - Chocó") -> OBJETO:MANTENIMIENTO DE LAS ZONAS SEGURIDAD Y CANALES DEL AEROPUERTO MANDINGA DE CONDOTO - CHOCÓ
B88: ESTUDIO DE MERCADO
B89: FECHA : FEBRERO 15 DE 2017 | F89: ARIETE SAS CARLOS AUGUSTO DÍAZ HERRERA | H89: B&C INGNIERIA INTEGRAL | J89: ALFONSO ANTONIO PEREA HURTADO | L89: FRANCISCO ALVAREZ PEREZ | N89: CARLOS SALAZAR GÓMEZ | P89: CARLOS CASTRO VEGA | R89: JUAN CARLOS ORTIZ LÓPEZ | T89: OSCAR MUÑOZ CORREA | V89: PROMEDIO PROPUESTAS PRESENTADAS CONTRATACIÒN 10000040-OI 2010 INCREMENTADOLAS AL IPC 3,17% DE 2010, 3,73% DE 2011, 2,44% DE 2012, 1,94 DE 2013, 3,66% DE 2014, 6,77% DE 2015 Y 5,75% DE 2016 | X89: PROMEDIO PROPUESTAS PRESENTADAS CONTRATACIÒN 11000008 OI 2011 INCREMENTADOLAS AL IPC 3,73% DE 2011, 2,44% DE 2012, 1,94 DE 2013, 3,66% DE 2014, 6,77% DE 2015 Y 5,75% DE 2016 | Z89: PROMEDIO PROPUESTAS PRESENTADAS CONTRATACIÒN 120000016 OI 2012 INCREMENTADOLAS AL IPC 2,44% DE 2012, 1,94 DE 2013, 3,66% DE 2014, 6,77% DE 2015 Y 5,75% DE 2016 | AB89: PROMEDIO PROPUESTAS PRESENTADAS CONTRATACIÒN 130000029 OI 2013 INCREMENTADOLAS AL IPC 1,94 DE 2013, 3,66% DE 2014, 6,77% DE 2015 Y 5,75% DE 2016 | AF89: PROMEDIO PROPUESTAS PRESENTADAS CONTRATACIÒN 140000029 OI 2014 INCREMENTADOLAS AL IPC 3,66% DE 2014, 6,77% DE 2015 Y 5,75% DE 2016 | AH89: PROMEDIO PROPUESTAS PRESENTADAS CONTRATACIÒN 150000047 OI 2015 INCREMENTADOLAS AL IPC 6,77% DE 2015 Y 5,75% DE 2016 | AJ89: PROMEDIO PROPUESTAS PRESENTADAS CONTRATACIÒN 30016021 INCREMENTADOLAS AL IPC 5,75% DE 2015. | AL89: PROMEDIO | AN89: MEDIANA | AP89: MEDIA ARMONICA | AR89: MEDIA GEOMETRICA
A90: ÍTEM | B90: DESCRIPCIÓN | C90: Und | D90: Cant | E90: Rondas | F90: Valor Unitario | G90: TOTAL | H90: Valor Unitario | I90: TOTAL | J90: Valor Unitario | K90: TOTAL | L90: Valor Unitario | M90: TOTAL | N90: Valor Unitario | O90: TOTAL | P90: Valor Unitario | Q90: TOTAL | R90: Valor Unitario | S90: TOTAL | T90: Valor Unitario | U90: TOTAL | V90: Valor Unitario | W90: TOTAL | X90: Valor Unitario | Y90: TOTAL | Z90: Valor Unitario | AA90: TOTAL | AB90: Valor Unitario | AC90: TOTAL | AD90: Valor Unitario | AE90: TOTAL | AF90: Valor Unitario | AG90: TOTAL | AH90: Valor Unitario | AI90: TOTAL | AJ90: Valor Unitario | AK90: TOTAL | AL90: Valor Unitario | AM90: TOTAL | AN90: Valor Unitario | AO90: TOTAL | AP90: Valor Unitario | AQ90: TOTAL | AR90: Valor Unitario | AS90: TOTAL
A91: 1 | B91: Mantenimiento de zonas verdes. Roceria: zonas de seguridad y demas areas del aeropuerto, incluyendo la limpieza de las áreas perimetrales internas (desde las zonas de seguridad hasta el cerramiento). Consistente en desmonte y limpieza de zonas no boscosas. | C91: Ha | D91: 32 | E91: 4 | F91: 400000 | G91: =ROUND(D91*E91*F91,0) -> 51200000 | H91: 758989 | I91: =ROUND(D91*E91*H91,0) -> 97150592 | J91: 330000 | K91: =ROUND(D91*E91*J91,0) -> 42240000 | L91: 325000 | M91: =L91*E91*D91 -> 41600000 | N91: 330000 | O91: =D91*E91*N91 -> 42240000 | P91: 335000 | Q91: =D91*E91*P91 -> 42880000 | R91: 325000 | S91: =D91*E91*R91 -> 41600000 | T91: 335000 | U91: =D91*E91*T91 -> 42880000 | V91: =323438*1.0317*1.0373*1.0244*1.0194*1.0366*1.0677*1.0575 -> 423061.86 | W91: =D91*E91*V91 -> 54151918 | X91: =250000*1.0373*1.0244*1.0194*1.0366*1.0677*1.0575 -> 316956.31 | Y91: =D91*E91*X91 -> 40570408 | Z91: =293937*1.0244*1.0194*1.0366*1.0677*1.0575 -> 359260.34 | AA91: =D91*E91*Z91 -> 45985324 | AB91: =363335*1.0194*1.0366*1.0677*1.0575 -> 433503.58 | AC91: =D91*E91*AB91 -> 55488458 | AE91: =D91*E91*AD91 -> 0 | AF91: =268008*1.0366*1.0677*1.0575 -> 313681.27 | AG91: =D91*E91*AF91 -> 40151202 | AH91: =270408*1.0677*1.0575 -> 305315.71 | AI91: =D91*E91*AH91 -> 39080411 | AJ91: =322396*1.0575 -> 340933.77 | AK91: =D91*E91*AJ91 -> 43639523 | AL91: =ROUND((AVERAGE(F91,H91,J91,L91,N91,P91,R91,T91,V91,X91,Z91,AB91,AF91,AH91,AJ91)),0) -> 375447 | AM91: =ROUND((D91*E91*AL91),0) -> 48057216 | AN91: =ROUND((MEDIAN(F91,H91,J91,N91,L91,P91,R91,T91,V91,X91,Z91,AB91,AF91,AH91,AJ91)),0) -> 335000 | AO91: =ROUND((D91*E91*AN91),0) -> 42880000 | AP91: =ROUND((HARMEAN(F91,H91,J91,L91,N91,P91,R91,T91,V91,X91,Z91,AB91,AF91,AH91,AJ91)),0) -> 357079 | AQ91: =ROUND((D91*E91*AP91),0) -> 45706112 | AR91: =ROUND((GEOMEAN(F91,H91,J91,L91,N91,P91,R91,T91,V91,X91,Z91,AB91,AF91,AH91,AJ91)),0) -> 364580 | AS91: =ROUND((D91*E91*AR91),0) -> 46666240
A92: 2 | B92: Limpieza (desmalezado y evacuación sedimentos) en canales (en tierra o en concreto) de evacuación aguas, retiro y disposición de material sobrante a cualquier distancia en botadero autorizado. Consistente en mantenimiento de taludes, reconstrucción de canales y limpieza de cauce a cualquier ancho de canal. | C92: Ml | D92: 2944 | E92: 4 | F92: 2500 | G92: =ROUND(D92*E92*F92,0) -> 29440000 | H92: 6500 | I92: =ROUND(D92*E92*H92,0) -> 76544000 | J92: 1700 | K92: =ROUND(D92*E92*J92,0) -> 20019200 | L92: 1800 | M92: =L92*E92*D92 -> 21196800 | N92: 2100 | O92: =D92*E92*N92 -> 24729600 | P92: 2950 | Q92: =D92*E92*P92 -> 34739200 | R92: 2700 | S92: =D92*E92*R92 -> 31795200 | T92: 2800 | U92: =D92*E92*T92 -> 32972800 | V92: =1399*1.0317*1.0373*1.0244*1.0194*1.0366*1.0677*1.0575 -> 1829.9134 | W92: =D92*E92*V92 -> 21549061 | X92: =1500*1.0373*1.0244*1.0194*1.0366*1.0677*1.0575 -> 1901.7379 | Y92: =D92*E92*X92 -> 22394865 | Z92: =1600*1.0244*1.0194*1.0366*1.0677*1.0575 -> 1955.5774 | AA92: =D92*E92*Z92 -> 23028879 | AB92: =1738*1.0194*1.0366*1.0677*1.0575 -> 2073.6489 | AC92: =D92*E92*AB92 -> 24419289 | AE92: =D92*E92*AD92 -> 0 | AF92: =1695*1.0366*1.0677*1.0575 -> 1983.8577 | AG92: =D92*E92*AF92 -> 23361909 | AH92: =1670*1.0677*1.0575 -> 1885.5849 | AI92: =D92*E92*AH92 -> 22204648 | AJ92: =1759*1.0575 -> 1860.1425 | AK92: =D92*E92*AJ92 -> 21905038 | AL92: =ROUND((AVERAGE(F92,H92,J92,L92,N92,P92,R92,T92,V92,X92,Z92,AB92,AF92,AH92,AJ92)),0) -> 2436 | AM92: =ROUND((D92*E92*AL92),0) -> 28686336 | AN92: =ROUND((MEDIAN(F92,H92,J92,N92,L92,P92,R92,T92,V92,X92,Z92,AB92,AF92,AH92,AJ92)),0) -> 1984 | AO92: =ROUND((D92*E92*AN92),0) -> 23363584 | AP92: =ROUND((HARMEAN(F92,H92,J92,L92,N92,P92,R92,T92,V92,X92,Z92,AB92,AF92,AH92,AJ92)),0) -> 2181 | AQ92: =ROUND((D92*E92*AP92),0) -> 25683456 | AR92: =ROUND((GEOMEAN(F92,H92,J92,L92,N92,P92,R92,T92,V92,X92,Z92,AB92,AF92,AH92,AJ92)),0) -> 2277 | AS92: =ROUND((D92*E92*AR92),0) -> 26813952
A93: 3 | B93: Limpieza con maquinaria pesada de caños para evacuación aguas, evacuación sedimentos, restituir la geometria del canal mediante reconstrucción de canales, corte de taludes a ambos lados, limpieza de cauce a cualquier ancho de canal, retiro y disposición de material sobrante a cualquier distancia en botadero autorizado. | C93: ML | D93: 500 | E93: 4 | F93: 5000 | G93: =ROUND(D93*E93*F93,0) -> 10000000 | H93: 90000 | I93: =ROUND(D93*E93*H93,0) -> 180000000 | J93: 6000 | K93: =ROUND(D93*E93*J93,0) -> 12000000 | L93: 9500 | M93: =L93*E93*D93 -> 19000000 | N93: 2100 | O93: =D93*E93*N93 -> 4200000 | P93: 3500 | Q93: =D93*E93*P93 -> 7000000 | R93: 5000 | S93: =D93*E93*R93 -> 10000000 | T93: 4800 | U93: =D93*E93*T93 -> 9600000 | V93: =4588*1.0317*1.0373*1.0244*1.0194*1.0366*1.0677*1.0575 -> 6001.1743 | W93: =D93*E93*V93 -> 12002349 | X93: =3300*1.0373*1.0244*1.0194*1.0366*1.0677*1.0575 -> 4183.8234 | Y93: =D93*E93*X93 -> 8367646.7 | Z93: =3506*1.0244*1.0194*1.0366*1.0677*1.0575 -> 4285.1589 | AA93: =D93*E93*Z93 -> 8570317.9 | AB93: =3333*1.0194*1.0366*1.0677*1.0575 -> 3976.6811 | AC93: =D93*E93*AB93 -> 7953362.2 | AE93: =D93*E93*AD93 -> 0 | AF93: =3435*1.0366*1.0677*1.0575 -> 4020.3843 | AG93: =D93*E93*AF93 -> 8040768.5 | AH93: =3655*1.0677*1.0575 -> 4126.834 | AI93: =D93*E93*AH93 -> 8253668 | AJ93: =3862*1.0575 -> 4084.065 | AK93: =D93*E93*AJ93 -> 8168130 | AL93: =ROUND((AVERAGE(F93,H93,J93,L93,N93,P93,R93,T93,V93,X93,Z93,AB93,AF93,AH93,AJ93)),0) -> 10439 | AM93: =ROUND((D93*E93*AL93),0) -> 20878000 | AN93: =ROUND((MEDIAN(F93,H93,J93,N93,L93,P93,R93,T93,V93,X93,Z93,AB93,AF93,AH93,AJ93)),0) -> 4285 | AO93: =ROUND((D93*E93*AN93),0) -> 8570000 | AP93: =ROUND((HARMEAN(F93,H93,J93,L93,N93,P93,R93,T93,V93,X93,Z93,AB93,AF93,AH93,AJ93)),0) -> 4574 | AQ93: =ROUND((D93*E93*AP93),0) -> 9148000 | AR93: =ROUND((GEOMEAN(F93,H93,J93,L93,N93,P93,R93,T93,V93,X93,Z93,AB93,AF93,AH93,AJ93)),0) -> 5510 | AS93: =ROUND((D93*E93*AR93),0) -> 11020000
A94: 4 | B94: Limpieza de cerramiento internos y externos y limpieza a una altura maxima del cerramiento. Limpieza manual del cerramiento (mallas) con la implementación de la fumigación con un herbicida químico, en una franja de 3 metros alrededor del aeropuerto. Incluye Cargue y disposición de material sobrante a cualquier distancia en botadero autorizado | C94: Ml | D94: 4184 | E94: 4 | F94: 2400 | G94: =ROUND(D94*E94*F94,0) -> 40166400 | H94: 3860 | I94: =ROUND(D94*E94*H94,0) -> 64600960 | J94: 1800 | K94: =ROUND(D94*E94*J94,0) -> 30124800 | L94: 1800 | M94: =L94*E94*D94 -> 30124800 | N94: 2100 | O94: =D94*E94*N94 -> 35145600 | P94: 2950 | Q94: =D94*E94*P94 -> 49371200 | R94: 2700 | S94: =D94*E94*R94 -> 45187200 | T94: 2800 | U94: =D94*E94*T94 -> 46860800 | V94: =1303*1.0317*1.0373*1.0244*1.0194*1.0366*1.0677*1.0575 -> 1704.344 | W94: =D94*E94*V94 -> 28523901 | X94: =1800*1.0373*1.0244*1.0194*1.0366*1.0677*1.0575 -> 2282.0855 | Y94: =D94*E94*X94 -> 38192982 | Z94: =2133*1.0244*1.0194*1.0366*1.0677*1.0575 -> 2607.0291 | AA94: =D94*E94*Z94 -> 43631239 | AB94: =1840*1.0194*1.0366*1.0677*1.0575 -> 2195.3475 | AC94: =D94*E94*AB94 -> 36741336 | AF94: =1769*1.0366*1.0677*1.0575 -> 2070.4686 | AG94: =D94*E94*AF94 -> 34651363 | AH94: =1719*1.0677*1.0575 -> 1940.9104 | AI94: =D94*E94*AH94 -> 32483077 | AJ94: =1838*1.0575 -> 1943.685 | AK94: =D94*E94*AJ94 -> 32529512 | AL94: =ROUND((AVERAGE(F94,H94,J94,L94,N94,P94,R94,T94,V94,X94,Z94,AB94,AF94,AH94,AJ94)),0) -> 2344 | AM94: =ROUND((D94*E94*AL94),0) -> 39229184 | AN94: =ROUND((MEDIAN(F94,H94,J94,N94,L94,P94,R94,T94,V94,X94,Z94,AB94,AF94,AH94,AJ94)),0) -> 2195 | AO94: =ROUND((D94*E94*AN94),0) -> 36735520 | AP94: =ROUND((HARMEAN(F94,H94,J94,L94,N94,P94,R94,T94,V94,X94,Z94,AB94,AF94,AH94,AJ94)),0) -> 2237 | AQ94: =ROUND((D94*E94*AP94),0) -> 37438432 | AR94: =ROUND((GEOMEAN(F94,H94,J94,L94,N94,P94,R94,T94,V94,X94,Z94,AB94,AF94,AH94,AJ94)),0) -> 2287 | AS94: =ROUND((D94*E94*AR94),0) -> 38275232
A95: 5 | B95: Aplicación de matamalezas (combatran, randall o similar) a todas las zonas de seguridad incluida la base del cerramiento y los canales de drenaje | C95: Ha | D95: 12 | E95: 4 | F95: 600000 | G95: =ROUND(D95*E95*F95,0) -> 28800000 | H95: 1200000 | I95: =ROUND(D95*E95*H95,0) -> 57600000 | J95: 160000 | K95: =ROUND(D95*E95*J95,0) -> 7680000 | L95: 180000 | M95: =L95*E95*D95 -> 8640000 | N95: 200000 | O95: =D95*E95*N95 -> 9600000 | P95: 250000 | Q95: =D95*E95*P95 -> 12000000 | R95: 170000 | S95: =D95*E95*R95 -> 8160000 | T95: 180000 | U95: =D95*E95*T95 -> 8640000 | V95: =108664*1.0317*1.0373*1.0244*1.0194*1.0366*1.0677*1.0575 -> 142134.18 | W95: =D95*E95*V95 -> 6822440.5 | X95: =175000*1.0373*1.0244*1.0194*1.0366*1.0677*1.0575 -> 221869.42 | Y95: =D95*E95*X95 -> 10649732 | Z95: =147935*1.0244*1.0194*1.0366*1.0677*1.0575 -> 180811.46 | AA95: =D95*E95*Z95 -> 8678950.2 | AB95: =157375*1.0194*1.0366*1.0677*1.0575 -> 187767.83 | AC95: =D95*E95*AB95 -> 9012856 | AF95: =157437*1.0366*1.0677*1.0575 -> 184267.03 | AG95: =D95*E95*AF95 -> 8844817.3 | AH95: =148291*1.0677*1.0575 -> 167434.29 | AI95: =D95*E95*AH95 -> 8036846.1 | AJ95: =191196*1.0575 -> 202189.77 | AK95: =D95*E95*AJ95 -> 9705109 | AL95: =ROUND((AVERAGE(F95,H95,J95,L95,N95,P95,R95,T95,V95,X95,Z95,AB95,AF95,AH95,AJ95)),0) -> 281765 | AM95: =ROUND((D95*E95*AL95),0) -> 13524720 | AN95: =ROUND((MEDIAN(F95,H95,J95,N95,L95,P95,R95,T95,V95,X95,Z95,AB95,AF95,AH95,AJ95)),0) -> 184267 | AO95: =ROUND((D95*E95*AN95),0) -> 8844816 | AP95: =ROUND((HARMEAN(F95,H95,J95,L95,N95,P95,R95,T95,V95,X95,Z95,AB95,AF95,AH95,AJ95)),0) -> 204115 | AQ95: =ROUND((D95*E95*AP95),0) -> 9797520 | AR95: =ROUND((GEOMEAN(F95,H95,J95,L95,N95,P95,R95,T95,V95,X95,Z95,AB95,AF95,AH95,AJ95)),0) -> 226503 | AS95: =ROUND((D95*E95*AR95),0) -> 10872144
A96: 6 | B96: Limpieza de bordes de pista mediante maquinaria pesada (motoniveladora) y/o herramientas menores (azadón etc.). Cinco (5) metros a cada lado. Retiro de material vegetal que esta invadiendo la pista. Incluye retiro y disposición de material en botadero oficial. | C96: ML | D96: =1150*2 -> 2300 | E96: 4 | F96: 3000 | G96: =ROUND(D96*E96*F96,0) -> 27600000 | H96: 1600 | I96: =ROUND(D96*E96*H96,0) -> 14720000 | J96: 1900 | K96: =ROUND(D96*E96*J96,0) -> 17480000 | L96: 3600 | M96: =L96*E96*D96 -> 33120000 | N96: 3500 | O96: =D96*E96*N96 -> 32200000 | P96: 3350 | Q96: =D96*E96*P96 -> 30820000 | R96: 3800 | S96: =D96*E96*R96 -> 34960000 | T96: 4200 | U96: =D96*E96*T96 -> 38640000 | W96: =D96*E96*V96 -> 0 | Y96: =D96*E96*X96 -> 0 | AA96: =D96*E96*Z96 -> 0 | AF96: =1700*1.0366*1.0677*1.0575 -> 1989.7098 | AG96: =D96*E96*AF96 -> 18305330 | AH96: =2048*1.0677*1.0575 -> 2312.382 | AI96: =D96*E96*AH96 -> 21273914 | AJ96: =1727*1.0575 -> 1826.3025 | AK96: =D96*E96*AJ96 -> 16801983 | AL96: =ROUND((AVERAGE(F96,H96,J96,L96,N96,P96,R96,T96,V96,X96,Z96,AB96,AF96,AH96,AJ96)),0) -> 2825 | AM96: =ROUND((D96*E96*AL96),0) -> 25990000 | AN96: =ROUND((MEDIAN(F96,H96,J96,N96,L96,P96,R96,T96,V96,X96,Z96,AB96,AF96,AH96,AJ96)),0) -> 3000 | AO96: =ROUND((D96*E96*AN96),0) -> 27600000 | AP96: =ROUND((HARMEAN(F96,H96,J96,L96,N96,P96,R96,T96,V96,X96,Z96,AB96,AF96,AH96,AJ96)),0) -> 2540 | AQ96: =ROUND((D96*E96*AP96),0) -> 23368000 | AR96: =ROUND((GEOMEAN(F96,H96,J96,L96,N96,P96,R96,T96,V96,X96,Z96,AB96,AF96,AH96,AJ96)),0) -> 2682 | AS96: =ROUND((D96*E96*AR96),0) -> 24674400
A97: 7 | B97: Tala de arboles y arbustos. Consistente en desmonte y limpieza de zonas boscosas. Incluye Cargue y disposición de material sobrante a cualquier distancia en botadero autorizado. Limpieza destronque de raices. Areas en zonas de seguridad y demas areas del aeropuerto con retiro de material vegetal fuera del sitio. Se requiere se realice el tramite ante la Corporacion ambiental de permisos de tala y poda. | C97: Ha | D97: 3 | E97: 1 | F97: 2500000 | G97: =ROUND(D97*E97*F97,0) -> 7500000 | H97: 1062585 | I97: =ROUND(D97*E97*H97,0) -> 3187755 | J97: 1200000 | K97: =ROUND(D97*E97*J97,0) -> 3600000 | L97: 1150000 | M97: =L97*E97*D97 -> 3450000 | N97: 1500000 | O97: =D97*E97*N97 -> 4500000 | P97: 1000000 | Q97: =D97*E97*P97 -> 3000000 | R97: 1500000 | S97: =D97*E97*R97 -> 4500000 | T97: 1030000 | U97: =D97*E97*T97 -> 3090000 | W97: =D97*E97*V97 -> 0 | X97: =1300000*1.0373*1.0244*1.0194*1.0366*1.0677*1.0575 -> 1648172.8 | Y97: =D97*E97*X97 -> 4944518.5 | Z97: =720864*1.0244*1.0194*1.0366*1.0677*1.0575 -> 881065.83 | AA97: =D97*E97*Z97 -> 2643197.5 | AC97: =D97*E97*AB97 -> 0 | AE97: =D97*E97*AD97 -> 0 | AF97: =801667*1.0366*1.0677*1.0575 -> 938285.12 | AG97: =D97*E97*AF97 -> 2814855.4 | AH97: =1005705*1.0677*1.0575 -> 1135534.2 | AI97: =D97*E97*AH97 -> 3406602.7 | AJ97: =1107149*1.0575 -> 1170810.1 | AK97: =D97*E97*AJ97 -> 3512430.2 | AL97: =ROUND((AVERAGE(F97,H97,J97,L97,N97,P97,R97,T97,V97,X97,Z97,AB97,AF97,AH97,AJ97)),0) -> 1285881 | AM97: =ROUND((D97*E97*AL97),0) -> 3857643 | AN97: =ROUND((MEDIAN(F97,H97,J97,N97,L97,P97,R97,T97,V97,X97,Z97,AB97,AF97,AH97,AJ97)),0) -> 1150000 | AO97: =ROUND((D97*E97*AN97),0) -> 3450000 | AP97: =ROUND((HARMEAN(F97,H97,J97,L97,N97,P97,R97,T97,V97,X97,Z97,AB97,AF97,AH97,AJ97)),0) -> 1193706 | AQ97: =ROUND((D97*E97*AP97),0) -> 3581118 | AR97: =ROUND((GEOMEAN(F97,H97,J97,L97,N97,P97,R97,T97,V97,X97,Z97,AB97,AF97,AH97,AJ97)),0) -> 1234030 | AS97: =ROUND((D97*E97*AR97),0) -> 3702090
AC98: =D98*E98*AB98 -> 0
B99: SUB TOTAL | G99: =SUM(G91:G97) -> 194706400 | I99: =SUM(I91:I97) -> 493803307 | K99: =SUM(K91:K97) -> 133144000 | M99: =SUM(M91:M97) -> 157131600 | O99: =SUM(O91:O97) -> 152615200 | Q99: =SUM(Q91:Q97) -> 179810400 | S99: =SUM(S91:S97) -> 176202400 | U99: =SUM(U91:U97) -> 182683600 | W99: =SUM(W91:W97) -> 1.2304967e+08 | Y99: =SUM(Y91:Y97) -> 1.2512015e+08 | AA99: =SUM(AA91:AA97) -> 1.3253791e+08 | AC99: =SUM(AC91:AC97) -> 1.336153e+08 | AE99: =SUM(AE91:AE97) -> 0 | AG99: =SUM(AG91:AG97) -> 1.3617025e+08 | AI99: =SUM(AI91:AI97) -> 1.3473917e+08 | AK99: =SUM(AK91:AK97) -> 1.3626172e+08 | AM99: =SUM(AM91:AM97) -> 180223099 | AO99: =SUM(AO91:AO97) -> 151443920 | AQ99: =SUM(AQ91:AQ97) -> 154722638 | AS99: =SUM(AS91:AS97) -> 162024058
B100: IVA del 19% | E100: 0.19 | F100: 0.19 | G100: =ROUND(G99*F100,0) -> 36994216 | H100: 0.19 | I100: =ROUND(I99*H100,0) -> 93822628 | J100: 0.19 | K100: =ROUND(K99*J100,0) -> 25297360 | L100: 0.19 | M100: =ROUND(M99*L100,0) -> 29855004 | N100: 0.19 | O100: =ROUND(O99*N100,0) -> 28996888 | P100: 0.19 | Q100: =ROUND(Q99*P100,0) -> 34163976 | R100: 0.19 | S100: =ROUND(S99*R100,0) -> 33478456 | T100: 0.19 | U100: =ROUND(U99*T100,0) -> 34709884 | V100: 0.19 | W100: =ROUND(W99*V100,0) -> 23379437 | X100: 0.19 | Y100: =ROUND(Y99*X100,0) -> 23772829 | Z100: 0.19 | AA100: =ROUND(AA99*Z100,0) -> 25182202 | AB100: 0.19 | AC100: =ROUND(AC99*AB100,0) -> 25386907 | AD100: 0.19 | AE100: =ROUND(AE99*AD100,0) -> 0 | AF100: 0.19 | AG100: =ROUND(AG99*AF100,0) -> 25872347 | AH100: 0.19 | AI100: =ROUND(AI99*AH100,0) -> 25600442 | AJ100: 0.19 | AK100: =ROUND(AK99*AJ100,0) -> 25889728 | AL100: 0.19 | AM100: =ROUND(AM99*AL100,0) -> 34242389 | AN100: 0.19 | AO100: =ROUND(AO99*AN100,0) -> 28774345 | AP100: 0.19 | AQ100: =ROUND(AQ99*AP100,0) -> 29397301 | AR100: 0.19 | AS100: =ROUND(AS99*AR100,0) -> 30784571
B101: COSTO TOTAL (1) | G101: =SUM(G99:G100) -> 231700616 | I101: =SUM(I99:I100) -> 587625935 | K101: =SUM(K99:K100) -> 158441360 | M101: =SUM(M99:M100) -> 186986604 | O101: =SUM(O99:O100) -> 181612088 | Q101: =SUM(Q99:Q100) -> 213974376 | S101: =SUM(S99:S100) -> 209680856 | U101: =SUM(U99:U100) -> 217393484 | W101: =SUM(W99:W100) -> 1.4642911e+08 | Y101: =SUM(Y99:Y100) -> 1.4889298e+08 | AA101: =SUM(AA99:AA100) -> 1.5772011e+08 | AC101: =SUM(AC99:AC100) -> 1.5900221e+08 | AE101: =SUM(AE99:AE100) -> 0 | AG101: =SUM(AG99:AG100) -> 1.6204259e+08 | AI101: =SUM(AI99:AI100) -> 1.6033961e+08 | AK101: =SUM(AK99:AK100) -> 1.6215145e+08 | AM101: =SUM(AM99:AM100) -> 214465488 | AO101: =SUM(AO99:AO100) -> 180218265 | AQ101: =SUM(AQ99:AQ100) -> 184119939 | AS101: =SUM(AS99:AS100) -> 192808629
F104: =UPPER("OBJETO:CONTRATAR EL MANTENIMIENTO DE ZONAS DE SEGURIDAD Y CANALES DEL AEROPUERTO JOSE MARIA CORDOVA DE RIONEGRO") -> OBJETO:CONTRATAR EL MANTENIMIENTO DE ZONAS DE SEGURIDAD Y CANALES DEL AEROPUERTO JOSE MARIA CORDOVA DE RIONEGRO | AJ104: =UPPER("OBJETO:CONTRATAR EL MANTENIMIENTO DE ZONAS DE SEGURIDAD Y CANALES DEL AEROPUERTO JOSE MARIA CORDOVA DE RIONEGRO") -> OBJETO:CONTRATAR EL MANTENIMIENTO DE ZONAS DE SEGURIDAD Y CANALES DEL AEROPUERTO JOSE MARIA CORDOVA DE RIONEGRO
B105: ESTUDIO DE MERCADO
B106: FECHA : FEBRERO 15 DE 2017 | F106: ARIETE SAS CARLOS AUGUSTO DÍAZ HERRERA | H106: B&C INGNIERIA INTEGRAL | J106: ALFONSO ANTONIO PEREA HURTADO | L106: FRANCISCO ALVAREZ PEREZ | N106: CARLOS SALAZAR GÓMEZ | P106: CARLOS CASTRO VEGA | R106: JUAN CARLOS ORTIZ LÓPEZ | T106: OSCAR MUÑOZ CORREA | AD106: PROMEDIO PROPUESTAS PRESENTADAS CONTRATACIÒN 140000036 OI 2014 INCREMENTADOLAS AL IPC 3,66% DE 2014, 6,77% DE 2015 Y 5,75% DE 2016 | AF106: PROMEDIO PROPUESTAS PRESENTADAS CONTRATACIÒN 150000047 OI 2015 INCREMENTADOLAS AL IPC 6,77% DE 2015 Y 5,75% DE 2016 | AH106: PROMEDIO PROPUESTAS PRESENTADAS CONTRATACIÒN 30016021 INCREMENTADOLAS AL IPC 5,75% DE 2015. | AJ106: PROMEDIO | AL106: MEDIANA | AN106: MEDIA ARMÓNICA | AP106: MEDIA GEOMÉTRICA
A107: ÍTEM | B107: DESCRIPCIÓN | C107: Und | D107: Cant | E107: Rondas | F107: Valor Unitario | G107: TOTAL | H107: Valor Unitario | I107: TOTAL | J107: Valor Unitario | K107: TOTAL | L107: Valor Unitario | M107: TOTAL | N107: Valor Unitario | O107: TOTAL | P107: Valor Unitario | Q107: TOTAL | R107: Valor Unitario | S107: TOTAL | T107: Valor Unitario | U107: TOTAL | V107: Valor Unitario | W107: TOTAL | X107: Valor Unitario | Y107: TOTAL | Z107: Valor Unitario | AA107: TOTAL | AB107: Valor Unitario | AC107: TOTAL | AD107: Valor Unitario | AE107: TOTAL | AF107: Valor Unitario | AG107: TOTAL | AH107: Valor Unitario | AI107: TOTAL | AJ107: Valor Unitario | AK107: TOTAL | AL107: Valor Unitario | AM107: TOTAL | AN107: Valor Unitario | AO107: TOTAL | AP107: Valor Unitario | AQ107: TOTAL
A108: 8 | B108: Mantenimiento de zonas verdes. Roceria: zonas de seguridad y demas areas del aeropuerto, incluyendo la limpieza de las áreas perimetrales internas (desde las zonas de seguridad hasta el cerramiento). Consistente en desmonte y limpieza de zonas no boscosas. Vía de acceso al aeropuerto, vía de acceso a Casa Vacacional Rionego y Casa Vacacional Rionegro. | C108: Ha | D108: =(20000+35000+1000*5*2)/10000 -> 6.5 | E108: 5 | F108: 250000 | G108: =ROUND(D108*E108*F108,0) -> 8125000 | H108: 612439.14 | I108: =ROUND(D108*E108*H108,0) -> 19904272 | J108: 270000 | K108: =ROUND(D108*E108*J108,0) -> 8775000 | L108: 250000 | M108: =L108*E108*D108 -> 8125000 | N108: 280000 | O108: =D108*E108*N108 -> 9100000 | P108: 300000 | Q108: =D108*E108*P108 -> 9750000 | R108: 310000 | S108: =D108*E108*R108 -> 10075000 | T108: 335000 | U108: =D108*E108*T108 -> 10887500 | W108: =D108*E108*V108 -> 0 | Y108: =D108*E108*X108 -> 0 | AA108: =D108*E108*Z108 -> 0 | AC108: =D108*E108*AB108 -> 0 | AD108: =252094*1.0366*1.0677*1.0575 -> 295055.24 | AE108: =D108*E108*AD108 -> 9589295.3 | AF108: =257302*1.0677*1.0575 -> 290517.82 | AG108: =D108*E108*AF108 -> 9441829.2 | AH108: =304560*1.0575 -> 322072.2 | AI108: =ROUND((D108*E108*AH108),0) -> 10467347 | AJ108: =ROUND((AVERAGE(F108,H108,J108,L108,N108,P108,R108,T108,AD108,AF108,AH108)),0) -> 319553 | AK108: =ROUND((D108*E108*AJ108),0) -> 10385473 | AL108: =ROUND((MEDIAN(F108,H108,J108,L108,N108,P108,R108,T108,AD108,AF108,AH108)),0) -> 295055 | AM108: =ROUND((D108*E108*AL108),0) -> 9589288 | AN108: =ROUND((HARMEAN(F108,H108,J108,L108,N108,P108,R108,T108,AD108,AF108,AH108)),0) -> 302294 | AO108: =ROUND((D108*E108*AN108),0) -> 9824555 | AP108: =ROUND((GEOMEAN(F108,H108,J108,L108,N108,P108,R108,T108,AD108,AF108,AH108)),0) -> 309419 | AQ108: =ROUND((D108*E108*AP108),0) -> 10056118
A109: 9 | B109: Limpieza (desmalezado y evacuación sedimentos) en canales (en tierra o en concreto) de evacuación aguas, retiro y disposición de material sobrante a cualquier distancia en botadero autorizado. Consistente en mantenimiento de taludes, reconstrucción de canales y limpieza de cauce a cualquier ancho de canal. Vía de acceso al aeropuerto y vía de acceso a Casa Vacacional Rionego | C109: Ml | D109: =960 -> 960 | E109: 5 | F109: 1500 | G109: =ROUND(D109*E109*F109,0) -> 7200000 | H109: 6500 | I109: =ROUND(D109*E109*H109,0) -> 31200000 | J109: 1700 | K109: =ROUND(D109*E109*J109,0) -> 8160000 | L109: 1900 | M109: =L109*E109*D109 -> 9120000 | N109: 2100 | O109: =D109*E109*N109 -> 10080000 | P109: 2950 | Q109: =D109*E109*P109 -> 14160000 | R109: 2700 | S109: =D109*E109*R109 -> 12960000 | T109: 2800 | U109: =D109*E109*T109 -> 13440000 | W109: =D109*E109*V109 -> 0 | Y109: =D109*E109*X109 -> 0 | AA109: =D109*E109*Z109 -> 0 | AC109: =D109*E109*AB109 -> 0 | AD109: =1824*1.0366*1.0677*1.0575 -> 2134.8416 | AE109: =D109*E109*AD109 -> 10247240 | AF109: =1808*1.0677*1.0575 -> 2041.3997 | AG109: =D109*E109*AF109 -> 9798718.5 | AH109: =1642*1.0575 -> 1736.415 | AI109: =ROUND((D109*E109*AH109),0) -> 8334792 | AJ109: =ROUND((AVERAGE(F109,H109,J109,L109,N109,P109,R109,T109,AD109,AF109,AH109)),0) -> 2551 | AK109: =ROUND((D109*E109*AJ109),0) -> 12244800 | AL109: =ROUND((MEDIAN(F109,H109,J109,L109,N109,P109,R109,T109,AD109,AF109,AH109)),0) -> 2100 | AM109: =ROUND((D109*E109*AL109),0) -> 10080000 | AN109: =ROUND((HARMEAN(F109,H109,J109,L109,N109,P109,R109,T109,AD109,AF109,AH109)),0) -> 2195 | AO109: =ROUND((D109*E109*AN109),0) -> 10536000 | AP109: =ROUND((GEOMEAN(F109,H109,J109,L109,N109,P109,R109,T109,AD109,AF109,AH109)),0) -> 2333 | AQ109: =ROUND((D109*E109*AP109),0) -> 11198400
A110: 10 | B110: Mantenimiento de jardines, suministro de material vegetal y ornamental. Incluye poda, abono, fertilización, fumigación, limpieza y plantación de especies vegetales. Tierra Negra, Cisco de arroz, Abono orgánico compostado, Abono químico 15-15-15, Cal agrícola. Area aproximada 2000 m2 Vía de acceso al aeropuerto Rionego | C110: Global | D110: 1 | E110: 5 | F110: 2500000 | G110: =ROUND(D110*E110*F110,0) -> 12500000 | I110: =ROUND(D110*E110*H110,0) -> 0 | J110: 2200000 | K110: =ROUND(D110*E110*J110,0) -> 11000000 | L110: 2000000 | M110: =L110*E110*D110 -> 10000000 | N110: 2300000 | O110: =D110*E110*N110 -> 11500000 | P110: 2100000 | Q110: =D110*E110*P110 -> 10500000 | R110: 2680000 | S110: =D110*E110*R110 -> 13400000 | T110: 2300000 | U110: =D110*E110*T110 -> 11500000 | W110: =D110*E110*V110 -> 0 | Y110: =D110*E110*X110 -> 0 | AA110: =D110*E110*Z110 -> 0 | AC110: =D110*E110*AB110 -> 0 | AD110: =3753647*1.0366*1.0677*1.0575 -> 4393334.3 | AE110: =D110*E110*AD110 -> 21966672 | AF110: =1769820*1.0677*1.0575 -> 1998290.9 | AG110: =D110*E110*AF110 -> 9991454.7 | AH110: =2288217*1.0575 -> 2419789.5 | AI110: =ROUND((D110*E110*AH110),0) -> 12098947 | AJ110: =ROUND((AVERAGE(F110,H110,J110,L110,N110,P110,R110,T110,AD110,AF110,AH110)),0) -> 2489141 | AK110: =ROUND((D110*E110*AJ110),0) -> 12445705 | AL110: =ROUND((MEDIAN(F110,H110,J110,L110,N110,P110,R110,T110,AD110,AF110,AH110)),0) -> 2300000 | AM110: =ROUND((D110*E110*AL110),0) -> 11500000 | AN110: =ROUND((HARMEAN(F110,H110,J110,L110,N110,P110,R110,T110,AD110,AF110,AH110)),0) -> 2372626 | AO110: =ROUND((D110*E110*AN110),0) -> 11863130 | AP110: =ROUND((GEOMEAN(F110,H110,J110,L110,N110,P110,R110,T110,AD110,AF110,AH110)),0) -> 2422386 | AQ110: =ROUND((D110*E110*AP110),0) -> 12111930
B112: SUB TOTAL | G112: =SUM(G108:G110) -> 27825000 | I112: =SUM(I108:I110) -> 51104272 | K112: =SUM(K108:K110) -> 27935000 | M112: =SUM(M108:M110) -> 27245000 | O112: =SUM(O108:O110) -> 30680000 | Q112: =SUM(Q108:Q110) -> 34410000 | S112: =SUM(S108:S110) -> 36435000 | U112: =SUM(U108:U110) -> 35827500 | W112: =SUM(W108:W110) -> 0 | Y112: =SUM(Y108:Y110) -> 0 | AA112: =SUM(AA108:AA110) -> 0 | AC112: =SUM(AC108:AC110) -> 0 | AE112: =SUM(AE108:AE110) -> 41803207 | AG112: =SUM(AG108:AG110) -> 29232002 | AI112: =SUM(AI108:AI110) -> 30901086 | AK112: =SUM(AK108:AK110) -> 35075978 | AM112: =SUM(AM108:AM110) -> 31169288 | AO112: =SUM(AO108:AO110) -> 32223685 | AQ112: =SUM(AQ108:AQ110) -> 33366448
B113: IVA del 19% | F113: 0.19 | G113: =ROUND(G112*F113,0) -> 5286750 | H113: 0.19 | I113: =ROUND(I112*H113,0) -> 9709812 | J113: 0.19 | K113: =ROUND(K112*J113,0) -> 5307650 | L113: 0.19 | M113: =ROUND(M112*L113,0) -> 5176550 | N113: 0.19 | O113: =ROUND(O112*N113,0) -> 5829200 | P113: 0.19 | Q113: =ROUND(Q112*P113,0) -> 6537900 | R113: 0.19 | S113: =ROUND(S112*R113,0) -> 6922650 | T113: 0.19 | U113: =ROUND(U112*T113,0) -> 6807225 | V113: 0.19 | W113: =ROUND(W112*V113,0) -> 0 | X113: 0.19 | Y113: =ROUND(Y112*X113,0) -> 0 | Z113: 0.19 | AA113: =ROUND(AA112*Z113,0) -> 0 | AB113: 0.19 | AC113: =ROUND(AC112*AB113,0) -> 0 | AD113: 0.19 | AE113: =ROUND(AE112*AD113,0) -> 7942609 | AF113: 0.19 | AG113: =ROUND(AG112*AF113,0) -> 5554080 | AH113: 0.19 | AI113: =ROUND(AI112*AH113,0) -> 5871206 | AJ113: 0.19 | AK113: =ROUND(AK112*AJ113,0) -> 6664436 | AL113: 0.19 | AM113: =ROUND(AM112*AL113,0) -> 5922165 | AN113: 0.19 | AO113: =ROUND(AO112*AN113,0) -> 6122500 | AP113: 0.19 | AQ113: =ROUND(AQ112*AP113,0) -> 6339625
B114: COSTO TOTAL (1) | G114: =SUM(G112:G113) -> 33111750 | I114: =SUM(I112:I113) -> 60814084 | K114: =SUM(K112:K113) -> 33242650 | M114: =SUM(M112:M113) -> 32421550 | O114: =SUM(O112:O113) -> 36509200 | Q114: =SUM(Q112:Q113) -> 40947900 | S114: =SUM(S112:S113) -> 43357650 | U114: =SUM(U112:U113) -> 42634725 | W114: =SUM(W112:W113) -> 0 | Y114: =SUM(Y112:Y113) -> 0 | AA114: =SUM(AA112:AA113) -> 0 | AC114: =SUM(AC112:AC113) -> 0 | AE114: =SUM(AE112:AE113) -> 49745816 | AG114: =SUM(AG112:AG113) -> 34786082 | AI114: =SUM(AI112:AI113) -> 36772292 | AK114: =SUM(AK112:AK113) -> 41740414 | AM114: =SUM(AM112:AM113) -> 37091453 | AO114: =SUM(AO112:AO113) -> 38346185 | AQ114: =SUM(AQ112:AQ113) -> 39706073
F117: =UPPER("OBJETO:Contratar el Mantenimiento de las zonas seguridad y canales del aeropuerto Reyes Murillo de Nuqui - Chocó") -> OBJETO:CONTRATAR EL MANTENIMIENTO DE LAS ZONAS SEGURIDAD Y CANALES DEL AEROPUERTO REYES MURILLO DE NUQUI - CHOCÓ | AL117: =UPPER("OBJETO:Contratar el Mantenimiento de las zonas seguridad y canales del aeropuerto Reyes Murillo de Nuqui - Chocó") -> OBJETO:CONTRATAR EL MANTENIMIENTO DE LAS ZONAS SEGURIDAD Y CANALES DEL AEROPUERTO REYES MURILLO DE NUQUI - CHOCÓ
B118: ESTUDIO DE MERCADO
...

Sheet EstudiodemercadoTotaldef
A1: OBJETO: CONTRATAR EL MANTENIMIENTO DE LAS ZONAS DE SEGURIDAD Y CANALES DE LOS AEROPUERTOS DE LA REGIONAL ANTIOQUIA
A2: ESTUDIO DE MERCADO
B3: FECHA : FEBRERO 15 DE 2017 | F3: PROMEDIO | H3: MEDIANA | J3: MEDIA ARMONICA | L3: MEDIA GEOMETRICA
A4: ÍTEM | B4: DESCRIPCIÓN | C4: Und | D4: Cant | E4: Rondas | F4: Valor Unitario | G4: TOTAL | H4: Valor Unitario | I4: TOTAL | J4: Valor Unitario | K4: TOTAL | L4: Valor Unitario | M4: TOTAL
B5: AEROPUERTO EL RIO DE AMALFI-ANTIOQUIA
A6: 1 | B6: Mantenimiento de zonas verdes. Roceria: zonas de seguridad y demas areas del aeropuerto, incluyendo la limpieza de las áreas perimetrales internas (desde las zonas de seguridad hasta el cerramiento). Consistente en desmonte y limpieza de zonas no boscosas. | C6: Ha | D6: 17 | E6: 4 | F6: ='Estudiodemercado DEF'!AL5 -> 324317 | G6: =ROUND((D6*E6*F6),0) -> 22053556 | H6: ='Estudiodemercado DEF'!AN5 -> 296224 | I6: =ROUND((D6*E6*H6),0) -> 20143232 | J6: ='Estudiodemercado DEF'!AP5 -> 310207 | K6: =ROUND((D6*E6*J6),0) -> 21094076 | L6: ='Estudiodemercado DEF'!AR5 -> 316235 | M6: =ROUND((D6*E6*L6),0) -> 21503980
A7: 2 | B7: Limpieza (desmalezado y evacuación sedimentos) en canales (en tierra o en concreto) de evacuación aguas, retiro y disposición de material sobrante a cualquier distancia en botadero autorizado. Consistente en mantenimiento de taludes, reconstrucción de canales y limpieza de cauce a cualquier ancho de canal. | C7: Ml | D7: 3000 | E7: 4 | F7: ='Estudiodemercado DEF'!AL6 -> 2265 | G7: =ROUND((D7*E7*F7),0) -> 27180000 | H7: ='Estudiodemercado DEF'!AN6 -> 1837 | I7: =ROUND((D7*E7*H7),0) -> 22044000 | J7: ='Estudiodemercado DEF'!AP6 -> 1971 | K7: =ROUND((D7*E7*J7),0) -> 23652000 | L7: ='Estudiodemercado DEF'!AR6 -> 2083 | M7: =ROUND((D7*E7*L7),0) -> 24996000
A8: 3 | B8: Limpieza de cerramiento internos y externos y limpieza a una altura maxima del cerramiento. Limpieza manual del cerramiento (mallas) con la implementación de la fumigación con un herbicida químico, en una franja de 3 metros alrededor del aeropuerto. Incluye Cargue y disposición de material sobrante a cualquier distancia en botadero autorizado | C8: Ml | D8: 2623 | E8: 4 | F8: ='Estudiodemercado DEF'!AL7 -> 2148 | G8: =ROUND((D8*E8*F8),0) -> 22536816 | H8: ='Estudiodemercado DEF'!AN7 -> 1890 | I8: =ROUND((D8*E8*H8),0) -> 19829880 | J8: ='Estudiodemercado DEF'!AP7 -> 2022 | K8: =ROUND((D8*E8*J8),0) -> 21214824 | L8: ='Estudiodemercado DEF'!AR7 -> 2078 | M8: =ROUND((D8*E8*L8),0) -> 21802376
A9: 4 | B9: Aplicación de matamatelezas (combatran, randall o similar) a todas las zonas de seguridad incluida la base del cerramiento y los canales de drenaje | C9: Ha | D9: 12 | E9: 4 | F9: ='Estudiodemercado DEF'!AL8 -> 280802 | G9: =ROUND((D9*E9*F9),0) -> 13478496 | H9: ='Estudiodemercado DEF'!AN8 -> 175862 | I9: =ROUND((D9*E9*H9),0) -> 8441376 | J9: ='Estudiodemercado DEF'!AP8 -> 196838 | K9: =ROUND((D9*E9*J9),0) -> 9448224 | L9: ='Estudiodemercado DEF'!AR8 -> 220596 | M9: =ROUND((D9*E9*L9),0) -> 10588608
B10: SUB TOTAL | G10: =SUM(G6:G9) -> 85248868 | I10: =SUM(I6:I9) -> 70458488 | K10: =SUM(K6:K9) -> 75409124 | M10: =SUM(M6:M9) -> 78890964
B11: IVA del 19% | F11: 0.19 | G11: =ROUND(G10*F11,0) -> 16197285 | H11: 0.19 | I11: =ROUND(I10*H11,0) -> 13387113 | J11: 0.19 | K11: =ROUND(K10*J11,0) -> 14327734 | L11: 0.19 | M11: =ROUND(M10*L11,0) -> 14989283
B12: COSTO TOTAL (1) | G12: =SUM(G10:G11) -> 101446153 | I12: =SUM(I10:I11) -> 83845601 | K12: =SUM(K10:K11) -> 89736858 | M12: =SUM(M10:M11) -> 93880247
B14: AEROPUERTO ALBERTO JARAMILLO DE OTÚ - REMEDIOS - ANTIOQUIA | G14: =ROUND((D14*E14*F14),0) -> 0 | I14: =ROUND((D14*E14*H14),0) -> 0 | K14: =ROUND((D14*E14*J14),0) -> 0 | M14: =ROUND((D14*E14*L14),0) -> 0
A15: 5 | B15: Mantenimiento de zonas verdes. Rocería: zonas de seguridad y demás áreas del aeropuerto, incluyendo la limpieza de las áreas perimetrales internas (desde las zonas de seguridad hasta el cerramiento). Consistente en desmonte y limpieza de zonas no boscosas. | C15: Ha | D15: 20.6 | E15: 4 | F15: ='Estudiodemercado DEF'!AJ17 -> 344478 | G15: =ROUND((D15*E15*F15),0) -> 28384987 | H15: ='Estudiodemercado DEF'!AL17 -> 315193 | I15: =ROUND((D15*E15*H15),0) -> 25971903 | J15: ='Estudiodemercado DEF'!AN17 -> 330163 | K15: =ROUND((D15*E15*J15),0) -> 27205431 | L15: ='Estudiodemercado DEF'!AP17 -> 336545 | M15: =ROUND((D15*E15*L15),0) -> 27731308
A16: 6 | B16: Limpieza (desmalezado y evacuación sedimentos) en canales (en tierra o en concreto) de evacuación aguas, retiro y disposición de material sobrante a cualquier distancia en botadero autorizado. Consistente en mantenimiento de taludes, reconstrucción de canales y limpieza de cauce a cualquier ancho de canal. | C16: Ml | D16: 2940 | E16: 4 | F16: ='Estudiodemercado DEF'!AJ18 -> 2356 | G16: =ROUND((D16*E16*F16),0) -> 27706560 | H16: ='Estudiodemercado DEF'!AL18 -> 2100 | I16: =ROUND((D16*E16*H16),0) -> 24696000 | J16: ='Estudiodemercado DEF'!AN18 -> 2056 | K16: =ROUND((D16*E16*J16),0) -> 24178560 | L16: ='Estudiodemercado DEF'!AP18 -> 2173 | M16: =ROUND((D16*E16*L16),0) -> 25554480
A17: 7 | B17: Limpieza de guarda fuegos de cerramiento internos y externos y limpieza del cerramiento a una altura máxima del cerramiento. Limpieza manual del cerramiento (mallas) con la implementación de la fumigación con un herbicida químico, en una franja de 3 metros alrededor del aeropuerto. Incluye Cargue y disposición de material sobrante a cualquier distancia en botadero autorizado | C17: Ml | D17: 3110 | E17: 4 | F17: ='Estudiodemercado DEF'!AJ19 -> 2222 | G17: =ROUND((D17*E17*F17),0) -> 27641680 | H17: ='Estudiodemercado DEF'!AL19 -> 1953 | I17: =ROUND((D17*E17*H17),0) -> 24295320 | J17: ='Estudiodemercado DEF'!AN19 -> 2089 | K17: =ROUND((D17*E17*J17),0) -> 25987160 | L17: ='Estudiodemercado DEF'!AP19 -> 2150 | M17: =ROUND((D17*E17*L17),0) -> 26746000
A18: 8 | B18: Aplicación de matamalezas (combatran, randall o similar) a todas las zonas de seguridad incluida la base del cerramiento y los canales de drenaje | C18: Ha | D18: 12 | E18: 4 | F18: ='Estudiodemercado DEF'!AJ20 -> 276575 | G18: =ROUND((D18*E18*F18),0) -> 13275600 | H18: ='Estudiodemercado DEF'!AL20 -> 180000 | I18: =ROUND((D18*E18*H18),0) -> 8640000 | J18: ='Estudiodemercado DEF'!AN20 -> 204677 | K18: =ROUND((D18*E18*J18),0) -> 9824496 | L18: ='Estudiodemercado DEF'!AP20 -> 225374 | M18: =ROUND((D18*E18*L18),0) -> 10817952
A19: 9 | B19: Limpieza de bordes de pista mediante maquinaria pesada (motoniveladora) y/o herramientas menores (azadón etc.). Cinco (5) metros a cada lado. Retiro de material vegetal que esta invadiendo la pista. Incluye retiro y disposición de material en botadero oficial. | C19: ML | D19: =ROUND(944*2+17.6*2,0) -> 1923 | E19: 4 | F19: ='Estudiodemercado DEF'!AJ21 -> 2847 | G19: =ROUND((D19*E19*F19),0) -> 21899124 | H19: ='Estudiodemercado DEF'!AL21 -> 2800 | I19: =ROUND((D19*E19*H19),0) -> 21537600 | J19: ='Estudiodemercado DEF'!AN21 -> 2582 | K19: =ROUND((D19*E19*J19),0) -> 19860744 | L19: ='Estudiodemercado DEF'!AP21 -> 2715 | M19: =ROUND((D19*E19*L19),0) -> 20883780
A20: 10 | B20: Tala de arboles y arbustos. Consistente en desmonte y limpieza de zonas boscosas. Incluye Cargue y disposición de material sobrante a cualquier distancia en botadero autorizado. Limpieza destronque de raices. Areas en zonas de seguridad y demas areas del aeropuerto con retiro de material vegetal fuera del sitio. Se requiere se realice el tramite ante la Corporacion ambiental de permisos de tala y poda. | C20: Ha | D20: 2 | E20: 1 | F20: ='Estudiodemercado DEF'!AJ22 -> 1187524 | G20: =ROUND((D20*E20*F20),0) -> 2375048 | H20: ='Estudiodemercado DEF'!AL22 -> 1050000 | I20: =ROUND((D20*E20*H20),0) -> 2100000 | J20: ='Estudiodemercado DEF'!AN22 -> 1094653 | K20: =ROUND((D20*E20*J20),0) -> 2189306 | L20: ='Estudiodemercado DEF'!AP22 -> 1137749 | M20: =ROUND((D20*E20*L20),0) -> 2275498
B21: SUB TOTAL | G21: =SUM(G15:G20) -> 121282999 | I21: =SUM(I15:I20) -> 107240823 | K21: =SUM(K15:K20) -> 109245697 | M21: =SUM(M15:M20) -> 114009018
B22: IVA del 19% | F22: 0.19 | G22: =ROUND(G21*F22,0) -> 23043770 | H22: 0.19 | I22: =ROUND(I21*H22,0) -> 20375756 | J22: 0.19 | K22: =ROUND(K21*J22,0) -> 20756682 | L22: 0.19 | M22: =ROUND(M21*L22,0) -> 21661713
B23: COSTO TOTAL (2) | G23: =SUM(G21:G22) -> 144326769 | I23: =SUM(I21:I22) -> 127616579 | K23: =SUM(K21:K22) -> 130002379 | M23: =SUM(M21:M22) -> 135670731
B25: =UPPER("aeropuerto Berastegui de Cienaga de Oro - Cordoba") -> AEROPUERTO BERASTEGUI DE CIENAGA DE ORO - CORDOBA | G25: =ROUND((D25*E25*F25),0) -> 0 | I25: =ROUND((D25*E25*H25),0) -> 0 | K25: =ROUND((D25*E25*J25),0) -> 0 | M25: =ROUND((D25*E25*L25),0) -> 0
A26: 1 | B26: Mantenimiento de zonas verdes. Roceria: zonas de seguridad y demas areas del aeropuerto, incluyendo la limpieza de las áreas perimetrales internas (desde las zonas de seguridad hasta el cerramiento). Consistente en desmonte y limpieza de zonas no boscosas. | C26: Ha | D26: 33.25 | E26: 4 | F26: ='Estudiodemercado DEF'!AL35 -> 319799 | G26: =ROUND((D26*E26*F26),0) -> 42533267 | H26: ='Estudiodemercado DEF'!AN35 -> 302406 | I26: =ROUND((D26*E26*H26),0) -> 40219998 | J26: ='Estudiodemercado DEF'!AP35 -> 308302 | K26: =ROUND((D26*E26*J26),0) -> 41004166 | L26: ='Estudiodemercado DEF'!AR35 -> 312988 | M26: =ROUND((D26*E26*L26),0) -> 41627404
A27: 2 | B27: Limpieza de guarda fuegos de cerramiento internos y externos y limpieza del cerramiento a una altura maxima del cerramiento. Limpieza manual del cerramiento (mallas) con la implementación de la fumigación con un herbicida químico, en una franja de 3 metros alrededor del aeropuerto. Incluye Cargue y disposición de material sobrante a cualquier distancia en botadero autorizado | C27: Ml | D27: 4206 | E27: 4 | F27: ='Estudiodemercado DEF'!AL36 -> 2634 | G27: =ROUND((D27*E27*F27),0) -> 44314416 | H27: ='Estudiodemercado DEF'!AN36 -> 2236 | I27: =ROUND((D27*E27*H27),0) -> 37618464 | J27: ='Estudiodemercado DEF'!AP36 -> 2383 | K27: =ROUND((D27*E27*J27),0) -> 40091592 | L27: ='Estudiodemercado DEF'!AR36 -> 2493 | M27: =ROUND((D27*E27*L27),0) -> 41942232
A28: 3 | B28: Limpieza (desmalezado y evacuación sedimentos) en canales (en tierra o en concreto) de evacuación aguas, retiro y disposición de material sobrante a cualquier distancia en botadero autorizado. Consistente en mantenimiento de taludes, reconstrucción de canales y limpieza de cauce a cualquier ancho de canal. | C28: Ml | D28: 2567 | E28: 4 | F28: ='Estudiodemercado DEF'!AL37 -> 2624 | G28: =ROUND((D28*E28*F28),0) -> 26943232 | H28: ='Estudiodemercado DEF'!AN37 -> 2137 | I28: =ROUND((D28*E28*H28),0) -> 21942716 | J28: ='Estudiodemercado DEF'!AP37 -> 2301 | K28: =ROUND((D28*E28*J28),0) -> 23626668 | L28: ='Estudiodemercado DEF'!AR37 -> 2426 | M28: =ROUND((D28*E28*L28),0) -> 24910168
A29: 4 | B29: Aplicación de matamatelezas (combatran, randall o similar) a todas las zonas de seguridad incluida la base del cerramiento y los canales de drenaje | C29: Ha | D29: 14 | E29: 4 | F29: ='Estudiodemercado DEF'!AL38 -> 306143 | G29: =ROUND((D29*E29*F29),0) -> 17144008 | H29: ='Estudiodemercado DEF'!AN38 -> 196064 | I29: =ROUND((D29*E29*H29),0) -> 10979584 | J29: ='Estudiodemercado DEF'!AP38 -> 222553 | K29: =ROUND((D29*E29*J29),0) -> 12462968 | L29: ='Estudiodemercado DEF'!AR38 -> 249489 | M29: =ROUND((D29*E29*L29),0) -> 13971384
B30: SUB TOTAL | G30: =SUM(G26:G29) -> 130934923 | I30: =SUM(I26:I29) -> 110760762 | K30: =SUM(K26:K29) -> 117185394 | M30: =SUM(M26:M29) -> 122451188
B31: IVA del 19% | F31: 0.19 | G31: =ROUND(G30*F31,0) -> 24877635 | H31: 0.19 | I31: =ROUND(I30*H31,0) -> 21044545 | J31: 0.19 | K31: =ROUND(K30*J31,0) -> 22265225 | L31: 0.19 | M31: =ROUND(M30*L31,0) -> 23265726
B32: COSTO TOTAL (3) | G32: =SUM(G30:G31) -> 155812558 | I32: =SUM(I30:I31) -> 131805307 | K32: =SUM(K30:K31) -> 139450619 | M32: =SUM(M30:M31) -> 145716914
B34: =UPPER("aeropuerto El Pindo de Montelibano - Cordoba") -> AEROPUERTO EL PINDO DE MONTELIBANO - CORDOBA | G34: =ROUND((D34*E34*F34),0) -> 0 | I34: =ROUND((D34*E34*H34),0) -> 0 | K34: =ROUND((D34*E34*J34),0) -> 0 | M34: =ROUND((D34*E34*L34),0) -> 0
A35: 5 | B35: Mantenimiento de zonas verdes. Roceria: zonas de seguridad y demas areas del aeropuerto, incluyendo la limpieza de las áreas perimetrales internas (desde las zonas de seguridad hasta el cerramiento). Consistente en desmonte y limpieza de zonas no boscosas. | C35: Ha | D35: 13 | E35: 4 | F35: ='Estudiodemercado DEF'!AJ49 -> 324289 | G35: =ROUND((D35*E35*F35),0) -> 16863028 | H35: ='Estudiodemercado DEF'!AL49 -> 305632 | I35: =ROUND((D35*E35*H35),0) -> 15892864 | J35: ='Estudiodemercado DEF'!AN49 -> 309804 | K35: =ROUND((D35*E35*J35),0) -> 16109808 | L35: ='Estudiodemercado DEF'!AP49 -> 315763 | M35: =ROUND((D35*E35*L35),0) -> 16419676
A36: 6 | B36: Limpieza de cerramiento internos y externos y limpieza a una altura maxima del cerramiento. Limpieza manual del cerramiento (mallas) con la implementación de la fumigación con un herbicida químico, en una franja de 3 metros alrededor del aeropuerto. Incluye Cargue y disposición de material sobrante a cualquier distancia en botadero autorizado | C36: Ml | D36: 2792 | E36: 4 | F36: ='Estudiodemercado DEF'!AJ50 -> 2387 | G36: =ROUND((D36*E36*F36),0) -> 26658016 | H36: ='Estudiodemercado DEF'!AL50 -> 2104 | I36: =ROUND((D36*E36*H36),0) -> 23497472 | J36: ='Estudiodemercado DEF'!AN50 -> 2262 | K36: =ROUND((D36*E36*J36),0) -> 25262016 | L36: ='Estudiodemercado DEF'!AP50 -> 2320 | M36: =ROUND((D36*E36*L36),0) -> 25909760
A37: 7 | B37: Aplicación de matamatelezas (combatran, randall o similar) a todas las zonas de seguridad incluida la base del cerramiento y los canales de drenaje | C37: Ha | D37: 12 | E37: 4 | F37: ='Estudiodemercado DEF'!AJ51 -> 293304 | G37: =ROUND((D37*E37*F37),0) -> 14078592 | H37: ='Estudiodemercado DEF'!AL51 -> 180000 | I37: =ROUND((D37*E37*H37),0) -> 8640000 | J37: ='Estudiodemercado DEF'!AN51 -> 204149 | K37: =ROUND((D37*E37*J37),0) -> 9799152 | L37: ='Estudiodemercado DEF'!AP51 -> 229847 | M37: =ROUND((D37*E37*L37),0) -> 11032656
A38: 8 | B38: Limpieza de bordes de pista mediante maquinaria pesada (motoniveladora) y/o herramientas menores (azadón etc.). Cinco (5) metros a cada lado. Retiro de material vegetal que esta invadiendo la pista. Incluye retiro y disposición de material en botadero oficial. | C38: ML | D38: =1100*2 -> 2200 | E38: 4 | F38: ='Estudiodemercado DEF'!AJ52 -> 2808 | G38: =ROUND((D38*E38*F38),0) -> 24710400 | H38: ='Estudiodemercado DEF'!AL52 -> 2800 | I38: =ROUND((D38*E38*H38),0) -> 24640000 | J38: ='Estudiodemercado DEF'!AN52 -> 2514 | K38: =ROUND((D38*E38*J38),0) -> 22123200 | L38: ='Estudiodemercado DEF'!AP52 -> 2660 | M38: =ROUND((D38*E38*L38),0) -> 23408000
B39: SUB TOTAL | G39: =SUM(G35:G38) -> 82310036 | I39: =SUM(I35:I38) -> 72670336 | K39: =SUM(K35:K38) -> 73294176 | M39: =SUM(M35:M38) -> 76770092
B40: IVA del 19% | F40: 0.19 | G40: =ROUND(G39*F40,0) -> 15638907 | H40: 0.19 | I40: =ROUND(I39*H40,0) -> 13807364 | J40: 0.19 | K40: =ROUND(K39*J40,0) -> 13925893 | L40: 0.19 | M40: =ROUND(M39*L40,0) -> 14586317
B41: COSTO TOTAL (4) | G41: =SUM(G39:G40) -> 97948943 | I41: =SUM(I39:I40) -> 86477700 | K41: =SUM(K39:K40) -> 87220069 | M41: =SUM(M39:M40) -> 91356409
B43: =UPPER("aeropuerto Morela de Puerto Berrio - Antioquia") -> AEROPUERTO MORELA DE PUERTO BERRIO - ANTIOQUIA | G43: =ROUND((D43*E43*F43),0) -> 0 | I43: =ROUND((D43*E43*H43),0) -> 0 | K43: =ROUND((D43*E43*J43),0) -> 0 | M43: =ROUND((D43*E43*L43),0) -> 0
A44: 1 | B44: Mantenimiento de zonas verdes. Roceria: zonas de seguridad y demas areas del aeropuerto, incluyendo la limpieza de las áreas perimetrales internas (desde las zonas de seguridad hasta el cerramiento). Consistente en desmonte y limpieza de zonas no boscosas. | C44: Ha | D44: 14 | E44: 4 | F44: ='Estudiodemercado DEF'!AJ64 -> 345702 | G44: =ROUND((D44*E44*F44),0) -> 19359312 | H44: ='Estudiodemercado DEF'!AL64 -> 315000 | I44: =ROUND((D44*E44*H44),0) -> 17640000 | J44: ='Estudiodemercado DEF'!AN64 -> 331981 | K44: =ROUND((D44*E44*J44),0) -> 18590936 | L44: ='Estudiodemercado DEF'!AP64 -> 338056 | M44: =ROUND((D44*E44*L44),0) -> 18931136
A45: 2 | B45: Limpieza (desmalezado y evacuación sedimentos) en canales (en tierra o en concreto) de evacuación aguas, retiro y disposición de material sobrante a cualquier distancia en botadero autorizado. Consistente en mantenimiento de taludes, reconstrucción de canales y limpieza de cauce a cualquier ancho de canal. | C45: Ml | D45: 2787 | E45: 4 | F45: ='Estudiodemercado DEF'!AJ65 -> 2768 | G45: =ROUND((D45*E45*F45),0) -> 30857664 | H45: ='Estudiodemercado DEF'!AL65 -> 2343 | I45: =ROUND((D45*E45*H45),0) -> 26119764 | J45: ='Estudiodemercado DEF'!AN65 -> 2443 | K45: =ROUND((D45*E45*J45),0) -> 27234564 | L45: ='Estudiodemercado DEF'!AP65 -> 2574 | M45: =ROUND((D45*E45*L45),0) -> 28694952
A46: 3 | B46: Limpieza de cerramiento internos y externos y limpieza a una altura maxima del cerramiento. Limpieza manual del cerramiento (mallas) con la implementación de la fumigación con un herbicida químico, en una franja de 3 metros alrededor del aeropuerto. Incluye Cargue y disposición de material sobrante a cualquier distancia en botadero autorizado | C46: Ml | D46: 3247 | E46: 4 | F46: ='Estudiodemercado DEF'!AJ66 -> 2360 | G46: =ROUND((D46*E46*F46),0) -> 30651680 | H46: ='Estudiodemercado DEF'!AL66 -> 2200 | I46: =ROUND((D46*E46*H46),0) -> 28573600 | J46: ='Estudiodemercado DEF'!AN66 -> 2242 | K46: =ROUND((D46*E46*J46),0) -> 29119096 | L46: ='Estudiodemercado DEF'!AP66 -> 2298 | M46: =ROUND((D46*E46*L46),0) -> 29846424
A47: 4 | B47: Aplicación de matamatelezas (combatran, randall o similar) a todas las zonas de seguridad incluida la base del cerramiento y los canales de drenaje | C47: Ha | D47: 13 | E47: 4 | F47: ='Estudiodemercado DEF'!AJ67 -> 282182 | G47: =ROUND((D47*E47*F47),0) -> 14673464 | H47: ='Estudiodemercado DEF'!AL67 -> 190891 | I47: =ROUND((D47*E47*H47),0) -> 9926332 | J47: ='Estudiodemercado DEF'!AN67 -> 209775 | K47: =ROUND((D47*E47*J47),0) -> 10908300 | L47: ='Estudiodemercado DEF'!AP67 -> 231213 | M47: =ROUND((D47*E47*L47),0) -> 12023076
B48: SUB TOTAL | G48: =SUM(G44:G47) -> 95542120 | I48: =SUM(I44:I47) -> 82259696 | K48: =SUM(K44:K47) -> 85852896 | M48: =SUM(M44:M47) -> 89495588
B49: IVA del 19% | F49: 0.19 | G49: =ROUND(G48*F49,0) -> 18153003 | H49: 0.19 | I49: =ROUND(I48*H49,0) -> 15629342 | J49: 0.19 | K49: =ROUND(K48*J49,0) -> 16312050 | L49: 0.19 | M49: =ROUND(M48*L49,0) -> 17004162
B50: COSTO TOTAL (5) | G50: =SUM(G48:G49) -> 113695123 | I50: =SUM(I48:I49) -> 97889038 | K50: =SUM(K48:K49) -> 102164946 | M50: =SUM(M48:M49) -> 106499750
B52: =UPPER("aeropuerto de Gustavo Rojas Pinilla de Cimitarra - Santander") -> AEROPUERTO DE GUSTAVO ROJAS PINILLA DE CIMITARRA - SANTANDER | G52: =ROUND((D52*E52*F52),0) -> 0 | I52: =ROUND((D52*E52*H52),0) -> 0 | K52: =ROUND((D52*E52*J52),0) -> 0 | M52: =ROUND((D52*E52*L52),0) -> 0
A53: 5 | B53: Mantenimiento de zonas verdes. Roceria: zonas de seguridad y demas areas del aeropuerto, incluyendo la limpieza de las áreas perimetrales internas (desde las zonas de seguridad hasta el cerramiento). Consistente en desmonte y limpieza de zonas no boscosas. | C53: Ha | D53: 24.85 | E53: 4 | F53: ='Estudiodemercado DEF'!AJ77 -> 329349 | G53: =ROUND((D53*E53*F53),0) -> 32737291 | H53: ='Estudiodemercado DEF'!AL77 -> 310000 | I53: =ROUND((D53*E53*H53),0) -> 30814000 | J53: ='Estudiodemercado DEF'!AN77 -> 316074 | K53: =ROUND((D53*E53*J53),0) -> 31417756 | L53: ='Estudiodemercado DEF'!AP77 -> 321737 | M53: =ROUND((D53*E53*L53),0) -> 31980658
A54: 6 | B54: Limpieza (desmalezado y evacuación sedimentos) en canales (en tierra o en concreto) de evacuación aguas, retiro y disposición de material sobrante a cualquier distancia en botadero autorizado. Consistente en mantenimiento de taludes, reconstrucción de canales y limpieza de cauce a cualquier ancho de canal. | C54: Ml | D54: 2300 | E54: 4 | F54: ='Estudiodemercado DEF'!AJ78 -> 2322 | G54: =ROUND((D54*E54*F54),0) -> 21362400 | H54: ='Estudiodemercado DEF'!AL78 -> 2019 | I54: =ROUND((D54*E54*H54),0) -> 18574800 | J54: ='Estudiodemercado DEF'!AN78 -> 2001 | K54: =ROUND((D54*E54*J54),0) -> 18409200 | L54: ='Estudiodemercado DEF'!AP78 -> 2128 | M54: =ROUND((D54*E54*L54),0) -> 19577600
A55: 7 | B55: Limpieza de cerramiento internos y externos y limpieza a una altura maxima del cerramiento. Limpieza manual del cerramiento (mallas) con la implementación de la fumigación con un herbicida químico, en una franja de 3 metros alrededor del aeropuerto. Incluye Cargue y disposición de material sobrante a cualquier distancia en botadero autorizado | C55: Ml | D55: 4000 | E55: 4 | F55: ='Estudiodemercado DEF'!AJ79 -> 2160 | G55: =ROUND((D55*E55*F55),0) -> 34560000 | H55: ='Estudiodemercado DEF'!AL79 -> 1950 | I55: =ROUND((D55*E55*H55),0) -> 31200000 | J55: ='Estudiodemercado DEF'!AN79 -> 1925 | K55: =ROUND((D55*E55*J55),0) -> 30800000 | L55: ='Estudiodemercado DEF'!AP79 -> 2041 | M55: =ROUND((D55*E55*L55),0) -> 32656000
A56: 8 | B56: Aplicación de matamatelezas (combatran, randall o similar) a todas las zonas de seguridad incluida la base del cerramiento y los canales de drenaje | C56: Ha | D56: 18 | E56: 4 | F56: ='Estudiodemercado DEF'!AJ80 -> 268724 | G56: =ROUND((D56*E56*F56),0) -> 19348128 | H56: ='Estudiodemercado DEF'!AL80 -> 179375 | I56: =ROUND((D56*E56*H56),0) -> 12915000 | J56: ='Estudiodemercado DEF'!AN80 -> 194424 | K56: =ROUND((D56*E56*J56),0) -> 13998528 | L56: ='Estudiodemercado DEF'!AP80 -> 215500 | M56: =ROUND((D56*E56*L56),0) -> 15516000
B57: SUB TOTAL | G57: =SUM(G53:G56) -> 108007819 | I57: =SUM(I53:I56) -> 93503800 | K57: =SUM(K53:K56) -> 94625484 | M57: =SUM(M53:M56) -> 99730258
B58: IVA del 19% | F58: 0.19 | G58: =ROUND(G57*F58,0) -> 20521486 | H58: 0.19 | I58: =ROUND(I57*H58,0) -> 17765722 | J58: 0.19 | K58: =ROUND(K57*J58,0) -> 17978842 | L58: 0.19 | M58: =ROUND(M57*L58,0) -> 18948749
B59: COSTO TOTAL (6) | G59: =SUM(G57:G58) -> 128529305 | I59: =SUM(I57:I58) -> 111269522 | K59: =SUM(K57:K58) -> 112604326 | M59: =SUM(M57:M58) -> 118679007
B61: =UPPER("aeropuerto Mandinga de Condoto - Chocó") -> AEROPUERTO MANDINGA DE CONDOTO - CHOCÓ | G61: =ROUND((D61*E61*F61),0) -> 0 | I61: =ROUND((D61*E61*H61),0) -> 0 | K61: =ROUND((D61*E61*J61),0) -> 0 | M61: =ROUND((D61*E61*L61),0) -> 0
A62: 1 | B62: Mantenimiento de zonas verdes. Roceria: zonas de seguridad y demas areas del aeropuerto, incluyendo la limpieza de las áreas perimetrales internas (desde las zonas de seguridad hasta el cerramiento). Consistente en desmonte y limpieza de zonas no boscosas. | C62: Ha | D62: 32 | E62: 4 | F62: ='Estudiodemercado DEF'!AL91 -> 375447 | G62: =ROUND((D62*E62*F62),0) -> 48057216 | H62: ='Estudiodemercado DEF'!AN91 -> 335000 | I62: =ROUND((D62*E62*H62),0) -> 42880000 | J62: ='Estudiodemercado DEF'!AP91 -> 357079 | K62: =ROUND((D62*E62*J62),0) -> 45706112 | L62: ='Estudiodemercado DEF'!AR91 -> 364580 | M62: =ROUND((D62*E62*L62),0) -> 46666240
A63: 2 | B63: Limpieza (desmalezado y evacuación sedimentos) en canales (en tierra o en concreto) de evacuación aguas, retiro y disposición de material sobrante a cualquier distancia en botadero autorizado. Consistente en mantenimiento de taludes, reconstrucción de canales y limpieza de cauce a cualquier ancho de canal. | C63: Ml | D63: 2944 | E63: 4 | F63: ='Estudiodemercado DEF'!AL92 -> 2436 | G63: =ROUND((D63*E63*F63),0) -> 28686336 | H63: ='Estudiodemercado DEF'!AN92 -> 1984 | I63: =ROUND((D63*E63*H63),0) -> 23363584 | J63: ='Estudiodemercado DEF'!AP92 -> 2181 | K63: =ROUND((D63*E63*J63),0) -> 25683456 | L63: ='Estudiodemercado DEF'!AR92 -> 2277 | M63: =ROUND((D63*E63*L63),0) -> 26813952
A64: 3 | B64: Limpieza con maquinaria pesada de caños para evacuación aguas, evacuación sedimentos, restituir la geometria del canal mediante reconstrucción de canales, corte de taludes a ambos lados, limpieza de cauce a cualquier ancho de canal, retiro y disposición de material sobrante a cualquier distancia en botadero autorizado. | C64: ML | D64: 500 | E64: 4 | F64: ='Estudiodemercado DEF'!AL93 -> 10439 | G64: =ROUND((D64*E64*F64),0) -> 20878000 | H64: ='Estudiodemercado DEF'!AN93 -> 4285 | I64: =ROUND((D64*E64*H64),0) -> 8570000 | J64: ='Estudiodemercado DEF'!AP93 -> 4574 | K64: =ROUND((D64*E64*J64),0) -> 9148000 | L64: ='Estudiodemercado DEF'!AR93 -> 5510 | M64: =ROUND((D64*E64*L64),0) -> 11020000
A65: 4 | B65: Limpieza de cerramiento internos y externos y limpieza a una altura maxima del cerramiento. Limpieza manual del cerramiento (mallas) con la implementación de la fumigación con un herbicida químico, en una franja de 3 metros alrededor del aeropuerto. Incluye Cargue y disposición de material sobrante a cualquier distancia en botadero autorizado | C65: Ml | D65: 4184 | E65: 4 | F65: ='Estudiodemercado DEF'!AL94 -> 2344 | G65: =ROUND((D65*E65*F65),0) -> 39229184 | H65: ='Estudiodemercado DEF'!AN94 -> 2195 | I65: =ROUND((D65*E65*H65),0) -> 36735520 | J65: ='Estudiodemercado DEF'!AP94 -> 2237 | K65: =ROUND((D65*E65*J65),0) -> 37438432 | L65: ='Estudiodemercado DEF'!AR94 -> 2287 | M65: =ROUND((D65*E65*L65),0) -> 38275232
A66: 5 | B66: Aplicación de matamalezas (combatran, randall o similar) a todas las zonas de seguridad incluida la base del cerramiento y los canales de drenaje | C66: Ha | D66: 12 | E66: 4 | F66: ='Estudiodemercado DEF'!AL95 -> 281765 | G66: =ROUND((D66*E66*F66),0) -> 13524720 | H66: ='Estudiodemercado DEF'!AN95 -> 184267 | I66: =ROUND((D66*E66*H66),0) -> 8844816 | J66: ='Estudiodemercado DEF'!AP95 -> 204115 | K66: =ROUND((D66*E66*J66),0) -> 9797520 | L66: ='Estudiodemercado DEF'!AR95 -> 226503 | M66: =ROUND((D66*E66*L66),0) -> 10872144
A67: 6 | B67: Limpieza de bordes de pista mediante maquinaria pesada (motoniveladora) y/o herramientas menores (azadón etc.). Cinco (5) metros a cada lado. Retiro de material vegetal que esta invadiendo la pista. Incluye retiro y disposición de material en botadero oficial. | C67: ML | D67: =1150*2 -> 2300 | E67: 4 | F67: ='Estudiodemercado DEF'!AL96 -> 2825 | G67: =ROUND((D67*E67*F67),0) -> 25990000 | H67: ='Estudiodemercado DEF'!AN96 -> 3000 | I67: =ROUND((D67*E67*H67),0) -> 27600000 | J67: ='Estudiodemercado DEF'!AP96 -> 2540 | K67: =ROUND((D67*E67*J67),0) -> 23368000 | L67: ='Estudiodemercado DEF'!AR96 -> 2682 | M67: =ROUND((D67*E67*L67),0) -> 24674400
A68: 7 | B68: Tala de arboles y arbustos. Consistente en desmonte y limpieza de zonas boscosas. Incluye Cargue y disposición de material sobrante a cualquier distancia en botadero autorizado. Limpieza destronque de raices. Areas en zonas de seguridad y demas areas del aeropuerto con retiro de material vegetal fuera del sitio. Se requiere se realice el tramite ante la Corporacion ambiental de permisos de tala y poda. | C68: Ha | D68: 3 | E68: 1 | F68: ='Estudiodemercado DEF'!AL97 -> 1285881 | G68: =ROUND((D68*E68*F68),0) -> 3857643 | H68: ='Estudiodemercado DEF'!AN97 -> 1150000 | I68: =ROUND((D68*E68*H68),0) -> 3450000 | J68: ='Estudiodemercado DEF'!AP97 -> 1193706 | K68: =ROUND((D68*E68*J68),0) -> 3581118 | L68: ='Estudiodemercado DEF'!AR97 -> 1234030 | M68: =ROUND((D68*E68*L68),0) -> 3702090
B69: SUB TOTAL | G69: =SUM(G62:G68) -> 180223099 | I69: =SUM(I62:I68) -> 151443920 | K69: =SUM(K62:K68) -> 154722638 | M69: =SUM(M62:M68) -> 162024058
B70: IVA del 19% | F70: 0.19 | G70: =ROUND(G69*F70,0) -> 34242389 | H70: 0.19 | I70: =ROUND(I69*H70,0) -> 28774345 | J70: 0.19 | K70: =ROUND(K69*J70,0) -> 29397301 | L70: 0.19 | M70: =ROUND(M69*L70,0) -> 30784571
B71: COSTO TOTAL (7) | G71: =SUM(G69:G70) -> 214465488 | I71: =SUM(I69:I70) -> 180218265 | K71: =SUM(K69:K70) -> 184119939 | M71: =SUM(M69:M70) -> 192808629
B73: AEROPUERTO JOSE MARIA CORDOVA DE RIONEGRO | G73: =ROUND((D73*E73*F73),0) -> 0 | I73: =ROUND((D73*E73*H73),0) -> 0 | K73: =ROUND((D73*E73*J73),0) -> 0 | M73: =ROUND((D73*E73*L73),0) -> 0
A74: 8 | B74: Mantenimiento de zonas verdes. Roceria: zonas de seguridad y demas areas del aeropuerto, incluyendo la limpieza de las áreas perimetrales internas (desde las zonas de seguridad hasta el cerramiento). Consistente en desmonte y limpieza de zonas no boscosas. Vía de acceso al aeropuerto, vía de acceso a Casa Vacacional Rionego y Casa Vacacional Rionegro. | C74: Ha | D74: =(20000+35000+1000*5*2)/10000 -> 6.5 | E74: 5 | F74: ='Estudiodemercado DEF'!AJ108 -> 319553 | G74: =ROUND((D74*E74*F74),0) -> 10385473 | H74: ='Estudiodemercado DEF'!AL108 -> 295055 | I74: =ROUND((D74*E74*H74),0) -> 9589288 | J74: ='Estudiodemercado DEF'!AN108 -> 302294 | K74: =ROUND((D74*E74*J74),0) -> 9824555 | L74: ='Estudiodemercado DEF'!AP108 -> 309419 | M74: =ROUND((D74*E74*L74),0) -> 10056118
A75: 9 | B75: Limpieza (desmalezado y evacuación sedimentos) en canales (en tierra o en concreto) de evacuación aguas, retiro y disposición de material sobrante a cualquier distancia en botadero autorizado. Consistente en mantenimiento de taludes, reconstrucción de canales y limpieza de cauce a cualquier ancho de canal. Vía de acceso al aeropuerto y vía de acceso a Casa Vacacional Rionego | C75: Ml | D75: =960 -> 960 | E75: 5 | F75: ='Estudiodemercado DEF'!AJ109 -> 2551 | G75: =ROUND((D75*E75*F75),0) -> 12244800 | H75: ='Estudiodemercado DEF'!AL109 -> 2100 | I75: =ROUND((D75*E75*H75),0) -> 10080000 | J75: ='Estudiodemercado DEF'!AN109 -> 2195 | K75: =ROUND((D75*E75*J75),0) -> 10536000 | L75: ='Estudiodemercado DEF'!AP109 -> 2333 | M75: =ROUND((D75*E75*L75),0) -> 11198400
A76: 10 | B76: Mantenimiento de jardines, suministro de material vegetal y ornamental. Incluye poda, abono, fertilización, fumigación, limpieza y plantación de especies vegetales. Tierra Negra, Cisco de arroz, Abono orgánico compostado, Abono químico 15-15-15, Cal agrícola. Area aproximada 2000 m2 Vía de acceso al aeropuerto Rionego | C76: Global | D76: 1 | E76: 5 | F76: ='Estudiodemercado DEF'!AJ110 -> 2489141 | G76: =ROUND((D76*E76*F76),0) -> 12445705 | H76: ='Estudiodemercado DEF'!AL110 -> 2300000 | I76: =ROUND((D76*E76*H76),0) -> 11500000 | J76: ='Estudiodemercado DEF'!AN110 -> 2372626 | K76: =ROUND((D76*E76*J76),0) -> 11863130 | L76: ='Estudiodemercado DEF'!AP110 -> 2422386 | M76: =ROUND((D76*E76*L76),0) -> 12111930
B77: SUB TOTAL | G77: =SUM(G74:G76) -> 35075978 | I77: =SUM(I74:I76) -> 31169288 | K77: =SUM(K74:K76) -> 32223685 | M77: =SUM(M74:M76) -> 33366448
B78: IVA del 19% | F78: 0.19 | G78: =ROUND(G77*F78,0) -> 6664436 | H78: 0.19 | I78: =ROUND(I77*H78,0) -> 5922165 | J78: 0.19 | K78: =ROUND(K77*J78,0) -> 6122500 | L78: 0.19 | M78: =ROUND(M77*L78,0) -> 6339625
B79: COSTO TOTAL (8) | G79: =SUM(G77:G78) -> 41740414 | I79: =SUM(I77:I78) -> 37091453 | K79: =SUM(K77:K78) -> 38346185 | M79: =SUM(M77:M78) -> 39706073
B81: =UPPER("aeropuerto Reyes Murillo de Nuqui - Chocó") -> AEROPUERTO REYES MURILLO DE NUQUI - CHOCÓ | G81: =ROUND((D81*E81*F81),0) -> 0 | I81: =ROUND((D81*E81*H81),0) -> 0 | K81: =ROUND((D81*E81*J81),0) -> 0 | M81: =ROUND((D81*E81*L81),0) -> 0
A82: 1 | B82: Mantenimiento de zonas verdes. Roceria: zonas de seguridad y demas areas del aeropuerto, incluyendo la limpieza de las áreas perimetrales internas (desde las zonas de seguridad hasta el cerramiento). Consistente en desmonte y limpieza de zonas no boscosas. | C82: Ha | D82: 16 | E82: 4 | F82: ='Estudiodemercado DEF'!AL121 -> 395051 | G82: =ROUND((D82*E82*F82),0) -> 25283264 | H82: ='Estudiodemercado DEF'!AN121 -> 373875 | I82: =ROUND((D82*E82*H82),0) -> 23928000 | J82: ='Estudiodemercado DEF'!AP121 -> 377267 | K82: =ROUND((D82*E82*J82),0) -> 24145088 | L82: ='Estudiodemercado DEF'!AR121 -> 384972 | M82: =ROUND((D82*E82*L82),0) -> 24638208
A83: 2 | B83: Limpieza (desmalezado y evacuación sedimentos) en canales (en tierra o en concreto) de evacuación aguas, retiro y disposición de material sobrante a cualquier distancia en botadero autorizado. Consistente en mantenimiento de taludes, reconstrucción de canales y limpieza de cauce a cualquier ancho de canal. | C83: Ml | D83: 2900 | E83: 4 | F83: ='Estudiodemercado DEF'!AL122 -> 2575 | G83: =ROUND((D83*E83*F83),0) -> 29870000 | H83: ='Estudiodemercado DEF'!AN122 -> 2192 | I83: =ROUND((D83*E83*H83),0) -> 25427200 | J83: ='Estudiodemercado DEF'!AP122 -> 2326 | K83: =ROUND((D83*E83*J83),0) -> 26981600 | L83: ='Estudiodemercado DEF'!AR122 -> 2424 | M83: =ROUND((D83*E83*L83),0) -> 28118400
A84: 3 | B84: Limpieza de cerramiento internos y externos y limpieza a una altura maxima del cerramiento. Limpieza manual del cerramiento (mallas) con la implementación de la fumigación con un herbicida químico, en una franja de 3 metros alrededor del aeropuerto. Incluye Cargue y disposición de material sobrante a cualquier distancia en botadero autorizado | C84: Ml | D84: 3266 | E84: 4 | F84: ='Estudiodemercado DEF'!AL123 -> 2402 | G84: =ROUND((D84*E84*F84),0) -> 31379728 | H84: ='Estudiodemercado DEF'!AN123 -> 2257 | I84: =ROUND((D84*E84*H84),0) -> 29485448 | J84: ='Estudiodemercado DEF'!AP123 -> 2288 | K84: =ROUND((D84*E84*J84),0) -> 29890432 | L84: ='Estudiodemercado DEF'!AR123 -> 2343 | M84: =ROUND((D84*E84*L84),0) -> 30608952
A85: 4 | B85: Aplicación de matamatelezas (combatran, randall o similar) a todas las zonas de seguridad incluida la base del cerramiento y los canales de drenaje | C85: Ha | D85: 13 | E85: 4 | F85: ='Estudiodemercado DEF'!AL124 -> 335108 | G85: =ROUND((D85*E85*F85),0) -> 17425616 | H85: ='Estudiodemercado DEF'!AN124 -> 202771 | I85: =ROUND((D85*E85*H85),0) -> 10544092 | J85: ='Estudiodemercado DEF'!AP124 -> 234114 | K85: =ROUND((D85*E85*J85),0) -> 12173928 | L85: ='Estudiodemercado DEF'!AR124 -> 266813 | M85: =ROUND((D85*E85*L85),0) -> 13874276
A86: 5 | B86: Limpieza de bordes de pista mediante maquinaria pesada (motoniveladora) y/o herramientas menores (azadón etc.). Cinco (5) metros a cada lado. Retiro de material vegetal que esta invadiendo la pista. Incluye retiro y disposición de material en botadero oficial. | C86: ML | D86: =1200*2+100*2+50*2 -> 2700 | E86: 4 | F86: ='Estudiodemercado DEF'!AL125 -> 2969 | G86: =ROUND((D86*E86*F86),0) -> 32065200 | H86: ='Estudiodemercado DEF'!AN125 -> 3125 | I86: =ROUND((D86*E86*H86),0) -> 33750000 | J86: ='Estudiodemercado DEF'!AP125 -> 2713 | K86: =ROUND((D86*E86*J86),0) -> 29300400 | L86: ='Estudiodemercado DEF'!AR125 -> 2845 | M86: =ROUND((D86*E86*L86),0) -> 30726000
A87: 6 | B87: Tala de arboles y arbustos. Consistente en desmonte y limpieza de zonas boscosas. El área demarcada se limpiará y despejará de árboles, matorrales, arbustos, árboles caídos, madera en descomposición, vegetación, escombros y desechos, y de todos los materiales extraños que obstaculicen las labores posteriores. Si es necesario deben solicitarse los permisos necesarios ante las entidades competentes. Incluye Cargue y disposición de material sobrante a cualquier distancia en botadero autorizado. Se requiere se realice el tramite ante la Corporacion ambiental de permisos de tala y poda. No se permitirá la quema de materiales resultantes de esta actividad. | C87: Ha | D87: 3 | E87: 1 | F87: ='Estudiodemercado DEF'!AL126 -> 1268822 | G87: =ROUND((D87*E87*F87),0) -> 3806466 | H87: ='Estudiodemercado DEF'!AN126 -> 1144242 | I87: =ROUND((D87*E87*H87),0) -> 3432726 | J87: ='Estudiodemercado DEF'!AP126 -> 1153262 | K87: =ROUND((D87*E87*J87),0) -> 3459786 | L87: ='Estudiodemercado DEF'!AR126 -> 1199958 | M87: =ROUND((D87*E87*L87),0) -> 3599874
B88: SUB TOTAL | G88: =SUM(G82:G87) -> 139830274 | I88: =SUM(I82:I87) -> 126567466 | K88: =SUM(K82:K87) -> 125951234 | M88: =SUM(M82:M87) -> 131565710
B89: IVA del 19% | F89: 0.19 | G89: =ROUND(G88*F89,0) -> 26567752 | H89: 0.19 | I89: =ROUND(I88*H89,0) -> 24047819 | J89: 0.19 | K89: =ROUND(K88*J89,0) -> 23930734 | L89: 0.19 | M89: =ROUND(M88*L89,0) -> 24997485
B90: COSTO TOTAL (9) | G90: =SUM(G88:G89) -> 166398026 | I90: =SUM(I88:I89) -> 150615285 | K90: =SUM(K88:K89) -> 149881968 | M90: =SUM(M88:M89) -> 156563195
B92: AEROPUERTO ALI PIEDRAHITA DE URRAO - ANTIOQUIA | G92: =ROUND((D92*E92*F92),0) -> 0 | I92: =ROUND((D92*E92*H92),0) -> 0 | K92: =ROUND((D92*E92*J92),0) -> 0 | M92: =ROUND((D92*E92*L92),0) -> 0
A93: 7 | B93: Mantenimiento de zonas verdes. Roceria: zonas de seguridad y demas areas del aeropuerto, incluyendo la limpieza de las áreas perimetrales internas (desde las zonas de seguridad hasta el cerramiento). Consistente en desmonte y limpieza de zonas no boscosas. | C93: Ha | D93: 23 | E93: 4 | F93: ='Estudiodemercado DEF'!AL137 -> 326549 | G93: =ROUND((D93*E93*F93),0) -> 30042508 | H93: ='Estudiodemercado DEF'!AN137 -> 305559 | I93: =ROUND((D93*E93*H93),0) -> 28111428 | J93: ='Estudiodemercado DEF'!AP137 -> 313016 | K93: =ROUND((D93*E93*J93),0) -> 28797472 | L93: ='Estudiodemercado DEF'!AR137 -> 318843 | M93: =ROUND((D93*E93*L93),0) -> 29333556
A94: 8 | B94: Limpieza (desmalezado y evacuación sedimentos) en canales (en tierra o en concreto) de evacuación aguas, retiro y disposición de material sobrante a cualquier distancia en botadero autorizado. Consistente en mantenimiento de taludes, reconstrucción de canales y limpieza de cauce a cualquier ancho de canal. | C94: Ml | D94: 3000 | E94: 4 | F94: ='Estudiodemercado DEF'!AL138 -> 2462 | G94: =ROUND((D94*E94*F94),0) -> 29544000 | H94: ='Estudiodemercado DEF'!AN138 -> 2096 | I94: =ROUND((D94*E94*H94),0) -> 25152000 | J94: ='Estudiodemercado DEF'!AP138 -> 2142 | K94: =ROUND((D94*E94*J94),0) -> 25704000 | L94: ='Estudiodemercado DEF'!AR138 -> 2270 | M94: =ROUND((D94*E94*L94),0) -> 27240000
A95: 9 | B95: Limpieza de cerramiento internos y externos y limpieza a una altura maxima del cerramiento. Limpieza manual del cerramiento (mallas) con la implementación de la fumigación con un herbicida químico, en una franja de 3 metros alrededor del aeropuerto. Incluye Cargue y disposición de material sobrante a cualquier distancia en botadero autorizado | C95: Ml | D95: 2582 | E95: 4 | F95: ='Estudiodemercado DEF'!AL139 -> 2396 | G95: =ROUND((D95*E95*F95),0) -> 24745888 | H95: ='Estudiodemercado DEF'!AN139 -> 2219 | I95: =ROUND((D95*E95*H95),0) -> 22917832 | J95: ='Estudiodemercado DEF'!AP139 -> 2284 | K95: =ROUND((D95*E95*J95),0) -> 23589152 | L95: ='Estudiodemercado DEF'!AR139 -> 2337 | M95: =ROUND((D95*E95*L95),0) -> 24136536
A96: 10 | B96: Limpieza de bordes de pista mediante maquinaria pesada (motoniveladora) y/o herramientas menores (azadón etc.). Cinco (5) metros a cada lado. Retiro de material vegetal que esta invadiendo la pista. Incluye retiro y disposición de material en botadero oficial. | C96: ML | D96: =865*2+50*2 -> 1830 | E96: 4 | F96: ='Estudiodemercado DEF'!AL140 -> 2765 | G96: =ROUND((D96*E96*F96),0) -> 20239800 | H96: ='Estudiodemercado DEF'!AN140 -> 2925 | I96: =ROUND((D96*E96*H96),0) -> 21411000 | J96: ='Estudiodemercado DEF'!AP140 -> 2480 | K96: =ROUND((D96*E96*J96),0) -> 18153600 | L96: ='Estudiodemercado DEF'!AR140 -> 2619 | M96: =ROUND((D96*E96*L96),0) -> 19171080
A97: 11 | B97: Aplicación de matamatelezas (combatran, randall o similar) a todas las zonas de seguridad incluida la base del cerramiento y los canales de drenaje | C97: Ha | D97: 12 | E97: 4 | F97: ='Estudiodemercado DEF'!AL141 -> 270227 | G97: =ROUND((D97*E97*F97),0) -> 12970896 | H97: ='Estudiodemercado DEF'!AN141 -> 188031 | I97: =ROUND((D97*E97*H97),0) -> 9025488 | J97: ='Estudiodemercado DEF'!AP141 -> 202515 | K97: =ROUND((D97*E97*J97),0) -> 9720720 | L97: ='Estudiodemercado DEF'!AR141 -> 221861 | M97: =ROUND((D97*E97*L97),0) -> 10649328
B98: SUB TOTAL | G98: =SUM(G93:G97) -> 117543092 | I98: =SUM(I93:I97) -> 106617748 | K98: =SUM(K93:K97) -> 105964944 | M98: =SUM(M93:M97) -> 110530500
B99: IVA del 19% | F99: 0.19 | G99: =ROUND(G98*F99,0) -> 22333187 | H99: 0.19 | I99: =ROUND(I98*H99,0) -> 20257372 | J99: 0.19 | K99: =ROUND(K98*J99,0) -> 20133339 | L99: 0.19 | M99: =ROUND(M98*L99,0) -> 21000795
B100: COSTO TOTAL (10) | G100: =SUM(G98:G99) -> 139876279 | I100: =SUM(I98:I99) -> 126875120 | K100: =SUM(K98:K99) -> 126098283 | M100: =SUM(M98:M99) -> 131531295
G102: =ROUND((D102*E102*F102),0) -> 0 | I102: =ROUND((D102*E102*H102),0) -> 0
B103: SUB TOTAL (1)+(2)+(3)+(4)+(5)+(6)+(7)+(8)+(9)+(10) | G103: =G10+G21+G30+G39+G48+G57+G69+G77+G88+G98 -> 1095999208 | I103: =I10+I21+I30+I39+I48+I57+I69+I77+I88+I98 -> 952692327 | K103: =K10+K21+K30+K39+K48+K57+K69+K77+K88+K98 -> 974475272 | M103: =M10+M21+M30+M39+M48+M57+M69+M77+M88+M98 -> 1018833824
B104: IVA SOBRE LA U= 19% | F104: 0.19 | G104: =ROUND(G103*F104,0) -> 208239850 | H104: 0.19 | I104: =ROUND(I103*H104,0) -> 181011542 | J104: 0.19 | K104: =ROUND(K103*J104,0) -> 185150302 | L104: 0.19 | M104: =ROUND(M103*L104,0) -> 193578427
B105: COSTO TOTAL (1)+(2)+(3)+(4)+(5)+(6)+(7)+(8)+(9)+(10) | G105: =SUM(G103:G104) -> 1304239058 | I105: =SUM(I103:I104) -> 1133703869 | K105: =SUM(K103:K104) -> 1159625574 | M105: =SUM(M103:M104) -> 1212412251

Sheet Estudiodemercado Roceria
A1: OBJETO: CONTRATAR EL MANTENIMIENTO DE LAS ZONAS DE SEGURIDAD Y CANALES DEL AEROPUERTO EL RIO DE AMALFI-ANTIOQUIA
A2: ESTUDIO DE MERCADO
B3: FECHA : ENERO 11 DE 2017 | F3: FRANCISCO ALVAREZ PEREZ | H3: CARLOS SALAZAR GÓMEZ | J3: CARLOS CASTRO VEGA | L3: JUAN CARLOS ORTIZ LÓPEZ | N3: OSCAR MUÑOZ CORREA | P3: PROMEDIO PROPUESTAS PRESENTADAS CONTRATACIÒN 10000044-OI 2010 INCREMENTADOLAS AL IPC 3,17% DE 2010, 3,73% DE 2011, 2,44% DE 2012, 1,94 DE 2013, 3,66% DE 2014, 6,77% DE 2015 Y 5,75% DE 2016 | R3: PROMEDIO PROPUESTAS PRESENTADAS CONTRATACIÒN 11000049 OR 2011 INCREMENTADOLAS AL IPC 3,73% DE 2011, 2,44% DE 2012, 1,94 DE 2013, 3,66% DE 2014, 6,77% DE 2015 Y 5,75% DE 2016 | T3: PROMEDIO PROPUESTAS PRESENTADAS CONTRATACIÒN 120000133 OR 2012 INCREMENTADOLAS AL IPC 2,44% DE 2012, 1,94 DE 2013, 3,66% DE 2014, 6,77% DE 2015 Y 5,75% DE 2016 | V3: PROMEDIO PROPUESTAS PRESENTADAS CONTRATACIÒN 130000198 OR 2013 INCREMENTADOLAS AL IPC 1,94 DE 2013, 3,66% DE 2014, 6,77% DE 2015 Y 5,75% DE 2016 | X3: PROMEDIO PROPUESTAS PRESENTADAS CONTRATACIÒN 130000198 A OR 2013 INCREMENTADOLAS AL IPC 1,94 DE 2013, 3,66% DE 2014, 6,77% DE 2015 Y 5,75% DE 2016 | Z3: PROMEDIO PROPUESTAS PRESENTADAS CONTRATACIÒN 14000024 OI 2014 INCREMENTADOLAS AL IPC 3,66% DE 2014, 6,77% DE 2015 Y 5,75% DE 2016 | AB3: PROMEDIO PROPUESTAS PRESENTADAS CONTRATACIÒN 15000049 OI 2015 INCREMENTADOLAS AL IPC 6,77% DE 2015 Y 5,75% DE 2016 | AD3: PROMEDIO PROPUESTAS PRESENTADAS CONTRATACIÒN 30016019 INCREMENTADOLAS AL IPC 5,75% DE 2015. | AF3: PROMEDIO | AH3: MEDIANA | AJ3: MEDIA ARMONICA | AL3: MEDIA GEOMETRICA
A4: ÍTEM | B4: DESCRIPCIÓN | C4: Und | D4: Cant | E4: Rondas | F4: Valor Unitario | G4: TOTAL | H4: Valor Unitario | I4: TOTAL | J4: Valor Unitario | K4: TOTAL | L4: Valor Unitario | M4: TOTAL | N4: Valor Unitario | O4: TOTAL | P4: Valor Unitario | Q4: TOTAL | R4: Valor Unitario | S4: TOTAL | T4: Valor Unitario | U4: TOTAL | V4: Valor Unitario | W4: TOTAL | X4: Valor Unitario | Y4: TOTAL | Z4: Valor Unitario | AA4: TOTAL | AB4: Valor Unitario | AC4: TOTAL | AD4: Valor Unitario | AE4: TOTAL | AF4: Valor Unitario | AG4: TOTAL | AH4: Valor Unitario | AI4: TOTAL | AJ4: Valor Unitario | AK4: TOTAL | AL4: Valor Unitario | AM4: TOTAL
A5: 1 | B5: Mantenimiento de zonas verdes. Roceria: zonas de seguridad y demas areas del aeropuerto, incluyendo la limpieza de las áreas perimetrales internas (desde las zonas de seguridad hasta el cerramiento). Consistente en desmonte y limpieza de zonas no boscosas. | C5: Ha | D5: 17 | E5: 1 | F5: 400000 | G5: =F5*E5*D5 -> 6800000 | H5: 500000 | I5: =D5*E5*H5 -> 8500000 | J5: 546300 | K5: =D5*E5*J5 -> 9287100 | L5: 390000 | M5: =D5*E5*L5 -> 6630000 | N5: 415000 | O5: =D5*E5*N5 -> 7055000 | P5: =308440*1.0317*1.0373*1.0244*1.0194*1.0366*1.0677*1.0575 -> 403444.25 | Q5: =D5*E5*P5 -> 6858552.2 | R5: =309600*1.0373*1.0244*1.0194*1.0366*1.0677*1.0575 -> 392518.7 | S5: =D5*E5*R5 -> 6672817.9 | T5: =227519*1.0244*1.0194*1.0366*1.0677*1.0575 -> 278081.88 | U5: =D5*E5*T5 -> 4727392 | V5: =230836*1.0194*1.0366*1.0677*1.0575 -> 275415.89 | W5: =D5*E5*V5 -> 4682070.1 | X5: =240375*1.0194*1.0366*1.0677*1.0575 -> 286797.1 | Y5: =D5*E5*X5 -> 4875550.6 | Z5: =249866*1.0366*1.0677*1.0575 -> 292447.55 | AA5: =D5*E5*Z5 -> 4971608.4 | AB5: =247151*1.0677*1.0575 -> 279056.4 | AC5: =D5*E5*AB5 -> 4743958.8 | AD5: =301528*1.0575 -> 318865.86 | AE5: =D5*E5*AD5 -> 5420719.6 | AF5: =ROUND((AVERAGE(F5,H5,J5,L5,N5,P5,R5,T5,V5,Z5,AB5,AD5)),0) -> 374261 | AG5: =ROUND((D5*E5*AF5),0) -> 6362437 | AH5: =ROUND((MEDIAN(H5,F5,J5,L5,N5,P5,R5,T5,V5,Z5,AB5,AD5)),0) -> 391259 | AI5: =ROUND((D5*E5*AH5),0) -> 6651403 | AJ5: =ROUND((HARMEAN(F5,H5,J5,L5,N5,P5,R5,T5,V5,Z5,AB5,AD5)),0) -> 356120 | AK5: =ROUND((D5*E5*AJ5),0) -> 6054040 | AL5: =ROUND((GEOMEAN(F5,H5,J5,L5,N5,P5,R5,T5,V5,Z5,AB5,AD5)),0) -> 364945 | AM5: =ROUND((D5*E5*AL5),0) -> 6204065
W6: =D6*E6*V6 -> 0
B8: Costo | G8: =SUM(G5:G5) -> 6800000 | I8: =SUM(I5:I5) -> 8500000 | K8: =SUM(K5:K5) -> 9287100 | M8: =SUM(M5:M5) -> 6630000 | O8: =SUM(O5:O5) -> 7055000 | Q8: =SUM(Q5:Q5) -> 6858552.2 | S8: =SUM(S5:S5) -> 6672817.9 | U8: =SUM(U5:U5) -> 4727392 | W8: =SUM(W5:W5) -> 4682070.1 | Y8: =SUM(Y5:Y5) -> 4875550.6 | AA8: =SUM(AA5:AA5) -> 4971608.4 | AC8: =SUM(AC5:AC5) -> 4743958.8 | AE8: =SUM(AE5:AE5) -> 5420719.6 | AG8: =ROUND(SUM(AG5:AG5),0) -> 6362437 | AI8: =ROUND(SUM(AI5:AI5),0) -> 6651403 | AK8: =ROUND(SUM(AK5:AK5),0) -> 6054040 | AM8: =ROUND(SUM(AM5:AM5),0) -> 6204065
B9: IVA del 16% | E9: 0.16 | G9: =G8*E9 -> 1088000 | H9: 0.16 | I9: =I8*H9 -> 1360000 | J9: 0.16 | K9: =K8*J9 -> 1485936 | L9: 0.16 | M9: =M8*L9 -> 1060800 | N9: 0.16 | O9: =O8*N9 -> 1128800 | P9: 0.16 | Q9: =Q8*P9 -> 1097368.3 | R9: 0.16 | S9: =S8*R9 -> 1067650.9 | T9: 0.16 | U9: =U8*T9 -> 756382.72 | V9: 0.16 | W9: =W8*V9 -> 749131.22 | X9: 0.16 | Y9: =Y8*X9 -> 780088.1 | Z9: 0.16 | AA9: =AA8*Z9 -> 795457.34 | AB9: 0.16 | AC9: =AC8*AB9 -> 759033.41 | AD9: 0.16 | AE9: =AE8*AD9 -> 867315.14 | AF9: 0.16 | AG9: =ROUND(AG8*AF9,0) -> 1017990 | AH9: 0.16 | AI9: =ROUND(AI8*AH9,0) -> 1064224 | AJ9: 0.16 | AK9: =ROUND(AK8*AJ9,0) -> 968646 | AL9: 0.16 | AM9: =ROUND(AM8*AL9,0) -> 992650
B10: TOTAL (1) | G10: =SUM(G8:G9) -> 7888000 | I10: =SUM(I8:I9) -> 9860000 | K10: =SUM(K8:K9) -> 10773036 | M10: =SUM(M8:M9) -> 7690800 | O10: =SUM(O8:O9) -> 8183800 | Q10: =SUM(Q8:Q9) -> 7955920.5 | S10: =SUM(S8:S9) -> 7740468.8 | U10: =SUM(U8:U9) -> 5483774.7 | W10: =SUM(W8:W9) -> 5431201.3 | Y10: =SUM(Y8:Y9) -> 5655638.7 | AA10: =SUM(AA8:AA9) -> 5767065.7 | AC10: =SUM(AC8:AC9) -> 5502992.3 | AE10: =SUM(AE8:AE9) -> 6288034.8 | AG10: =SUM(AG8:AG9) -> 7380427 | AI10: =SUM(AI8:AI9) -> 7715627 | AK10: =SUM(AK8:AK9) -> 7022686 | AM10: =SUM(AM8:AM9) -> 7196715
A11: OBJETO: MANTENIMIENTO DE ZONAS DE SEGURIDAD Y CANALES DEL AEROPUERTO ALBERTO JARAMILLO DE OTÚ - REMEDIOS - ANTIOQUIA
A12: ESTUDIO DE MERCADO
B13: FECHA : ENERO 11 DE 2017 | F13: FRANCISCO ALVAREZ PEREZ | H13: CARLOS SALAZAR GÓMEZ | J13: CARLOS CASTRO VEGA | L13: JUAN CARLOS ORTIZ LÓPEZ | N13: OSCAR MUÑOZ CORREA | P13: PROMEDIO PROPUESTAS PRESENTADAS CONTRATACIÓN 10000047-OI 2010 INCREMENTÁNDOLAS AL IPC 3,17% DE 2010, 3,73% DE 2011, 2,44% DE 2012, 1,94 DE 2013, 3,66% DE 2014, 6,77% DE 2015 Y 5,75% DE 2016 | R13: PROMEDIO PROPUESTAS PRESENTADAS CONTRATACIÓN 11000060 OR 2011 INCREMENTÁNDOLAS AL IPC 3,73% DE 2011, 2,44% DE 2012, 1,94 DE 2013, 3,66% DE 2014, 6,77% DE 2015 Y 5,75% DE 2016 | T13: PROMEDIO PROPUESTAS PRESENTADAS CONTRATACIÓN 120000026 OI 2012 INCREMENTÁNDOLAS AL IPC 2,44% DE 2012, 1,94 DE 2013, 3,66% DE 2014, 6,77% DE 2015 Y 5,75% DE 2016 | V13: PROMEDIO PROPUESTAS PRESENTADAS CONTRATACIÓN 130000027 OI 2013 INCREMENTÁNDOLAS AL IPC 2,44% DE 2012, 1,94 DE 2013, 3,66% DE 2014, 6,77% DE 2015 Y 5,75% DE 2016 | X13: PROMEDIO PROPUESTAS PRESENTADAS CONTRATACIÒN 14000024 OI 2014 INCREMENTADOLAS AL IPC 3,66% DE 2014, 6,77% DE 2015 Y 5,75% DE 2016 | Z13: PROMEDIO PROPUESTAS PRESENTADAS CONTRATACIÒN 15000049 OI 2015 INCREMENTADOLAS AL IPC 6,77% DE 2015 Y 5,75% DE 2016 | AB13: PROMEDIO PROPUESTAS PRESENTADAS CONTRATACIÒN 30016019 INCREMENTADOLAS AL IPC 5,75% DE 2015. | AD13: PROMEDIO | AF13: MEDIANA | AH13: MEDIA ARMÓNICA | AJ13: MEDIA GEOMÉTRICA
A14: ÍTEM | B14: DESCRIPCIÓN | C14: Und | D14: Cant | E14: Rondas | F14: Valor Unitario | G14: TOTAL | H14: Valor Unitario | I14: TOTAL | J14: Valor Unitario | K14: TOTAL | L14: Valor Unitario | M14: TOTAL | N14: Valor Unitario | O14: TOTAL | P14: Valor Unitario | Q14: TOTAL | R14: Valor Unitario | S14: TOTAL | T14: Valor Unitario | U14: TOTAL | V14: Valor Unitario | W14: TOTAL | X14: Valor Unitario | Y14: TOTAL | Z14: Valor Unitario | AA14: TOTAL | AB14: Valor Unitario | AC14: TOTAL | AD14: Valor Unitario | AE14: TOTAL | AF14: Valor Unitario | AG14: TOTAL | AH14: Valor Unitario | AI14: TOTAL | AJ14: Valor Unitario | AK14: TOTAL
A15: 5 | B15: Mantenimiento de zonas verdes. Rocería: zonas de seguridad y demás áreas del aeropuerto, incluyendo la limpieza de las áreas perimetrales internas (desde las zonas de seguridad hasta el cerramiento). Consistente en desmonte y limpieza de zonas no boscosas. | C15: Ha | D15: 20.6 | E15: 1 | F15: 400000 | G15: =F15*E15*D15 -> 8240000 | H15: 500000 | I15: =D15*E15*H15 -> 10300000 | J15: 546300 | K15: =D15*E15*J15 -> 11253780 | L15: 390000 | M15: =D15*E15*L15 -> 8034000 | N15: 415000 | O15: =D15*E15*N15 -> 8549000 | P15: =302500*1.0317*1.0373*1.0244*1.0194*1.0366*1.0677*1.0575 -> 395674.63 | Q15: =D15*E15*P15 -> 8150897.5 | R15: =290931*1.0373*1.0244*1.0194*1.0366*1.0677*1.0575 -> 368849.67 | S15: =D15*E15*R15 -> 7598303.2 | T15: =309544*1.0244*1.0194*1.0366*1.0677*1.0575 -> 378335.78 | U15: =D15*E15*T15 -> 7793717 | V15: =340040*1.0194*1.0366*1.0677*1.0575 -> 405709.76 | W15: =D15*E15*V15 -> 8357621.1 | X15: =274204*1.0366*1.0677*1.0575 -> 320933.17 | Y15: =D15*E15*X15 -> 6611223.4 | Z15: =279156*1.0677*1.0575 -> 315193.02 | AA15: =D15*E15*Z15 -> 6492976.1 | AB15: =293183*1.0575 -> 310041.02 | AC15: =ROUND((D15*E15*AB15),0) -> 6386845 | AD15: =ROUND((AVERAGE(F15,H15,J15,L15,N15,P15,R15,T15,V15,X15,Z15,AB15)),0) -> 395503 | AE15: =ROUND((D15*E15*AD15),0) -> 8147362 | AF15: =ROUND((MEDIAN(F15,H15,J15,L15,N15,P15,R15,T15,V15,X15,Z15,AB15)),0) -> 392837 | AG15: =ROUND((D15*E15*AF15),0) -> 8092442 | AH15: =ROUND((HARMEAN(F15,H15,J15,L15,N15,P15,R15,T15,V15,X15,Z15,AB15)),0) -> 385052 | AI15: =ROUND((D15*E15*AH15),0) -> 7932071 | AJ15: =ROUND((GEOMEAN(F15,H15,J15,L15,N15,P15,R15,T15,V15,X15,Z15,AB15)),0) -> 390111 | AK15: =ROUND((D15*E15*AJ15),0) -> 8036287
B17: Costo | G17: =SUM(G15:G15) -> 8240000 | I17: =SUM(I15:I15) -> 10300000 | K17: =SUM(K15:K15) -> 11253780 | M17: =SUM(M15:M15) -> 8034000 | O17: =SUM(O15:O15) -> 8549000 | Q17: =SUM(Q15:Q15) -> 8150897.5 | S17: =SUM(S15:S15) -> 7598303.2 | U17: =SUM(U15:U15) -> 7793717 | W17: =SUM(W15:W15) -> 8357621.1 | Y17: =SUM(Y15:Y15) -> 6611223.4 | AA17: =SUM(AA15:AA15) -> 6492976.1 | AC17: =SUM(AC15:AC15) -> 6386845 | AE17: =SUM(AE15:AE15) -> 8147362 | AG17: =SUM(AG15:AG15) -> 8092442 | AI17: =SUM(AI15:AI15) -> 7932071 | AK17: =SUM(AK15:AK15) -> 8036287
B18: IVA del 16% | F18: 0.16 | G18: =G17*F18 -> 1318400 | H18: 0.16 | I18: =I17*H18 -> 1648000 | J18: 0.16 | K18: =K17*J18 -> 1800604.8 | L18: 0.16 | M18: =M17*L18 -> 1285440 | N18: 0.16 | O18: =O17*N18 -> 1367840 | P18: 0.16 | Q18: =Q17*P18 -> 1304143.6 | R18: 0.16 | S18: =S17*R18 -> 1215728.5 | T18: 0.16 | U18: =U17*T18 -> 1246994.7 | V18: 0.16 | W18: =W17*V18 -> 1337219.4 | X18: 0.16 | Y18: =Y17*X18 -> 1057795.7 | Z18: 0.16 | AA18: =AA17*Z18 -> 1038876.2 | AB18: 0.16 | AC18: =ROUND(AC17*AB18,0) -> 1021895 | AD18: 0.16 | AE18: =ROUND(AE17*AD18,0) -> 1303578 | AF18: 0.16 | AG18: =ROUND(AG17*AF18,0) -> 1294791 | AH18: 0.16 | AI18: =ROUND(AI17*AH18,0) -> 1269131 | AJ18: 0.16 | AK18: =ROUND(AK17*AJ18,0) -> 1285806
B19: TOTAL (2) | G19: =SUM(G17:G18) -> 9558400 | I19: =SUM(I17:I18) -> 11948000 | K19: =SUM(K17:K18) -> 13054385 | M19: =SUM(M17:M18) -> 9319440 | O19: =SUM(O17:O18) -> 9916840 | Q19: =SUM(Q17:Q18) -> 9455041.1 | S19: =SUM(S17:S18) -> 8814031.7 | U19: =SUM(U17:U18) -> 9040711.7 | W19: =SUM(W17:W18) -> 9694840.5 | Y19: =SUM(Y17:Y18) -> 7669019.1 | AA19: =SUM(AA17:AA18) -> 7531852.3 | AC19: =SUM(AC17:AC18) -> 7408740 | AE19: =SUM(AE17:AE18) -> 9450940 | AG19: =SUM(AG17:AG18) -> 9387233 | AI19: =SUM(AI17:AI18) -> 9201202 | AK19: =SUM(AK17:AK18) -> 9322093
Q21: =Q10+Q19 -> 17410962 | S21: =S10+S19 -> 16554501 | U21: =U10+U19 -> 14524486 | W21: =W10+W19 -> 15126042 | Y21: =Y10+Y19 -> 13324658 | AA21: =AA10+AA19 -> 13298918 | AC21: =AC10+AC19 -> 12911732 | AE21: =AE10+AE19 -> 15738975 | AG21: =AG10+AG19 -> 16767660 | AI21: =AI10+AI19 -> 16916829 | AK21: =AK10+AK19 -> 16344779
B22: TOTAL (1) + (2)
A24: =UPPER("OBJETO: Mantenimiento de las zonas seguridad y canales del aeropuerto Berastegui de Cienaga de Oro - Cordoba") -> OBJETO: MANTENIMIENTO DE LAS ZONAS SEGURIDAD Y CANALES DEL AEROPUERTO BERASTEGUI DE CIENAGA DE ORO - CORDOBA
A25: ESTUDIO DE MERCADO
B26: FECHA : ENERO 12 DE 2017 | F26: FRANCISCO ALVAREZ PEREZ | H26: CARLOS SALAZAR GÓMEZ | J26: CARLOS CASTRO VEGA | L26: JUAN CARLOS ORTIZ LÓPEZ | N26: OSCAR MUÑOZ CORREA | R26: PROMEDIO PROPUESTAS PRESENTADAS CONTRATACIÒN 11000071-OR DE 2011 INCREMENTADOLAS AL IPC 3,73% DE 2011, 2,44% DE 2012, 1,94 DE 2013, 3,66% DE 2014, 6,77% DE 2015 Y 5,75% DE 2016 | T26: PROMEDIO PROPUESTAS PRESENTADAS CONTRATACIÒN 120000199 OR 2012 INCREMENTADOLAS AL IPC 2,44% DE 2012, 1,94 DE 2013, 3,66% DE 2014, 6,77% DE 2015 Y 5,75% DE 2016 | V26: PROMEDIO PROPUESTAS PRESENTADAS CONTRATACIÒN 13000209 OR 2013 INCREMENTADOLAS AL IPC 1,94 DE 2013, 3,66% DE 2014, 6,77% DE 2015 Y 5,75% DE 2016 | X26: PROMEDIO PROPUESTAS PRESENTADAS CONTRATACIÒN 13000209 A OR 2013 INCREMENTADOLAS AL IPC 1,94 DE 2013, 3,66% DE 2014, 6,77% DE 2015 Y 5,75% DE 2016 | Z26: PROMEDIO PROPUESTAS PRESENTADAS CONTRATACIÒN 14000028 OI 2014 INCREMENTADOLAS AL IPC 3,66% DE 2014, 6,77% DE 2015 Y 5,75% DE 2016 | AB26: PROMEDIO PROPUESTAS PRESENTADAS CONTRATACIÒN 150000050 OI 2015 INCREMENTADOLAS AL IPC 6,77% DE 2015 Y 5,75% DE 2016 | AD26: PROMEDIO PROPUESTAS PRESENTADAS CONTRATACIÒN 30016030 INCREMENTADOLAS AL IPC 5,75% DE 2015. | AF26: PROMEDIO | AH26: MEDIANA | AJ26: MEDIA ARMONICA | AL26: MEDIA GEOMETRICA
A27: ÍTEM | B27: DESCRIPCIÓN | C27: Und | D27: Cant | E27: Rondas | F27: Valor Unitario | G27: TOTAL | H27: Valor Unitario | I27: TOTAL | J27: Valor Unitario | K27: TOTAL | L27: Valor Unitario | M27: TOTAL | N27: Valor Unitario | O27: TOTAL | P27: Valor Unitario | Q27: TOTAL | R27: Valor Unitario | S27: TOTAL | T27: Valor Unitario | U27: TOTAL | V27: Valor Unitario | W27: TOTAL | X27: Valor Unitario | Y27: TOTAL | Z27: Valor Unitario | AA27: TOTAL | AB27: Valor Unitario | AC27: TOTAL | AD27: Valor Unitario | AE27: TOTAL | AF27: Valor Unitario | AG27: TOTAL | AH27: Valor Unitario | AI27: TOTAL | AJ27: Valor Unitario | AK27: TOTAL | AL27: Valor Unitario | AM27: TOTAL
A28: 1 | B28: Mantenimiento de zonas verdes. Roceria: zonas de seguridad y demas areas del aeropuerto, incluyendo la limpieza de las áreas perimetrales internas (desde las zonas de seguridad hasta el cerramiento). Consistente en desmonte y limpieza de zonas no boscosas. | C28: Ha | D28: 33.25 | E28: 1 | F28: 400000 | G28: =F28*E28*D28 -> 13300000 | H28: 500000 | I28: =D28*E28*H28 -> 16625000 | J28: 546300 | K28: =D28*E28*J28 -> 18164475 | L28: 390000 | M28: =D28*E28*L28 -> 12967500 | N28: 415000 | O28: =D28*E28*N28 -> 13798750 | Q28: =D28*E28*P28 -> 0 | R28: =250000*1.0373*1.0244*1.0194*1.0366*1.0677*1.0575 -> 316956.31 | S28: =D28*E28*R28 -> 10538797 | T28: =240000*1.0244*1.0194*1.0366*1.0677*1.0575 -> 293336.61 | U28: =D28*E28*T28 -> 9753442.2 | V28: =246578*1.0194*1.0366*1.0677*1.0575 -> 294198.04 | W28: =D28*E28*V28 -> 9782084.9 | X28: =253457*1.0194*1.0366*1.0677*1.0575 -> 302405.54 | Y28: =D28*E28*X28 -> 10054984 | Z28: =268008*1.0366*1.0677*1.0575 -> 313681.27 | AA28: =D28*E28*Z28 -> 10429902 | AB28: =257126*1.0677*1.0575 -> 290319.1 | AC28: =D28*E28*AB28 -> 9653110.2 | AD28: =291864*1.0575 -> 308646.18 | AE28: =D28*E28*AD28 -> 10262485 | AF28: =ROUND((AVERAGE(F28,H28,J28,L28,N28,R28,T28,V28,Z28,AB28,AD28)),0) -> 369858 | AG28: =ROUND((D28*E28*AF28),0) -> 12297779 | AH28: =ROUND((MEDIAN(H28,F28,J28,L28,N28,R28,T28,V28,X28,Z28,AB28,AD28)),0) -> 315319 | AI28: =ROUND((D28*E28*AH28),0) -> 10484357 | AJ28: =ROUND((HARMEAN(F28,H28,J28,L28,N28,P28,R28,T28,V28,X28,Z28,AB28,AD28)),0) -> 348366 | AK28: =ROUND((D28*E28*AJ28),0) -> 11583170 | AL28: =ROUND((GEOMEAN(F28,H28,J28,L28,N28,P28,R28,T28,V28,X28,Z28,AB28,AD28)),0) -> 355767 | AM28: =ROUND((D28*E28*AL28),0) -> 11829253
W29: =D29*E29*V29 -> 0
B31: Costo | G31: =SUM(G28:G28) -> 13300000 | I31: =SUM(I28:I28) -> 16625000 | K31: =SUM(K28:K28) -> 18164475 | M31: =SUM(M28:M28) -> 12967500 | O31: =SUM(O28:O28) -> 13798750 | Q31: =SUM(Q28:Q28) -> 0 | S31: =SUM(S28:S28) -> 10538797 | U31: =SUM(U28:U28) -> 9753442.2 | W31: =SUM(W28:W28) -> 9782084.9 | Y31: =SUM(Y28:Y28) -> 10054984 | AA31: =SUM(AA28:AA28) -> 10429902 | AC31: =SUM(AC28:AC28) -> 9653110.2 | AE31: =SUM(AE28:AE28) -> 10262485 | AG31: =ROUND(SUM(AG28:AG28),0) -> 12297779 | AI31: =ROUND(SUM(AI28:AI28),0) -> 10484357 | AK31: =ROUND(SUM(AK28:AK28),0) -> 11583170 | AM31: =ROUND(SUM(AM28:AM28),0) -> 11829253
B32: IVA del 16% | E32: 0.16 | G32: =G31*E32 -> 2128000 | H32: 0.16 | I32: =I31*H32 -> 2660000 | J32: 0.16 | K32: =K31*J32 -> 2906316 | L32: 0.16 | M32: =M31*L32 -> 2074800 | N32: 0.16 | O32: =O31*N32 -> 2207800 | P32: 0.16 | Q32: =Q31*P32 -> 0 | R32: 0.16 | S32: =S31*R32 -> 1686207.6 | T32: 0.16 | U32: =U31*T32 -> 1560550.7 | V32: 0.16 | W32: =W31*V32 -> 1565133.6 | X32: 0.16 | Y32: =Y31*X32 -> 1608797.5 | Z32: 0.16 | AA32: =AA31*Z32 -> 1668784.3 | AB32: 0.16 | AC32: =AC31*AB32 -> 1544497.6 | AD32: 0.16 | AE32: =AE31*AD32 -> 1641997.7 | AF32: 0.16 | AG32: =ROUND(AG31*AF32,0) -> 1967645 | AH32: 0.16 | AI32: =ROUND(AI31*AH32,0) -> 1677497 | AJ32: 0.16 | AK32: =ROUND(AK31*AJ32,0) -> 1853307 | AL32: 0.16 | AM32: =ROUND(AM31*AL32,0) -> 1892680
B33: TOTAL (1) | G33: =SUM(G31:G32) -> 15428000 | I33: =SUM(I31:I32) -> 19285000 | K33: =SUM(K31:K32) -> 21070791 | M33: =SUM(M31:M32) -> 15042300 | O33: =SUM(O31:O32) -> 16006550 | Q33: =SUM(Q31:Q32) -> 0 | S33: =SUM(S31:S32) -> 12225005 | U33: =SUM(U31:U32) -> 11313993 | W33: =SUM(W31:W32) -> 11347218 | Y33: =SUM(Y31:Y32) -> 11663782 | AA33: =SUM(AA31:AA32) -> 12098686 | AC33: =SUM(AC31:AC32) -> 11197608 | AE33: =SUM(AE31:AE32) -> 11904483 | AG33: =SUM(AG31:AG32) -> 14265424 | AI33: =SUM(AI31:AI32) -> 12161854 | AK33: =SUM(AK31:AK32) -> 13436477 | AM33: =SUM(AM31:AM32) -> 13721933
A36: =UPPER("OBJETO:Contratar el Mantenimiento de las zonas seguridad y canales del aeropuerto El Pindo de Montelibano - Cordoba") -> OBJETO:CONTRATAR EL MANTENIMIENTO DE LAS ZONAS SEGURIDAD Y CANALES DEL AEROPUERTO EL PINDO DE MONTELIBANO - CORDOBA
A37: ESTUDIO DE MERCADO
B38: FECHA : ENERO 12 DE 2017 | F38: FRANCISCO ALVAREZ PEREZ | H38: CARLOS SALAZAR GÓMEZ | J38: CARLOS CASTRO VEGA | L38: JUAN CARLOS ORTIZ LÓPEZ | N38: OSCAR MUÑOZ CORREA | V38: PROMEDIO PROPUESTAS PRESENTADAS CONTRATACIÒN 13000517 OR 2013 INCREMENTÁNDOLAS AL IPC 2,44% DE 2012, 1,94 DE 2013, 3,66% DE 2014, 6,77% DE 2015 Y 5,75% DE 2016 | X38: PROMEDIO PROPUESTAS PRESENTADAS CONTRATACIÒN 14000028 OI 2014 INCREMENTADOLAS AL IPC 3,66% DE 2014, 6,77% DE 2015 Y 5,75% DE 2016 | Z38: PROMEDIO PROPUESTAS PRESENTADAS CONTRATACIÒN 150000050 OI 2015 INCREMENTADOLAS AL IPC 6,77% DE 2015 Y 5,75% DE 2016 | AB38: PROMEDIO PROPUESTAS PRESENTADAS CONTRATACIÒN 30016030 INCREMENTADOLAS AL IPC 5,75% DE 2015. | AD38: PROMEDIO | AF38: MEDIANA | AH38: MEDIA ARMÓNICA | AJ38: MEDIA GEOMÉTRICA
A39: ÍTEM | B39: DESCRIPCIÓN | C39: Und | D39: Cant | E39: Rondas | F39: Valor Unitario | G39: TOTAL | H39: Valor Unitario | I39: TOTAL | J39: Valor Unitario | K39: TOTAL | L39: Valor Unitario | M39: TOTAL | N39: Valor Unitario | O39: TOTAL | P39: Valor Unitario | Q39: TOTAL | R39: Valor Unitario | S39: TOTAL | T39: Valor Unitario | U39: TOTAL | V39: Valor Unitario | W39: TOTAL | X39: Valor Unitario | Y39: TOTAL | Z39: Valor Unitario | AA39: TOTAL | AB39: Valor Unitario | AC39: TOTAL | AD39: Valor Unitario | AE39: TOTAL | AF39: Valor Unitario | AG39: TOTAL | AH39: Valor Unitario | AI39: TOTAL | AJ39: Valor Unitario | AK39: TOTAL
A40: 5 | B40: Mantenimiento de zonas verdes. Roceria: zonas de seguridad y demas areas del aeropuerto, incluyendo la limpieza de las áreas perimetrales internas (desde las zonas de seguridad hasta el cerramiento). Consistente en desmonte y limpieza de zonas no boscosas. | C40: Ha | D40: 13 | E40: 1 | F40: 400000 | G40: =F40*E40*D40 -> 5200000 | H40: 500000 | I40: =D40*E40*H40 -> 6500000 | J40: 546300 | K40: =D40*E40*J40 -> 7101900 | L40: 390000 | M40: =D40*E40*L40 -> 5070000 | N40: 415000 | O40: =D40*E40*N40 -> 5395000 | Q40: =D40*E40*P40 -> 0 | S40: =D40*E40*R40 -> 0 | U40: =D40*E40*T40 -> 0 | V40: =252500*1.0194*1.0366*1.0677*1.0575 -> 301263.72 | W40: =D40*E40*V40 -> 3916428.4 | X40: =274204*1.0366*1.0677*1.0575 -> 320933.17 | Y40: =D40*E40*X40 -> 4172131.2 | Z40: =252626*1.0677*1.0575 -> 285238.19 | AA40: =D40*E40*Z40 -> 3708096.4 | AB40: =299376*1.0575 -> 316590.12 | AC40: =ROUND((D40*E40*AB40),0) -> 4115672 | AD40: =ROUND((AVERAGE(F40,H40,J40,L40,N40,P40,R40,T40,V40,X40,Z40,AB40)),0) -> 386147 | AE40: =ROUND((D40*E40*AD40),0) -> 5019911 | AF40: =ROUND((MEDIAN(F40,H40,J40,L40,N40,P40,R40,T40,V40,X40,Z40,AB40)),0) -> 390000 | AG40: =ROUND((D40*E40*AF40),0) -> 5070000 | AH40: =ROUND((HARMEAN(F40,H40,J40,L40,N40,P40,R40,T40,V40,X40,Z40,AB40)),0) -> 368792 | AI40: =ROUND((D40*E40*AH40),0) -> 4794296 | AJ40: =ROUND((GEOMEAN(F40,H40,J40,L40,N40,P40,R40,T40,V40,X40,Z40,AB40)),0) -> 377151 | AK40: =ROUND((D40*E40*AJ40),0) -> 4902963
B42: Costo | G42: =SUM(G40:G40) -> 5200000 | I42: =SUM(I40:I40) -> 6500000 | K42: =SUM(K40:K40) -> 7101900 | M42: =SUM(M40:M40) -> 5070000 | O42: =SUM(O40:O40) -> 5395000 | Q42: =SUM(Q40:Q40) -> 0 | S42: =SUM(S40:S40) -> 0 | U42: =SUM(U40:U40) -> 0 | W42: =SUM(W40:W40) -> 3916428.4 | Y42: =SUM(Y40:Y40) -> 4172131.2 | AA42: =SUM(AA40:AA40) -> 3708096.4 | AC42: =SUM(AC40:AC40) -> 4115672 | AE42: =SUM(AE40:AE40) -> 5019911 | AG42: =SUM(AG40:AG40) -> 5070000 | AI42: =SUM(AI40:AI40) -> 4794296 | AK42: =SUM(AK40:AK40) -> 4902963
B43: IVA del 16% | F43: 0.16 | G43: =G42*F43 -> 832000 | H43: 0.16 | I43: =I42*H43 -> 1040000 | J43: 0.16 | K43: =K42*J43 -> 1136304 | L43: 0.16 | M43: =M42*L43 -> 811200 | N43: 0.16 | O43: =O42*N43 -> 863200 | P43: 0.16 | Q43: =Q42*P43 -> 0 | R43: 0.16 | S43: =S42*R43 -> 0 | T43: 0.16 | U43: =U42*T43 -> 0 | V43: 0.16 | W43: =W42*V43 -> 626628.54 | X43: 0.16 | Y43: =Y42*X43 -> 667541 | Z43: 0.16 | AA43: =AA42*Z43 -> 593295.42 | AB43: 0.16 | AC43: =ROUND(AC42*AB43,0) -> 658508 | AD43: 0.16 | AE43: =ROUND(AE42*AD43,0) -> 803186 | AF43: 0.16 | AG43: =ROUND(AG42*AF43,0) -> 811200 | AH43: 0.16 | AI43: =ROUND(AI42*AH43,0) -> 767087 | AJ43: 0.16 | AK43: =ROUND(AK42*AJ43,0) -> 784474
B44: TOTAL (2) | G44: =SUM(G42:G43) -> 6032000 | I44: =SUM(I42:I43) -> 7540000 | K44: =SUM(K42:K43) -> 8238204 | M44: =SUM(M42:M43) -> 5881200 | O44: =SUM(O42:O43) -> 6258200 | Q44: =SUM(Q42:Q43) -> 0 | S44: =SUM(S42:S43) -> 0 | U44: =SUM(U42:U43) -> 0 | W44: =SUM(W42:W43) -> 4543056.9 | Y44: =SUM(Y42:Y43) -> 4839672.2 | AA44: =SUM(AA42:AA43) -> 4301391.8 | AC44: =SUM(AC42:AC43) -> 4774180 | AE44: =SUM(AE42:AE43) -> 5823097 | AG44: =SUM(AG42:AG43) -> 5881200 | AI44: =SUM(AI42:AI43) -> 5561383 | AK44: =SUM(AK42:AK43) -> 5687437
Q46: =Q30+Q44 -> 0 | S46: =S30+S44 -> 0 | U46: =U30+U44 -> 0 | W46: =W30+W44 -> 4543056.9 | Y46: =Y30+Y44 -> 4839672.2 | AA46: =AA30+AA44 -> 4301391.8 | AC46: =AC30+AC44 -> 4774180 | AE46: =AE30+AE44 -> 5823097 | AG46: =AG30+AG44 -> 5881200 | AI46: =AI30+AI44 -> 5561383 | AK46: =AK30+AK44 -> 5687437
A48: =UPPER("OBJETO:Contratar el Mantenimiento de las zonas seguridad y canales del aeropuerto Morela de Puerto Berrio - Antioquia") -> OBJETO:CONTRATAR EL MANTENIMIENTO DE LAS ZONAS SEGURIDAD Y CANALES DEL AEROPUERTO MORELA DE PUERTO BERRIO - ANTIOQUIA
A49: ESTUDIO DE MERCADO
B50: FECHA : ENERO 11 DE 2017 | F50: FRANCISCO ALVAREZ PEREZ | H50: CARLOS SALAZAR GÓMEZ | J50: CARLOS CASTRO VEGA | L50: JUAN CARLOS ORTIZ LÓPEZ | N50: OSCAR MUÑOZ CORREA | P50: PROMEDIO PROPUESTAS PRESENTADAS CONTRATACIÒN 10000042-OI 2010 INCREMENTADOLAS AL IPC 3,17% DE 2010, 3,73% DE 2011, 2,44% DE 2012, 1,94 DE 2013, 3,66% DE 2014, 6,77% DE 2015 Y 5,75% DE 2016 | R50: PROMEDIO PROPUESTAS PRESENTADAS CONTRATACIÒN 11000168 OI 2011 INCREMENTADOLAS AL IPC 3,73% DE 2011, 2,44% DE 2012, 1,94 DE 2013, 3,66% DE 2014, 6,77% DE 2015 Y 5,75% DE 2016 | T50: PROMEDIO PROPUESTAS PRESENTADAS CONTRATACIÒN 120000065 OI 2012 INCREMENTADOLAS AL IPC 2,44% DE 2012, 1,94 DE 2013, 3,66% DE 2014, 6,77% DE 2015 Y 5,75% DE 2016 | V50: PROMEDIO PROPUESTAS PRESENTADAS CONTRATACIÒN 130000030 OI 2013 INCREMENTADOLAS AL IPC 1,94 DE 2013, 3,66% DE 2014, 6,77% DE 2015 Y 5,75% DE 2016 | X50: PROMEDIO PROPUESTAS PRESENTADAS CONTRATACIÒN 140000026 OI 2014 INCREMENTADOLAS AL IPC 3,66% DE 2014, 6,77% DE 2015 Y 5,75% DE 2016 | Z50: PROMEDIO PROPUESTAS PRESENTADAS CONTRATACIÒN 150000048 OI 2015 INCREMENTADOLAS AL IPC 6,77% DE 2015 Y 5,75% DE 2016 | AB50: PROMEDIO PROPUESTAS PRESENTADAS CONTRATACIÒN 30016019 INCREMENTADOLAS AL IPC 5,75% DE 2015. | AD50: PROMEDIO | AF50: MEDIANA | AH50: MEDIA ARMONICA | AJ50: MEDIA GEOMETRICA
A51: ÍTEM | B51: DESCRIPCIÓN | C51: Und | D51: Cant | E51: Rondas | F51: Valor Unitario | G51: TOTAL | H51: Valor Unitario | I51: TOTAL | J51: Valor Unitario | K51: TOTAL | L51: Valor Unitario | M51: TOTAL | N51: Valor Unitario | O51: TOTAL | P51: Valor Unitario | Q51: TOTAL | R51: Valor Unitario | S51: TOTAL | T51: Valor Unitario | U51: TOTAL | V51: Valor Unitario | W51: TOTAL | X51: Valor Unitario | Y51: TOTAL | Z51: Valor Unitario | AA51: TOTAL | AB51: Valor Unitario | AC51: TOTAL | AD51: Valor Unitario | AE51: TOTAL | AF51: Valor Unitario | AG51: TOTAL | AH51: Valor Unitario | AI51: TOTAL | AJ51: Valor Unitario | AK51: TOTAL
A52: 1 | B52: Mantenimiento de zonas verdes. Roceria: zonas de seguridad y demas areas del aeropuerto, incluyendo la limpieza de las áreas perimetrales internas (desde las zonas de seguridad hasta el cerramiento). Consistente en desmonte y limpieza de zonas no boscosas. | C52: Ha | D52: 14 | E52: 1 | F52: 400000 | G52: =F52*E52*D52 -> 5600000 | H52: 500000 | I52: =D52*E52*H52 -> 7000000 | J52: 546300 | K52: =D52*E52*J52 -> 7648200 | L52: 390000 | M52: =D52*E52*L52 -> 5460000 | N52: 415000 | O52: =D52*E52*N52 -> 5810000 | P52: =300000*1.0317*1.0373*1.0244*1.0194*1.0366*1.0677*1.0575 -> 392404.6 | Q52: =D52*E52*P52 -> 5493664.3 | R52: =256861*1.0373*1.0244*1.0194*1.0366*1.0677*1.0575 -> 325654.86 | S52: =D52*E52*R52 -> 4559168.1 | T52: =326042*1.0244*1.0194*1.0366*1.0677*1.0575 -> 398500.22 | U52: =D52*E52*T52 -> 5579003.1 | V52: =340040*1.0194*1.0366*1.0677*1.0575 -> 405709.76 | W52: =D52*E52*V52 -> 5679936.7 | X52: =265072*1.0366*1.0677*1.0575 -> 310244.92 | Y52: =D52*E52*X52 -> 4343428.9 | Z52: =274070*1.0677*1.0575 -> 309450.45 | AA52: =D52*E52*Z52 -> 4332306.3 | AB52: =321631*1.0575 -> 340124.78 | AC52: =D52*E52*AB52 -> 4761747 | AD52: =ROUND((AVERAGE(F52,H52,J52,L52,N52,P52,R52,T52,V52,X52,Z52,AB52)),0) -> 394449 | AE52: =ROUND((D52*E52*AD52),0) -> 5522286 | AF52: =ROUND((MEDIAN(F52,H52,J52,L52,N52,P52,R52,T52,V52,X52,Z52,AB52)),0) -> 395452 | AG52: =ROUND((D52*E52*AF52),0) -> 5536328 | AH52: =ROUND((HARMEAN(F52,H52,J52,L52,N52,P52,R52,T52,V52,X52,Z52,AB52)),0) -> 383479 | AI52: =ROUND((D52*E52*AH52),0) -> 5368706 | AJ52: =ROUND((GEOMEAN(F52,H52,J52,L52,N52,P52,R52,T52,V52,X52,Z52,AB52)),0) -> 388795 | AK52: =ROUND((D52*E52*AJ52),0) -> 5443130
W53: =D53*E53*V53 -> 0
B55: Costo | G55: =SUM(G52:G52) -> 5600000 | I55: =SUM(I52:I52) -> 7000000 | K55: =SUM(K52:K52) -> 7648200 | M55: =SUM(M52:M52) -> 5460000 | O55: =SUM(O52:O52) -> 5810000 | Q55: =SUM(Q52:Q52) -> 5493664.3 | S55: =SUM(S52:S52) -> 4559168.1 | U55: =SUM(U52:U52) -> 5579003.1 | W55: =SUM(W52:W52) -> 5679936.7 | Y55: =SUM(Y52:Y52) -> 4343428.9 | AA55: =SUM(AA52:AA52) -> 4332306.3 | AC55: =SUM(AC52:AC52) -> 4761747 | AE55: =ROUND(SUM(AE52:AE52),0) -> 5522286 | AG55: =ROUND(SUM(AG52:AG52),0) -> 5536328 | AI55: =ROUND(SUM(AI52:AI52),0) -> 5368706 | AK55: =ROUND(SUM(AK52:AK52),0) -> 5443130
B56: IVA del 16% | E56: 0.16 | G56: =G55*E56 -> 896000 | H56: 0.16 | I56: =I55*H56 -> 1120000 | J56: 0.16 | K56: =K55*J56 -> 1223712 | L56: 0.16 | M56: =M55*L56 -> 873600 | N56: 0.16 | O56: =O55*N56 -> 929600 | P56: 0.16 | Q56: =Q55*P56 -> 878986.3 | R56: 0.16 | S56: =S55*R56 -> 729466.9 | T56: 0.16 | U56: =U55*T56 -> 892640.5 | V56: 0.16 | W56: =W55*V56 -> 908789.87 | X56: 0.16 | Y56: =Y55*X56 -> 694948.62 | Z56: 0.16 | AA56: =AA55*Z56 -> 693169.01 | AB56: 0.16 | AC56: =AC55*AB56 -> 761879.51 | AD56: 0.16 | AE56: =ROUND(AE55*AD56,0) -> 883566 | AF56: 0.16 | AG56: =ROUND(AG55*AF56,0) -> 885812 | AH56: 0.16 | AI56: =ROUND(AI55*AH56,0) -> 858993 | AJ56: 0.16 | AK56: =ROUND(AK55*AJ56,0) -> 870901
B57: TOTAL (1) | G57: =SUM(G55:G56) -> 6496000 | I57: =SUM(I55:I56) -> 8120000 | K57: =SUM(K55:K56) -> 8871912 | M57: =SUM(M55:M56) -> 6333600 | O57: =SUM(O55:O56) -> 6739600 | Q57: =SUM(Q55:Q56) -> 6372650.6 | S57: =SUM(S55:S56) -> 5288635 | U57: =SUM(U55:U56) -> 6471643.7 | W57: =SUM(W55:W56) -> 6588726.6 | Y57: =SUM(Y55:Y56) -> 5038377.5 | AA57: =SUM(AA55:AA56) -> 5025475.3 | AC57: =SUM(AC55:AC56) -> 5523626.5 | AE57: =SUM(AE55:AE56) -> 6405852 | AG57: =SUM(AG55:AG56) -> 6422140 | AI57: =SUM(AI55:AI56) -> 6227699 | AK57: =SUM(AK55:AK56) -> 6314031
A59: =UPPER("OBJETO: Contratar el mantenimiento de las zonas de seguridad y canales del aeropuerto de Gustavo Rojas Pinilla de Cimitarra - Santander") -> OBJETO: CONTRATAR EL MANTENIMIENTO DE LAS ZONAS DE SEGURIDAD Y CANALES DEL AEROPUERTO DE GUSTAVO ROJAS PINILLA DE CIMITARRA - SANTANDER
A60: ESTUDIO DE MERCADO
B61: FECHA : ENERO 11 DE 2017 | F61: FRANCISCO ALVAREZ PEREZ | H61: CARLOS SALAZAR GÓMEZ | J61: CARLOS CASTRO VEGA | L61: JUAN CARLOS ORTIZ LÓPEZ | N61: OSCAR MUÑOZ CORREA | P61: PROMEDIO PROPUESTAS PRESENTADAS CONTRATACIÒN 10000248 OR 2010 INCREMENTÁNDOLAS AL IPC 3,17% DE 2010, 3,73% DE 2011, 2,44% DE 2012, 1,94 DE 2013, 3,66% DE 2014, 6,77% DE 2015 Y 5,75% DE 2016 | R61: PROMEDIO PROPUESTAS PRESENTADAS CONTRATACIÒN 11000064-OR DE 2011 INCREMENTÁNDOLAS AL IPC 3,73% DE 2011, 2,44% DE 2012, 1,94 DE 2013, 3,66% DE 2014, 6,77% DE 2015 Y 5,75% DE 2016 | T61: PROMEDIO PROPUESTAS PRESENTADAS CONTRATACIÒN 120000179 OR 2012 INCREMENTÁNDOLAS AL IPC 2,44% DE 2012, 1,94 DE 2013, 3,66% DE 2014, 6,77% DE 2015 Y 5,75% DE 2016 | V61: PROMEDIO PROPUESTAS PRESENTADAS CONTRATACIÒN 13000208 OR 2013 INCREMENTÁNDOLAS AL IPC 2,44% DE 2012, 1,94 DE 2013, 3,66% DE 2014, 6,77% DE 2015 Y 5,75% DE 2016 | X61: PROMEDIO PROPUESTAS PRESENTADAS CONTRATACIÒN 14000026 OI 2014 INCREMENTADOLAS AL IPC 3,66% DE 2014, 6,77% DE 2015 Y 5,75% DE 2016 | Z61: PROMEDIO PROPUESTAS PRESENTADAS CONTRATACIÒN 150000048 OI 2015 INCREMENTADOLAS AL IPC 6,77% DE 2015 Y 5,75% DE 2016 | AB61: PROMEDIO PROPUESTAS PRESENTADAS CONTRATACIÒN 30016019 INCREMENTADOLAS AL IPC 5,75% DE 2015. | AD61: PROMEDIO | AF61: MEDIANA | AH61: MEDIA ARMÓNICA | AJ61: MEDIA GEOMÉTRICA
A62: ÍTEM | B62: DESCRIPCIÓN | C62: Und | D62: Cant | E62: Rondas | F62: Valor Unitario | G62: TOTAL | H62: Valor Unitario | I62: TOTAL | J62: Valor Unitario | K62: TOTAL | L62: Valor Unitario | M62: TOTAL | N62: Valor Unitario | O62: TOTAL | P62: Valor Unitario | Q62: TOTAL | R62: Valor Unitario | S62: TOTAL | T62: Valor Unitario | U62: TOTAL | V62: Valor Unitario | W62: TOTAL | X62: Valor Unitario | Y62: TOTAL | Z62: Valor Unitario | AA62: TOTAL | AB62: Valor Unitario | AC62: TOTAL | AD62: Valor Unitario | AE62: TOTAL | AF62: Valor Unitario | AG62: TOTAL | AH62: Valor Unitario | AI62: TOTAL | AJ62: Valor Unitario | AK62: TOTAL
A63: 5 | B63: Mantenimiento de zonas verdes. Roceria: zonas de seguridad y demas areas del aeropuerto, incluyendo la limpieza de las áreas perimetrales internas (desde las zonas de seguridad hasta el cerramiento). Consistente en desmonte y limpieza de zonas no boscosas. | C63: Ha | D63: 24.85 | E63: 1 | F63: 400000 | G63: =F63*E63*D63 -> 9940000 | H63: 500000 | I63: =D63*E63*H63 -> 12425000 | J63: 485000 | K63: =D63*E63*J63 -> 12052250 | L63: 390000 | M63: =D63*E63*L63 -> 9691500 | N63: 415000 | O63: =D63*E63*N63 -> 10312750 | P63: =301327*1.0317*1.0373*1.0244*1.0194*1.0366*1.0677*1.0575 -> 394140.33 | Q63: =D63*E63*P63 -> 9794387.3 | R63: =287884*1.0373*1.0244*1.0194*1.0366*1.0677*1.0575 -> 364986.61 | S63: =D63*E63*R63 -> 9069917.2 | T63: =231829*1.0244*1.0194*1.0366*1.0677*1.0575 -> 283349.72 | U63: =D63*E63*T63 -> 7041240.5 | V63: =239143*1.0194*1.0366*1.0677*1.0575 -> 285327.17 | W63: =D63*E63*V63 -> 7090380.1 | X63: =250078*1.0366*1.0677*1.0575 -> 292695.68 | Y63: =D63*E63*X63 -> 7273487.6 | Z63: =261096*1.0677*1.0575 -> 294801.6 | AA63: =D63*E63*Z63 -> 7325819.8 | AB63: =300226*1.0575 -> 317489 | AC63: =ROUND((D63*E63*AB63),0) -> 7889602 | AD63: =ROUND((AVERAGE(F63,H63,J63,L63,N63,P63,R63,T63,V63,X63,Z63,AB63)),0) -> 368566 | AE63: =ROUND((D63*E63*AD63),0) -> 9158865 | AF63: =ROUND((MEDIAN(F63,H63,J63,L63,N63,P63,R63,T63,V63,X63,Z63,AB63)),0) -> 377493 | AG63: =ROUND((D63*E63*AF63),0) -> 9380701 | AH63: =ROUND((HARMEAN(F63,H63,J63,L63,N63,P63,R63,T63,V63,X63,Z63,AB63)),0) -> 354978 | AI63: =ROUND((D63*E63*AH63),0) -> 8821203 | AJ63: =ROUND((GEOMEAN(F63,H63,J63,L63,N63,P63,R63,T63,V63,X63,Z63,AB63)),0) -> 361629 | AK63: =ROUND((D63*E63*AJ63),0) -> 8986481
B65: Costo | G65: =SUM(G63:G63) -> 9940000 | I65: =SUM(I63:I63) -> 12425000 | K65: =SUM(K63:K63) -> 12052250 | M65: =SUM(M63:M63) -> 9691500 | O65: =SUM(O63:O63) -> 10312750 | Q65: =SUM(Q63:Q63) -> 9794387.3 | S65: =SUM(S63:S63) -> 9069917.2 | U65: =SUM(U63:U63) -> 7041240.5 | W65: =SUM(W63:W63) -> 7090380.1 | Y65: =SUM(Y63:Y63) -> 7273487.6 | AA65: =SUM(AA63:AA63) -> 7325819.8 | AC65: =SUM(AC63:AC63) -> 7889602 | AE65: =SUM(AE63:AE63) -> 9158865 | AG65: =SUM(AG63:AG63) -> 9380701 | AI65: =SUM(AI63:AI63) -> 8821203 | AK65: =SUM(AK63:AK63) -> 8986481
B66: IVA del 16% | F66: 0.16 | G66: =G65*F66 -> 1590400 | H66: 0.16 | I66: =I65*H66 -> 1988000 | J66: 0.16 | K66: =K65*J66 -> 1928360 | L66: 0.16 | M66: =M65*L66 -> 1550640 | N66: 0.16 | O66: =O65*N66 -> 1650040 | P66: 0.16 | Q66: =Q65*P66 -> 1567102 | R66: 0.16 | S66: =S65*R66 -> 1451186.7 | T66: 0.16 | U66: =U65*T66 -> 1126598.5 | V66: 0.16 | W66: =W65*V66 -> 1134460.8 | X66: 0.16 | Y66: =Y65*X66 -> 1163758 | Z66: 0.16 | AA66: =AA65*Z66 -> 1172131.2 | AB66: 0.16 | AC66: =ROUND(AC65*AB66,0) -> 1262336 | AD66: 0.16 | AE66: =ROUND(AE65*AD66,0) -> 1465418 | AF66: 0.16 | AG66: =ROUND(AG65*AF66,0) -> 1500912 | AH66: 0.16 | AI66: =ROUND(AI65*AH66,0) -> 1411392 | AJ66: 0.16 | AK66: =ROUND(AK65*AJ66,0) -> 1437837
B67: TOTAL (2) | G67: =SUM(G65:G66) -> 11530400 | I67: =SUM(I65:I66) -> 14413000 | K67: =SUM(K65:K66) -> 13980610 | M67: =SUM(M65:M66) -> 11242140 | O67: =SUM(O65:O66) -> 11962790 | Q67: =SUM(Q65:Q66) -> 11361489 | S67: =SUM(S65:S66) -> 10521104 | U67: =SUM(U65:U66) -> 8167839 | W67: =SUM(W65:W66) -> 8224840.9 | Y67: =SUM(Y65:Y66) -> 8437245.6 | AA67: =SUM(AA65:AA66) -> 8497950.9 | AC67: =SUM(AC65:AC66) -> 9151938 | AE67: =SUM(AE65:AE66) -> 10624283 | AG67: =SUM(AG65:AG66) -> 10881613 | AI67: =SUM(AI65:AI66) -> 10232595 | AK67: =SUM(AK65:AK66) -> 10424318
A70: =UPPER("OBJETO:Mantenimiento de las zonas seguridad y canales del aeropuerto Mandinga de Condoto - Chocó") -> OBJETO:MANTENIMIENTO DE LAS ZONAS SEGURIDAD Y CANALES DEL AEROPUERTO MANDINGA DE CONDOTO - CHOCÓ
A71: ESTUDIO DE MERCADO
B72: FECHA : ENERO 12 DE 2017 | F72: FRANCISCO ALVAREZ PEREZ | H72: CARLOS SALAZAR GÓMEZ | J72: CARLOS CASTRO VEGA | L72: JUAN CARLOS ORTIZ LÓPEZ | N72: OSCAR MUÑOZ CORREA | P72: PROMEDIO PROPUESTAS PRESENTADAS CONTRATACIÒN 10000040-OI 2010 INCREMENTADOLAS AL IPC 3,17% DE 2010, 3,73% DE 2011, 2,44% DE 2012, 1,94 DE 2013, 3,66% DE 2014, 6,77% DE 2015 Y 5,75% DE 2016 | R72: PROMEDIO PROPUESTAS PRESENTADAS CONTRATACIÒN 11000008 OI 2011 INCREMENTADOLAS AL IPC 3,73% DE 2011, 2,44% DE 2012, 1,94 DE 2013, 3,66% DE 2014, 6,77% DE 2015 Y 5,75% DE 2016 | T72: PROMEDIO PROPUESTAS PRESENTADAS CONTRATACIÒN 120000016 OI 2012 INCREMENTADOLAS AL IPC 2,44% DE 2012, 1,94 DE 2013, 3,66% DE 2014, 6,77% DE 2015 Y 5,75% DE 2016 | V72: PROMEDIO PROPUESTAS PRESENTADAS CONTRATACIÒN 130000029 OI 2013 INCREMENTADOLAS AL IPC 1,94 DE 2013, 3,66% DE 2014, 6,77% DE 2015 Y 5,75% DE 2016 | Z72: PROMEDIO PROPUESTAS PRESENTADAS CONTRATACIÒN 140000029 OI 2014 INCREMENTADOLAS AL IPC 3,66% DE 2014, 6,77% DE 2015 Y 5,75% DE 2016 | AB72: PROMEDIO PROPUESTAS PRESENTADAS CONTRATACIÒN 150000047 OI 2015 INCREMENTADOLAS AL IPC 6,77% DE 2015 Y 5,75% DE 2016 | AD72: PROMEDIO PROPUESTAS PRESENTADAS CONTRATACIÒN 30016021 INCREMENTADOLAS AL IPC 5,75% DE 2015. | AF72: PROMEDIO | AH72: MEDIANA | AJ72: MEDIA ARMONICA | AL72: MEDIA GEOMETRICA
A73: ÍTEM | B73: DESCRIPCIÓN | C73: Und | D73: Cant | E73: Rondas | F73: Valor Unitario | G73: TOTAL | H73: Valor Unitario | I73: TOTAL | J73: Valor Unitario | K73: TOTAL | L73: Valor Unitario | M73: TOTAL | N73: Valor Unitario | O73: TOTAL | P73: Valor Unitario | Q73: TOTAL | R73: Valor Unitario | S73: TOTAL | T73: Valor Unitario | U73: TOTAL | V73: Valor Unitario | W73: TOTAL | X73: Valor Unitario | Y73: TOTAL | Z73: Valor Unitario | AA73: TOTAL | AB73: Valor Unitario | AC73: TOTAL | AD73: Valor Unitario | AE73: TOTAL | AF73: Valor Unitario | AG73: TOTAL | AH73: Valor Unitario | AI73: TOTAL | AJ73: Valor Unitario | AK73: TOTAL | AL73: Valor Unitario | AM73: TOTAL
A74: 1 | B74: Mantenimiento de zonas verdes. Roceria: zonas de seguridad y demas areas del aeropuerto, incluyendo la limpieza de las áreas perimetrales internas (desde las zonas de seguridad hasta el cerramiento). Consistente en desmonte y limpieza de zonas no boscosas. | C74: Ha | D74: 32 | E74: 1 | F74: 400000 | G74: =F74*E74*D74 -> 12800000 | H74: 500000 | I74: =D74*E74*H74 -> 16000000 | J74: 546300 | K74: =D74*E74*J74 -> 17481600 | L74: 390000 | M74: =D74*E74*L74 -> 12480000 | N74: 415000 | O74: =D74*E74*N74 -> 13280000 | P74: =323438*1.0317*1.0373*1.0244*1.0194*1.0366*1.0677*1.0575 -> 423061.86 | Q74: =D74*E74*P74 -> 13537979 | R74: =250000*1.0373*1.0244*1.0194*1.0366*1.0677*1.0575 -> 316956.31 | S74: =D74*E74*R74 -> 10142602 | T74: =293937*1.0244*1.0194*1.0366*1.0677*1.0575 -> 359260.34 | U74: =D74*E74*T74 -> 11496331 | V74: =363335*1.0194*1.0366*1.0677*1.0575 -> 433503.58 | W74: =D74*E74*V74 -> 13872115 | Y74: =D74*E74*X74 -> 0 | Z74: =268008*1.0366*1.0677*1.0575 -> 313681.27 | AA74: =D74*E74*Z74 -> 10037800 | AB74: =270408*1.0677*1.0575 -> 305315.71 | AC74: =D74*E74*AB74 -> 9770102.8 | AD74: =322396*1.0575 -> 340933.77 | AE74: =D74*E74*AD74 -> 10909881 | AF74: =ROUND((AVERAGE(F74,H74,J74,L74,N74,P74,R74,T74,V74,Z74,AB74,AD74)),0) -> 395334 | AG74: =ROUND((D74*E74*AF74),0) -> 12650688 | AH74: =ROUND((MEDIAN(H74,F74,J74,L74,N74,P74,R74,T74,V74,Z74,AB74,AD74)),0) -> 395000 | AI74: =ROUND((D74*E74*AH74),0) -> 12640000 | AJ74: =ROUND((HARMEAN(F74,H74,J74,L74,N74,P74,R74,T74,V74,Z74,AB74,AD74)),0) -> 383269 | AK74: =ROUND((D74*E74*AJ74),0) -> 12264608 | AL74: =ROUND((GEOMEAN(F74,H74,J74,L74,N74,P74,R74,T74,V74,Z74,AB74,AD74)),0) -> 389141 | AM74: =ROUND((D74*E74*AL74),0) -> 12452512
W75: =D75*E75*V75 -> 0
B77: Costo | G77: =SUM(G74:G74) -> 12800000 | I77: =SUM(I74:I74) -> 16000000 | K77: =SUM(K74:K74) -> 17481600 | M77: =SUM(M74:M74) -> 12480000 | O77: =SUM(O74:O74) -> 13280000 | Q77: =SUM(Q74:Q74) -> 13537979 | S77: =SUM(S74:S74) -> 10142602 | U77: =SUM(U74:U74) -> 11496331 | W77: =SUM(W74:W74) -> 13872115 | Y77: =SUM(Y74:Y74) -> 0 | AA77: =SUM(AA74:AA74) -> 10037800 | AC77: =SUM(AC74:AC74) -> 9770102.8 | AE77: =SUM(AE74:AE74) -> 10909881 | AG77: =ROUND(SUM(AG74:AG74),0) -> 12650688 | AI77: =ROUND(SUM(AI74:AI74),0) -> 12640000 | AK77: =ROUND(SUM(AK74:AK74),0) -> 12264608 | AM77: =ROUND(SUM(AM74:AM74),0) -> 12452512
B78: IVA del 16% | E78: 0.16 | G78: =G77*E78 -> 2048000 | H78: 0.16 | I78: =I77*H78 -> 2560000 | J78: 0.16 | K78: =K77*J78 -> 2797056 | L78: 0.16 | M78: =M77*L78 -> 1996800 | N78: 0.16 | O78: =O77*N78 -> 2124800 | P78: 0.16 | Q78: =Q77*P78 -> 2166076.7 | R78: 0.16 | S78: =S77*R78 -> 1622816.3 | T78: 0.16 | U78: =U77*T78 -> 1839413 | V78: 0.16 | W78: =W77*V78 -> 2219538.3 | X78: 0.16 | Y78: =Y77*X78 -> 0 | Z78: 0.16 | AA78: =AA77*Z78 -> 1606048.1 | AB78: 0.16 | AC78: =AC77*AB78 -> 1563216.4 | AD78: 0.16 | AE78: =AE77*AD78 -> 1745580.9 | AF78: 0.16 | AG78: =ROUND(AG77*AF78,0) -> 2024110 | AH78: 0.16 | AI78: =ROUND(AI77*AH78,0) -> 2022400 | AJ78: 0.16 | AK78: =ROUND(AK77*AJ78,0) -> 1962337 | AL78: 0.16 | AM78: =ROUND(AM77*AL78,0) -> 1992402
B79: TOTAL (1) | G79: =SUM(G77:G78) -> 14848000 | I79: =SUM(I77:I78) -> 18560000 | K79: =SUM(K77:K78) -> 20278656 | M79: =SUM(M77:M78) -> 14476800 | O79: =SUM(O77:O78) -> 15404800 | Q79: =SUM(Q77:Q78) -> 15704056 | S79: =SUM(S77:S78) -> 11765418 | U79: =SUM(U77:U78) -> 13335744 | W79: =SUM(W77:W78) -> 16091653 | Y79: =SUM(Y77:Y78) -> 0 | AA79: =SUM(AA77:AA78) -> 11643849 | AC79: =SUM(AC77:AC78) -> 11333319 | AE79: =SUM(AE77:AE78) -> 12655462 | AG79: =SUM(AG77:AG78) -> 14674798 | AI79: =SUM(AI77:AI78) -> 14662400 | AK79: =SUM(AK77:AK78) -> 14226945 | AM79: =SUM(AM77:AM78) -> 14444914
A82: =UPPER("OBJETO:CONTRATAR EL MANTENIMIENTO DE ZONAS DE SEGURIDAD Y CANALES DEL AEROPUERTO JOSE MARIA CORDOVA DE RIONEGRO") -> OBJETO:CONTRATAR EL MANTENIMIENTO DE ZONAS DE SEGURIDAD Y CANALES DEL AEROPUERTO JOSE MARIA CORDOVA DE RIONEGRO
A83: ESTUDIO DE MERCADO
B84: FECHA : ENERO 12 DE 2017 | F84: FRANCISCO ALVAREZ PEREZ | H84: CARLOS SALAZAR GÓMEZ | J84: CARLOS CASTRO VEGA | L84: JUAN CARLOS ORTIZ LÓPEZ | N84: OSCAR MUÑOZ CORREA | X84: PROMEDIO PROPUESTAS PRESENTADAS CONTRATACIÒN 140000036 OI 2014 INCREMENTADOLAS AL IPC 3,66% DE 2014, 6,77% DE 2015 Y 5,75% DE 2016 | Z84: PROMEDIO PROPUESTAS PRESENTADAS CONTRATACIÒN 150000047 OI 2015 INCREMENTADOLAS AL IPC 6,77% DE 2015 Y 5,75% DE 2016 | AB84: PROMEDIO PROPUESTAS PRESENTADAS CONTRATACIÒN 30016021 INCREMENTADOLAS AL IPC 5,75% DE 2015. | AD84: PROMEDIO | AF84: MEDIANA | AH84: MEDIA ARMÓNICA | AJ84: MEDIA GEOMÉTRICA
A85: ÍTEM | B85: DESCRIPCIÓN | C85: Und | D85: Cant | E85: Rondas | F85: Valor Unitario | G85: TOTAL | H85: Valor Unitario | I85: TOTAL | J85: Valor Unitario | K85: TOTAL | L85: Valor Unitario | M85: TOTAL | N85: Valor Unitario | O85: TOTAL | P85: Valor Unitario | Q85: TOTAL | R85: Valor Unitario | S85: TOTAL | T85: Valor Unitario | U85: TOTAL | V85: Valor Unitario | W85: TOTAL | X85: Valor Unitario | Y85: TOTAL | Z85: Valor Unitario | AA85: TOTAL | AB85: Valor Unitario | AC85: TOTAL | AD85: Valor Unitario | AE85: TOTAL | AF85: Valor Unitario | AG85: TOTAL | AH85: Valor Unitario | AI85: TOTAL | AJ85: Valor Unitario | AK85: TOTAL
A86: 8 | B86: Mantenimiento de zonas verdes. Roceria: zonas de seguridad y demas areas del aeropuerto, incluyendo la limpieza de las áreas perimetrales internas (desde las zonas de seguridad hasta el cerramiento). Consistente en desmonte y limpieza de zonas no boscosas. Vía de acceso al aeropuerto, vía de acceso a Casa Vacacional Rionego y Casa Vacacional Rionegro. | C86: Ha | D86: =(20000+35000+1000*5*2)/10000 -> 6.5 | E86: 1 | F86: 400000 | G86: =F86*E86*D86 -> 2600000 | H86: 500000 | I86: =D86*E86*H86 -> 3250000 | J86: 546300 | K86: =D86*E86*J86 -> 3550950 | L86: 390000 | M86: =D86*E86*L86 -> 2535000 | N86: 415000 | O86: =D86*E86*N86 -> 2697500 | Q86: =D86*E86*P86 -> 0 | S86: =D86*E86*R86 -> 0 | U86: =D86*E86*T86 -> 0 | W86: =D86*E86*V86 -> 0 | X86: =252094*1.0366*1.0677*1.0575 -> 295055.24 | Y86: =D86*E86*X86 -> 1917859.1 | Z86: =257302*1.0677*1.0575 -> 290517.82 | AA86: =D86*E86*Z86 -> 1888365.8 | AB86: =304560*1.0575 -> 322072.2 | AC86: =ROUND((D86*E86*AB86),0) -> 2093469 | AD86: =ROUND((AVERAGE(F86,H86,J86,L86,N86,X86,Z86,AB86)),0) -> 394868 | AE86: =ROUND((D86*E86*AD86),0) -> 2566642 | AF86: =ROUND((MEDIAN(F86,H86,J86,L86,N86,X86,Z86,AB86)),0) -> 395000 | AG86: =ROUND((D86*E86*AF86),0) -> 2567500 | AH86: =ROUND((HARMEAN(F86,H86,J86,L86,N86,X86,Z86,AB86)),0) -> 376640 | AI86: =ROUND((D86*E86*AH86),0) -> 2448160 | AJ86: =ROUND((GEOMEAN(F86,H86,J86,L86,N86,X86,Z86,AB86)),0) -> 385545 | AK86: =ROUND((D86*E86*AJ86),0) -> 2506043
B88: Costo | G88: =SUM(G86:G86) -> 2600000 | I88: =SUM(I86:I86) -> 3250000 | K88: =SUM(K86:K86) -> 3550950 | M88: =SUM(M86:M86) -> 2535000 | O88: =SUM(O86:O86) -> 2697500 | Q88: =SUM(Q86:Q86) -> 0 | S88: =SUM(S86:S86) -> 0 | U88: =SUM(U86:U86) -> 0 | W88: =SUM(W86:W86) -> 0 | Y88: =SUM(Y86:Y86) -> 1917859.1 | AA88: =SUM(AA86:AA86) -> 1888365.8 | AC88: =SUM(AC86:AC86) -> 2093469 | AE88: =SUM(AE86:AE86) -> 2566642 | AG88: =SUM(AG86:AG86) -> 2567500 | AI88: =SUM(AI86:AI86) -> 2448160 | AK88: =SUM(AK86:AK86) -> 2506043
B89: IVA del 16% | F89: 0.16 | G89: =G88*F89 -> 416000 | H89: 0.16 | I89: =I88*H89 -> 520000 | J89: 0.16 | K89: =K88*J89 -> 568152 | L89: 0.16 | M89: =M88*L89 -> 405600 | N89: 0.16 | O89: =O88*N89 -> 431600 | P89: 0.16 | Q89: =Q88*P89 -> 0 | R89: 0.16 | S89: =S88*R89 -> 0 | T89: 0.16 | U89: =U88*T89 -> 0 | V89: 0.16 | W89: =W88*V89 -> 0 | X89: 0.16 | Y89: =Y88*X89 -> 306857.45 | Z89: 0.16 | AA89: =AA88*Z89 -> 302138.54 | AB89: 0.16 | AC89: =ROUND(AC88*AB89,0) -> 334955 | AD89: 0.16 | AE89: =ROUND(AE88*AD89,0) -> 410663 | AF89: 0.16 | AG89: =ROUND(AG88*AF89,0) -> 410800 | AH89: 0.16 | AI89: =ROUND(AI88*AH89,0) -> 391706 | AJ89: 0.16 | AK89: =ROUND(AK88*AJ89,0) -> 400967
B90: TOTAL (2) | G90: =SUM(G88:G89) -> 3016000 | I90: =SUM(I88:I89) -> 3770000 | K90: =SUM(K88:K89) -> 4119102 | M90: =SUM(M88:M89) -> 2940600 | O90: =SUM(O88:O89) -> 3129100 | Q90: =SUM(Q88:Q89) -> 0 | S90: =SUM(S88:S89) -> 0 | U90: =SUM(U88:U89) -> 0 | W90: =SUM(W88:W89) -> 0 | Y90: =SUM(Y88:Y89) -> 2224716.5 | AA90: =SUM(AA88:AA89) -> 2190504.4 | AC90: =SUM(AC88:AC89) -> 2428424 | AE90: =SUM(AE88:AE89) -> 2977305 | AG90: =SUM(AG88:AG89) -> 2978300 | AI90: =SUM(AI88:AI89) -> 2839866 | AK90: =SUM(AK88:AK89) -> 2907010
A93: =UPPER("OBJETO:Contratar el Mantenimiento de las zonas seguridad y canales del aeropuerto Reyes Murillo de Nuqui - Chocó") -> OBJETO:CONTRATAR EL MANTENIMIENTO DE LAS ZONAS SEGURIDAD Y CANALES DEL AEROPUERTO REYES MURILLO DE NUQUI - CHOCÓ
A94: ESTUDIO DE MERCADO
B95: FECHA : ENERO 13 DE 2017 | F95: FRANCISCO ALVAREZ PEREZ | H95: CARLOS SALAZAR GÓMEZ | J95: CARLOS CASTRO VEGA | L95: JUAN CARLOS ORTIZ LÓPEZ | N95: OSCAR MUÑOZ CORREA | P95: PROMEDIO PROPUESTAS PRESENTADAS CONTRATACIÒN 10000041-OI 2010 INCREMENTADOLAS AL IPC 3,17% DE 2010, 3,73% DE 2011, 2,44% DE 2012, 1,94 DE 2013, 3,66% DE 2014, 6,77% DE 2015 Y 5,75% DE 2016 | R95: PROMEDIO PROPUESTAS PRESENTADAS CONTRATACIÒN 11000173 OI 2011 INCREMENTADOLAS AL IPC 3,73% DE 2011, 2,44% DE 2012, 1,94 DE 2013, 3,66% DE 2014, 6,77% DE 2015 Y 5,75% DE 2016 | T95: PROMEDIO PROPUESTAS PRESENTADAS CONTRATACIÒN 120000018 OI 2012 INCREMENTADOLAS AL IPC 2,44% DE 2012, 1,94 DE 2013, 3,66% DE 2014, 6,77% DE 2015 Y 5,75% DE 2016 | V95: PROMEDIO PROPUESTAS PRESENTADAS CONTRATACIÒN 130000198 OR 2013 INCREMENTADOLAS AL IPC 1,94 DE 2013, 3,66% DE 2014, 6,77% DE 2015 Y 5,75% DE 2016 | X95: PROMEDIO PROPUESTAS PRESENTADAS CONTRATACIÒN 130000028 OI 2013 INCREMENTADOLAS AL IPC 1,94 DE 2013, 3,66% DE 2014, 6,77% DE 2015 Y 5,75% DE 2016 | Z95: PROMEDIO PROPUESTAS PRESENTADAS CONTRATACIÒN 140000033 OI 2014 INCREMENTADOLAS AL IPC 3,66% DE 2014, 6,77% DE 2015 Y 5,75% DE 2016 | AB95: PROMEDIO PROPUESTAS PRESENTADAS CONTRATACIÒN 150000051 OI 2015 INCREMENTADOLAS AL IPC 6,77% DE 2015 Y 5,75% DE 2016 | AD95: PROMEDIO PROPUESTAS PRESENTADAS CONTRATACIÒN 30016032 INCREMENTADOLAS AL IPC 5,75% DE 2015. | AF95: PROMEDIO | AH95: MEDIANA | AJ95: MEDIA ARMONICA | AL95: MEDIA GEOMETRICA
A96: ÍTEM | B96: DESCRIPCIÓN | C96: Und | D96: Cant | E96: Rondas | F96: Valor Unitario | G96: TOTAL | H96: Valor Unitario | I96: TOTAL | J96: Valor Unitario | K96: TOTAL | L96: Valor Unitario | M96: TOTAL | N96: Valor Unitario | O96: TOTAL | P96: Valor Unitario | Q96: TOTAL | R96: Valor Unitario | S96: TOTAL | T96: Valor Unitario | U96: TOTAL | V96: Valor Unitario | W96: TOTAL | X96: Valor Unitario | Y96: TOTAL | Z96: Valor Unitario | AA96: TOTAL | AB96: Valor Unitario | AC96: TOTAL | AD96: Valor Unitario | AE96: TOTAL | AF96: Valor Unitario | AG96: TOTAL | AH96: Valor Unitario | AI96: TOTAL | AJ96: Valor Unitario | AK96: TOTAL | AL96: Valor Unitario | AM96: TOTAL
A97: 1 | B97: Mantenimiento de zonas verdes. Roceria: zonas de seguridad y demas areas del aeropuerto, incluyendo la limpieza de las áreas perimetrales internas (desde las zonas de seguridad hasta el cerramiento). Consistente en desmonte y limpieza de zonas no boscosas. | C97: Ha | D97: 16 | E97: 1 | F97: 400000 | G97: =D97*E97*F97 -> 6400000 | H97: 500000 | I97: =D97*E97*H97 -> 8000000 | J97: 546300 | K97: =D97*E97*J97 -> 8740800 | L97: 390000 | M97: =D97*E97*L97 -> 6240000 | N97: 415000 | O97: =D97*E97*N97 -> 6640000 | P97: =301700*1.0317*1.0373*1.0244*1.0194*1.0366*1.0677*1.0575 -> 394628.22 | Q97: =D97*E97*P97 -> 6314051.6 | R97: =345000*1.0373*1.0244*1.0194*1.0366*1.0677*1.0575 -> 437399.71 | S97: =D97*E97*R97 -> 6998395.4 | T97: =227519*1.0244*1.0194*1.0366*1.0677*1.0575 -> 278081.88 | U97: =D97*E97*T97 -> 4449310.1 | V97: =312176*1.0194*1.0366*1.0677*1.0575 -> 372464.57 | W97: =D97*E97*V97 -> 5959433.1 | X97: =347143*1.0194*1.0366*1.0677*1.0575 -> 414184.52 | Y97: =D97*E97*X97 -> 6626952.3 | Z97: =297591*1.0366*1.0677*1.0575 -> 348305.73 | AA97: =D97*E97*Z97 -> 5572891.6 | AB97: =280294*1.0677*1.0575 -> 316477.92 | AC97: =D97*E97*AB97 -> 5063646.8 | AD97: =354880*1.0575 -> 375285.6 | AE97: =D97*E97*AD97 -> 6004569.6 | AF97: =ROUND((AVERAGE(F97,H97,J97,L97,N97,P97,X97,R97,T97,V97,Z97,AB97,AD97)),0) -> 399087 | AG97: =ROUND((D97*E97*AF97),0) -> 6385392 | AH97: =ROUND((MEDIAN(H97,F97,J97,L97,N97,P97,R97,T97,V97,X97,Z97,AB97,AD97)),0) -> 394628 | AI97: =ROUND((D97*E97*AH97),0) -> 6314048 | AJ97: =ROUND((HARMEAN(F97,H97,J97,L97,N97,P97,R97,T97,V97,X97,Z97,AB97,AD97)),0) -> 387883 | AK97: =ROUND((D97*E97*AJ97),0) -> 6206128 | AL97: =ROUND((GEOMEAN(F97,H97,J97,L97,N97,P97,R97,T97,V97,X97,Z97,AB97,AD97)),0) -> 393464 | AM97: =ROUND((D97*E97*AL97),0) -> 6295424
B99: Costo | G99: =SUM(G97:G97) -> 6400000 | I99: =SUM(I97:I97) -> 8000000 | K99: =SUM(K97:K97) -> 8740800 | M99: =SUM(M97:M97) -> 6240000 | O99: =SUM(O97:O97) -> 6640000 | Q99: =SUM(Q97:Q97) -> 6314051.6 | S99: =SUM(S97:S97) -> 6998395.4 | U99: =SUM(U97:U97) -> 4449310.1 | W99: =SUM(W97:W97) -> 5959433.1 | Y99: =SUM(Y97:Y97) -> 6626952.3 | AA99: =SUM(AA97:AA97) -> 5572891.6 | AC99: =SUM(AC97:AC97) -> 5063646.8 | AE99: =SUM(AE97:AE97) -> 6004569.6 | AG99: =ROUND(SUM(AG97:AG97),0) -> 6385392 | AI99: =ROUND(SUM(AI97:AI97),0) -> 6314048 | AK99: =ROUND(SUM(AK97:AK97),0) -> 6206128 | AM99: =ROUND(SUM(AM97:AM97),0) -> 6295424
B100: IVA del 16% | E100: 0.16 | G100: =G99*E100 -> 1024000 | H100: 0.16 | I100: =I99*H100 -> 1280000 | J100: 0.16 | K100: =K99*J100 -> 1398528 | L100: 0.16 | M100: =M99*L100 -> 998400 | N100: 0.16 | O100: =O99*N100 -> 1062400 | P100: 0.16 | Q100: =Q99*P100 -> 1010248.2 | R100: 0.16 | S100: =S99*R100 -> 1119743.3 | T100: 0.16 | U100: =U99*T100 -> 711889.62 | V100: 0.16 | W100: =W99*V100 -> 953509.29 | X100: 0.16 | Y100: =Y99*X100 -> 1060312.4 | Z100: 0.16 | AA100: =AA99*Z100 -> 891662.66 | AB100: 0.16 | AC100: =AC99*AB100 -> 810183.48 | AD100: 0.16 | AE100: =AE99*AD100 -> 960731.14 | AF100: 0.16 | AG100: =ROUND(AG99*AF100,0) -> 1021663 | AH100: 0.16 | AI100: =ROUND(AI99*AH100,0) -> 1010248 | AJ100: 0.16 | AK100: =ROUND(AK99*AJ100,0) -> 992980 | AL100: 0.16 | AM100: =ROUND(AM99*AL100,0) -> 1007268
B101: TOTAL (1) | G101: =SUM(G99:G100) -> 7424000 | I101: =SUM(I99:I100) -> 9280000 | K101: =SUM(K99:K100) -> 10139328 | M101: =SUM(M99:M100) -> 7238400 | O101: =SUM(O99:O100) -> 7702400 | Q101: =SUM(Q99:Q100) -> 7324299.8 | S101: =SUM(S99:S100) -> 8118138.7 | U101: =SUM(U99:U100) -> 5161199.7 | W101: =SUM(W99:W100) -> 6912942.4 | Y101: =SUM(Y99:Y100) -> 7687264.7 | AA101: =SUM(AA99:AA100) -> 6464554.3 | AC101: =SUM(AC99:AC100) -> 5873830.3 | AE101: =SUM(AE99:AE100) -> 6965300.7 | AG101: =SUM(AG99:AG100) -> 7407055 | AI101: =SUM(AI99:AI100) -> 7324296 | AK101: =SUM(AK99:AK100) -> 7199108 | AM101: =SUM(AM99:AM100) -> 7302692
A104: =UPPER("OBJETO:CONTRATAR EL MANTENIMIENTO DE ZONAS DE SEGURIDAD Y CANALES DEL AEROPUERTO ALI PIEDRAHITA DE URRAO - ANTIOQUIA") -> OBJETO:CONTRATAR EL MANTENIMIENTO DE ZONAS DE SEGURIDAD Y CANALES DEL AEROPUERTO ALI PIEDRAHITA DE URRAO - ANTIOQUIA
A105: ESTUDIO DE MERCADO
